Workbook
Name _ftn5: methodology!$A$19
Name _ftn6: methodology!$A$20
Name _ftn7: methodology!$A$21
Name _ftn8: methodology!$A$22
Name _ftnref1: methodology!$A$12
Name _ftnref2: methodology!$A$13
Name _ftnref6: methodology!$A$15

Sheet Intro
A2: An analysis of the climate and financial benefits of rooftop solar arrays on Ontario’s single-family homes and the barriers to adoption
A4: This spreadsheet is designed to help the user understand the calculations made for the report titled "An analysis of the climate and financial benefits of rooftop solar arrays on Ontario's single-family homes and the barriers to adoption". Users also have the opportunity to change some of the assumptions and data points used and test the impacts on the outcomes.
A6: The input data sheet is where the raw data related to the rooftop solar arrays is shown alongside the data sources and any comments on that data. Users can change these values to test the impacts on the calculated outcomes.
A8: The utilitiy rates sheet is where the raw data related to utility rates are found while the quotes sheet shows quotes for the installed cost of rooftop solar arrays collected from homeowners and installers across Ontario. Users can change these values to test the impacts on the calculated outcomes.
A10: The outputs sheet show the calculated values that are derived from the input data and utility rates. These are used for the report's analysis. If a user changes the input data, the corresponding values in the outputs sheet will change. The outputs sheet is not designed to be altered by the user.
A12: The methodology sheet outlines the methodology used and lists the assumptions that were made in this analysis.
A14: Users can also review the calculations and raw solar data used for this analysis in the ON avg, Alectra, Toronto, Ottawa, London, Sudbury, emissions, and kWh per yr sheets.

Sheet input
A1: Input name and units | B1: input value | C1: notes and sources
A2: solar system size
A3: small size (kW) | B3: 5
A4: medium size (kW) | B4: 7.5
A5: large size (kW) | B5: 10
A7: inflation rate
A8: inflation rate | B8: 0
A9: discount rate | B9: 0.077
A11: upfront cost, not including connection fees
A12: 5kW | B12: =quotes!B$43+input!B3*quotes!B$42 -> 18238.44
A13: 7.5 kW | B13: =quotes!B$43+input!B4*quotes!B$42 -> 23678.022
A14: 10 kW | B14: =quotes!B$43+input!B5*quotes!B$42 -> 29117.605
A15: 15 kW | B15: =quotes!B$43+15*quotes!B$42 -> 39996.769
A16: 20 kW | B16: =quotes!B$43+20*quotes!B$42 -> 50875.934
A17: 25 kW | B17: =quotes!B$43+25*quotes!B$42 -> 61755.099
A20: replacement inverter costs
A21: inverter lifespan | B21: 15
A22: 5kW | B22: =+quotes!B83 -> 3446.6
A23: 7.5 kW | B23: =+quotes!B84 -> 4154.6
A24: 10 kW | B24: =+quotes!B85 -> 4753
A25: 15 kW | B25: =quotes!B88 -> 6077.6667
A26: 20 kW | B26: =quotes!B89 -> 7384.0667
A27: 25 kW | B27: =quotes!B90 -> 8690.4667
A29: incentives
A30: incentive amount ($/kW) | B30: 0
A32: average electricity use
A33: avg annual res electricity use (kWh) | B33: =750*12 -> 9000 | C33: https://www.oeb.ca/consultations-and-projects/policy-initiatives-and-consultations/defining-ontarios-typical
A34: avg annual EV home charging electricity use (kWh) | B34: =(275+367)/2*12 -> 3852 | C34: https://www.oeb.ca/consultations-and-projects/policy-initiatives-and-consultations/defining-ontarios-typical
A35: avg annual ccASHP electricity use (kWh) | B35: =74.6/0.0036/2.7 -> 7674.8971 | C35: Tables 33 and 16 of https://oee.nrcan.gc.ca/corporate/statistics/neud/dpa/menus/trends/comprehensive/trends_res_on.cfm
A36: avg annual HPWH electricity use (kWh) | B36: =10.7/0.0036/3.75 -> 792.59259 | C36: based on an OEB analysis of gas demand side management options - derived from values in Table 1 on page 31 of https://www.oeb.ca/sites/default/files/OEB-Natural-Gas-DSM-TRM-V5.0-20201112.pdf
A37: avg monthly electricity use | B37: =B33/12 -> 750
A38: summer monthly electricity use with EV, ccASHP, HPWH | B38: =(B34+B36+B33)/12 -> 1137.0494
A39: winter monthly electricity use with EV, ccASHP, HPWH | B39: =B38+B35/6 -> 2416.1989

Sheet Outcomes
A1: Table 1: annual solar panel electricity generation in Ontario
B2: kW solar | C2: kwh/yr
A3: Ontario average generation (5 kW) | B3: 5 | C3: =B3*'kWh per yr'!G$22 -> 5450.2351
A4: Ontario average generation (7.5 kW) | B4: 7.5 | C4: =B4*'kWh per yr'!G$22 -> 8175.3526
A5: Ontario average generation (10 kW) | B5: 10 | C5: =B5*'kWh per yr'!G$22 -> 10900.47
A6: Ontario average generation (15 kW) | B6: 15 | C6: =B6*'kWh per yr'!G$22 -> 16350.705
A7: Ontario average generation (20 kW) | B7: 20 | C7: =B7*'kWh per yr'!G$22 -> 21800.94
A8: Ontario average generation (25 kW) | B8: 25 | C8: =B8*'kWh per yr'!G$22 -> 27251.175
A10: Table 2: Annual average residential consumption in Ontario
B11: kWh/yr | C11: kW solar
A12: Ontario average residential use | B12: 9000 | C12: =ROUNDUP(B12/C$5*10,0) -> 9
A13: Ontario average residential use with EV charging | B13: 12852 | C13: =ROUNDUP(B13/C$5*10,0) -> 12
A14: Ontario average residential use with ccASHP&HPWH | B14: 17467 | C14: =ROUNDUP(B14/C$5*10,0) -> 17
A15: Ontario average residential use with EV charging and ccASHP &HPWH | B15: 21319 | C15: =ROUNDUP(B15/C$5*10,0) -> 20
A17: Table 5: Average Ontario homeowner annual electricity bill savings with a 10 kW solar array with different utility rate structures
B18: TOU rates | C18: ULO rates | D18: Tiered rates
A19: 2024 savings | B19: ='ON avg'!N8 -> 1584.6879 | C19: ='ON avg'!M8 -> 1580.8229 | D19: ='ON avg'!O8 -> 1288.409
A21: Payback years for solar using TOU rtes in Ontario cities
A22: electricity rate rise (use the input table to change this value) | B22: =input!B8 -> 0
A23: incentives $/kW (use the input table to change this value) | B23: =input!B30 -> 0
B24: 5 kW | C24: 7.5 kW | D24: 10 kW | E24: 15 kW | F24: 20 kW | G24: 25 kW
A25: Toronto Hydro | B25: =IF(Toronto!N6<2, "ND", Toronto!N6) -> 29 | C25: =IF(Toronto!O6<2, "ND", Toronto!O6) -> 25 | D25: =IF(Toronto!P6<2, "ND", Toronto!P6) -> 22 | E25: =IF(Toronto!Q6<2, "ND", Toronto!Q6) -> ND | F25: =IF(Toronto!R6<2, "ND", Toronto!R6) -> ND | G25: =IF(Toronto!S6<2, "ND", Toronto!S6) -> ND
A26: Hydro Ottawa | B26: =IF(Ottawa!N$6<2, "ND", Ottawa!N$6) -> 32 | C26: =IF(Ottawa!O$6<2, "ND", Ottawa!O$6) -> 27 | D26: =IF(Ottawa!P$6<2, "ND", Ottawa!P$6) -> 24 | E26: =IF(Ottawa!Q$6<2, "ND", Ottawa!Q$6) -> ND | F26: =IF(Ottawa!R$6<2, "ND", Ottawa!R$6) -> ND | G26: =IF(Ottawa!S$6<2, "ND", Ottawa!S$6) -> ND
A27: London Hydro | B27: =IF(London!N$6<2, "ND", London!N$6) -> 29 | C27: =IF(London!O$6<2, "ND", London!O$6) -> 25 | D27: =IF(London!P$6<2, "ND", London!P$6) -> 22 | E27: =IF(London!Q$6<2, "ND", London!Q$6) -> 20 | F27: =IF(London!R$6<2, "ND", London!R$6) -> 19 | G27: =IF(London!S$6<2, "ND", London!S$6) -> 26
A28: Greater Sudbury Hydro | B28: =IF(Sudbury!N$6<2, "ND", Sudbury!N$6) -> 31 | C28: =IF(Sudbury!O$6<2, "ND", Sudbury!O$6) -> 26 | D28: =IF(Sudbury!P$6<2, "ND", Sudbury!P$6) -> 24 | E28: =IF(Sudbury!Q$6<2, "ND", Sudbury!Q$6) -> ND | F28: =IF(Sudbury!R$6<2, "ND", Sudbury!R$6) -> ND | G28: =IF(Sudbury!S$6<2, "ND", Sudbury!S$6) -> ND
A29: Alectra Utilties | B29: =IF(Alectra!Q$6<2, "ND", Alectra!Q$6) -> 29 | C29: =IF(Alectra!R$6<2, "ND", Alectra!R$6) -> 25 | D29: =IF(Alectra!S$6<2, "ND", Alectra!S$6) -> 23 | E29: =IF(Alectra!T$6<2, "ND", Alectra!T$6) -> 21 | F29: =IF(Alectra!U$6<2, "ND", Alectra!U$6) -> 20 | G29: =IF(Alectra!V$6<2, "ND", Alectra!V$6) -> 19

Sheet quotes
A1: price including HST | B1: kW (DC) | C1: $/W (no grant)
A2: =17854-'utility rates'!L34 -> 15384 | B2: 5.4 | C2: =A2/1000/B2 -> 2.8488889
A3: =14620*1.13 -> 16520.6 | B3: 6 | C3: =A3/1000/B3 -> 2.7534333
A4: =15000*1.13 -> 16950 | B4: 5.3 | C4: =A4/1000/B4 -> 3.1981132
A5: =19487.8 -'utility rates'!L34 -> 17017.8 | B5: 6.25 | C5: =A5/1000/B5 -> 2.722848
A6: =18000*1.13-550 -> 19790 | B6: 5 | C6: =A6/1000/B6 -> 3.958
A7: =+(19990-'utility rates'!L34)*1.13 -> 19797.6 | B7: 6.5 | C7: =A7/1000/B7 -> 3.0457846
A8: =17620*1.13 -> 19910.6 | B8: 6 | C8: =A8/1000/B8 -> 3.3184333
A9: =18000*1.13 -> 20340 | B9: 5.3 | C9: =A9/1000/B9 -> 3.8377358
A10: =20000*1.13-1500 -> 21100 | B10: 6 | C10: =A10/1000/B10 -> 3.5166667
A11: =19000*1.13 -> 21470 | B11: 7.7 | C11: =A11/1000/B11 -> 2.7883117
A12: =+(21508-'utility rates'!L34)*1.13 -> 21512.94 | B12: 5.03 | C12: =A12/1000/B12 -> 4.2769264
A13: =19179*1.13 -> 21672.27 | B13: 5.4 | C13: =A13/1000/B13 -> 4.0133833
A14: =22454*1.13-2156 -> 23217.02 | B14: 7.37 | C14: =A14/1000/B14 -> 3.1502062
A15: =(21070+5000)-'utility rates'!L34 -> 23600 | B15: 8.82 | C15: =A15/1000/B15 -> 2.675737
A16: =+Table1[[#This Row],[kW (DC)]]*Table1[[#This Row],[$/W (no grant)]]*1000 -> 24200 | B16: 10 | C16: 2.42
A17: =26732-'utility rates'!L34 -> 24262 | B17: 9.38 | C17: =A17/1000/B17 -> 2.5865672
A18: =26843-2156 -> 24687 | B18: 8.16 | C18: =A18/1000/B18 -> 3.0253676
A19: =26732-1500 -> 25232 | B19: 9.38 | C19: =A19/1000/B19 -> 2.6899787
A20: =22600*1.13 -> 25538 | B20: 7.7 | C20: =A20/1000/B20 -> 3.3166234
A21: =23500*1.13-636 -> 25919 | B21: 7.5 | C21: =A21/1000/B21 -> 3.4558667
A22: =23500*1.13 -> 26555 | B22: 10.1 | C22: =A22/1000/B22 -> 2.6292079
A23: =25000*1.13 -1500 -> 26750 | B23: 9.12 | C23: =A23/1000/B23 -> 2.933114
A24: =28916-2156 -> 26760 | B24: 7.46 | C24: =A24/1000/B24 -> 3.5871314
A25: =25601+5000-'utility rates'!L34 -> 28131 | B25: 8.82 | C25: =A25/1000/B25 -> 3.1894558
A26: =(27492-'utility rates'!L34)*1.13 -> 28274.86 | B26: 8.84 | C26: =A26/1000/B26 -> 3.1985136
A27: =27000*1.13-721 -> 29789 | B27: 10 | C27: =A27/1000/B27 -> 2.9789
A28: =+Table1[[#This Row],[kW (DC)]]*Table1[[#This Row],[$/W (no grant)]]*1000 -> 30500 | B28: 10 | C28: 3.05
A29: =28000*1.13 -> 31640 | B29: 10.1 | C29: =A29/1000/B29 -> 3.1326733
A30: =30000*1.13-1500 -> 32400 | B30: 12 | C30: =A30/1000/B30 -> 2.7
A31: =26700*1.13-2156 -> 28015 | B31: 9 | C31: =A31/1000/B31 -> 3.1127778
A32: =18600*1.13-2156 -> 18862 | B32: 7.28 | C32: =A32/1000/B32 -> 2.5909341
A33: =23887*1.13-2156 -> 24836.31 | B33: 5.03 | C33: =A33/1000/B33 -> 4.9376362
A34: =20429*1.13-2156 -> 20928.77 | B34: 3.84 | C34: =A34/1000/B34 -> 5.4502005
A35: =(36219.51+5000)*1.13 -2000 -> 44578.046 | B35: 17.5 | C35: =A35/1000/B35 -> 2.5473169
A36: =(30424.39+5000)*1.13-2000 -> 38029.561 | B36: 15 | C36: =A36/1000/B36 -> 2.535304
A37: =(34183+5000)*1.13 -2000 -> 42276.79 | B37: 14.71 | C37: =A37/1000/B37 -> 2.874017
A38: =+(45113+5000)*1.13-2000 -> 54627.69 | B38: 19.57 | C38: =A38/1000/B38 -> 2.7913996
B40: average | C40: =AVERAGE(Table1[$/W (no grant)]) -> 3.1847961
A42: slope | B42: =SLOPE(A2:A38,B2:B38) -> 2175.833 | D42: roughly $2100/kW, $8400 fixed cost
A43: intercept | B43: =INTERCEPT(A2:A38,B2:B38) -> 7359.2749
A45: cost for | B45: using slope and intercept | C45: using avg $/kW
A46: 5kW | B46: =quotes!B$43+input!B3*quotes!B$42 -> 18238.44 | C46: =input!B3*1000*C$40 -> 15923.98
A47: 7.5 kW | B47: =quotes!B$43+input!B4*quotes!B$42 -> 23678.022 | C47: =input!B4*1000*C$40 -> 23885.97
A48: 10 kW | B48: =quotes!B$43+input!B5*quotes!B$42 -> 29117.605 | C48: =input!B5*1000*C$40 -> 31847.961
A52: factors that affect installation cost
A53: pitch of roof
A54: how many roof faces
A55: roof surface (metal vs shingle - apparently not a big difference in cost)
A56: location
A57: permitting and approvals process
A59: inverter lifespan (years) | B59: 15
A60: Inverter costs
A61: 45292 | B61: =5500*1.13 -> 6215 | C61: 5 kW inverter
A62: 45292 | B62: =6700*1.13 -> 7571 | C62: 10 kW inverter
A63: 45292 | B63: =(B61+B62)/2 -> 6893 | C63: extrapolated to 7.5 kW inverter
A64: 45292 | B64: 2700 | C64: 5kW inveter
A65: 45292 | B65: 4000 | C65: 10 kW inverter
A66: 45292 | B66: =(B64+B65)/2 -> 3350 | C66: extrapolated to 7.5 kW inverter
A68: 45292 | B68: =3500*1.13 -> 3955 | C68: 10 kW not installed
A69: 45292 | B69: =2300*1.13 -> 2599 | C69: 5 kW not installed
A70: 45292 | B70: =2700*1.13 -> 3051 | C70: 7.6 kW not installed
A72: 45292 | B72: 2989 | C72: 10 kW not installed
A73: 45292 | B73: 2469 | C73: 5 kW not installed
A74: 45292 | B74: 2729 | C74: 8 kW not installed
A76: 45323 | B76: 2750 | C76: 5 kW general price
A77: 45323 | B77: 3250 | C77: 7.5 kW general price
A78: 45323 | B78: 3750 | C78: 10 kW general price
A81: IF I assume $500 for installation
A82: kW
A83: 5 | B83: =(B61+B64+B69+500+B73+B76)/5 -> 3446.6 | D83: slope | E83: =SLOPE(B83:B85,A83:A85) -> 261.28
A84: 7.5 | B84: =+(B63+B66+B70+1000+B74+500+B77)/5 -> 4154.6 | D84: intercept | E84: =INTERCEPT(B83:B85,A83:A85) -> 2158.4667
A85: 10 | B85: =+(B62+B65+B68+1000+B72+500+B78)/5 -> 4753
A87: extrapolate
A88: 15 | B88: =A88*E$83+E$84 -> 6077.6667
A89: 20 | B89: =A89*E$83+E$84 -> 7384.0667
A90: 25 | B90: =A90*E$83+E$84 -> 8690.4667

Sheet utility rates
A1: NOTE: The OEB has ruled that net metered customers, including those with solar panels, must have the option to choose between tiered pricing, TOU and ULO prices by Nov 1, 2023
A2: ref: https://www.oeb.ca/sites/default/files/OEBStaff-Bulletin-TOU-Option-for-Net-Metered-Customers-20230117.pdf
A5: Electricity Base Rates
B7: Toronto Hydro | C7: Ottawa Hydro | D7: London Hydro | E7: Sudbury Hydro | F7: Alectra Utilities Penetanguishene | I7: TOU summer | J7: TOU winter | K7: ULO
A8: source | B8: https://www.torontohydro.com/for-home/rates | C8: https://hydroottawa.com/en/accounts-services/accounts/rates-conditions/residential-rates | D8: https://www.londonhydro.com/accounts-services/electricity-rates/residential-electricity-rates | E8: https://sudburyhydro.com/wp-content/uploads/2023/08/March-23-2023-Tarrif-of-Rates-and-Charges.pdf | F8: https://alectrautilities.com/rates | I8: May 1 to Oct 31 | J8: Nov 1 to Apr 30 | K8: all year
A9: basic rate ($/kWh) | B9: =(8.7*24*2 + 8.7*12*5 + 12.2*6*5 + 18.2*6*5)/(7*24)/100 -> 0.11021429 | C9: =(8.7*24*2 + 8.7*12*5 + 12.2*6*5 + 18.2*6*5)/(7*24)/100 -> 0.11021429 | D9: =(8.7*24*2 + 8.7*12*5 + 12.2*6*5 + 18.2*6*5)/(7*24)/100 -> 0.11021429 | E9: =(8.7*24*2 + 8.7*12*5 + 12.2*6*5 + 18.2*6*5)/(7*24)/100 -> 0.11021429 | F9: =(8.7*24*2 + 8.7*12*5 + 12.2*6*5 + 18.2*6*5)/(7*24)/100 -> 0.11021429 | H9: on-peak | I9: 11-5 | J9: 7-11, 5-7 | K9: 4-9
A10: electricity distribution or delivery ($/kWh) | B10: 0.00314 | C10: =0.0029+0.00005 -> 0.00295 | D10: =0.0051+0.0105+0.008 -> 0.0236 | E10: 0.0049 | F10: 0.0047 | H10: mid-peak | I10: 7-11, 5-7 | J10: 11-5 | K10: 7-4, 9-11
A11: electricity transmission charge ($/kWh) | B11: 0.02069 | C11: 0.0173 | E11: =0.009+0.0066 -> 0.0156 | F11: 0.0161 | H11: off-peak | I11: 7-7, weekends | J11: 7-7, weekends | K11: 7-11 weekends
A12: regulatory charges ($/kWh) | B12: 0.0059 | C12: 0.0059 | D12: =0.0041+0.0004+0.0014 -> 0.0059 | E12: 0.0055 | F12: 0.0059 | H12: low overnight | K12: 11-7
A13: HST | B13: 0.13 | C13: 0.13 | D13: 0.13 | E13: 0.13 | F13: 0.13
A14: Ontario Electricity Rebate | B14: 0.193 | C14: 0.193 | D14: 0.193 | E14: 0.193 | F14: 0.193
A15: line loss adjustment factor | B15: 1.0295 | C15: 1.0338 | D15: 1.0288 | E15: 1.0372 | F15: 1.0369
A16: total electricity variable cost ($/kWh) | B16: =(SUM(B9:B10)*B15*(1-B14))*(1+B13) -> 0.10641829 | C16: =(SUM(C9:C10)*C15*(1-C14))*(1+C13) -> 0.10668366 | D16: =(SUM(D9:D10)*D15*(1-D14))*(1+D13) -> 0.12554095 | E16: =(SUM(E9:E10)*E15*(1-E14))*(1+E13) -> 0.1088789 | F16: =(SUM(F9:F10)*F15*(1-F14))*(1+F13) -> 0.10865829
A19: Total $/kWh
C20: Electricity only cost/kWh | H20: 0 | I20: delivery and regulatory cost/kWh | O20: Total cost/kWh
B21: hourly base rate | C21: Toronto | D21: Ottawa | E21: London | F21: Sudbury | G21: Alectra | H21: Ontario average | I21: Toronto | J21: Ottawa | K21: London | L21: Sudbury | M21: Alectra | N21: Ontario average | O21: Toronto | P21: Ottawa | Q21: London | R21: Sudbury | S21: Alectra | T21: Ontario average
A22: TOU off peak | B22: 0.087 | C22: =($B22)*(1-B$14)*(1+B$13) -> 0.07933617 | D22: =($B22)*(1-C$14)*(1+C$13) -> 0.07933617 | E22: =($B22)*(1-D$14)*(1+D$13) -> 0.07933617 | F22: =($B22)*(1-E$14)*(1+E$13) -> 0.07933617 | G22: =($B22)*(1-F$14)*(1+F$13) -> 0.07933617 | H22: =AVERAGE(C22:F22) -> 0.07933617 | I22: =(B$10)*(1-B$14)*(1+B$13)+(B$11+B$12)*B$15*(1-B$14)*(1+B$13)-$B22*(B$15-1)*(1-B$14)*(1+B$13) -> 0.025485974 | J22: =(C$10)*(1-C$14)*(1+C$13)+(C$11+C$12)*C$15*(1-C$14)*(1+C$13)-$B22*(C$15-1)*(1-C$14)*(1+C$13) -> 0.021879967 | K22: =(D$10)*(1-D$14)*(1+D$13)+(D$11+D$12)*D$15*(1-D$14)*(1+D$13)-$B22*(D$15-1)*(1-D$14)*(1+D$13) -> 0.024771415 | L22: =(E$10)*(1-E$14)*(1+E$13)+(E$11+E$12)*E$15*(1-E$14)*(1+E$13)-$B22*(E$15-1)*(1-E$14)*(1+E$13) -> 0.021474131 | M22: =(F$10)*(1-F$14)*(1+F$13)+(F$11+F$12)*F$15*(1-F$14)*(1+F$13)-$B22*(F$15-1)*(1-F$14)*(1+F$13) -> 0.022160781 | N22: =AVERAGE(I22:M22) -> 0.023154454 | O22: =C22+I22 -> 0.10482214 | P22: =D22+J22 -> 0.10121614 | Q22: =E22+K22 -> 0.10410759 | R22: =F22+L22 -> 0.1008103 | S22: =G22+M22 -> 0.10149695 | T22: =AVERAGE(O22:S22) -> 0.10249062
A23: TOU on peak | B23: 0.182 | C23: =($B23)*(1-B$14)*(1+B$13) -> 0.16596762 | D23: =($B23)*(1-C$14)*(1+C$13) -> 0.16596762 | E23: =($B23)*(1-D$14)*(1+D$13) -> 0.16596762 | F23: =($B23)*(1-E$14)*(1+E$13) -> 0.16596762 | G23: =($B23)*(1-F$14)*(1+F$13) -> 0.16596762 | H23: =AVERAGE(C23:F23) -> 0.16596762 | I23: =(B$10)*(1-B$14)*(1+B$13)+(B$11+B$12)*B$15*(1-B$14)*(1+B$13)-$B23*(B$15-1)*(1-B$14)*(1+B$13) -> 0.022930346 | J23: =(C$10)*(1-C$14)*(1+C$13)+(C$11+C$12)*C$15*(1-C$14)*(1+C$13)-$B23*(C$15-1)*(1-C$14)*(1+C$13) -> 0.018951824 | K23: =(D$10)*(1-D$14)*(1+D$13)+(D$11+D$12)*D$15*(1-D$14)*(1+D$13)-$B23*(D$15-1)*(1-D$14)*(1+D$13) -> 0.022276429 | L23: =(E$10)*(1-E$14)*(1+E$13)+(E$11+E$12)*E$15*(1-E$14)*(1+E$13)-$B23*(E$15-1)*(1-E$14)*(1+E$13) -> 0.018251441 | M23: =(F$10)*(1-F$14)*(1+F$13)+(F$11+F$12)*F$15*(1-F$14)*(1+F$13)-$B23*(F$15-1)*(1-F$14)*(1+F$13) -> 0.01896408 | N23: =AVERAGE(I23:M23) -> 0.020274824 | O23: =C23+I23 -> 0.18889797 | P23: =D23+J23 -> 0.18491944 | Q23: =E23+K23 -> 0.18824405 | R23: =F23+L23 -> 0.18421906 | S23: =G23+M23 -> 0.1849317 | T23: =AVERAGE(O23:S23) -> 0.18624244
A24: TOU mid peak | B24: 0.122 | C24: =($B24)*(1-B$14)*(1+B$13) -> 0.11125302 | D24: =($B24)*(1-C$14)*(1+C$13) -> 0.11125302 | E24: =($B24)*(1-D$14)*(1+D$13) -> 0.11125302 | F24: =($B24)*(1-E$14)*(1+E$13) -> 0.11125302 | G24: =($B24)*(1-F$14)*(1+F$13) -> 0.11125302 | H24: =AVERAGE(C24:F24) -> 0.11125302 | I24: =(B$10)*(1-B$14)*(1+B$13)+(B$11+B$12)*B$15*(1-B$14)*(1+B$13)-$B24*(B$15-1)*(1-B$14)*(1+B$13) -> 0.024544427 | J24: =(C$10)*(1-C$14)*(1+C$13)+(C$11+C$12)*C$15*(1-C$14)*(1+C$13)-$B24*(C$15-1)*(1-C$14)*(1+C$13) -> 0.020801178 | K24: =(D$10)*(1-D$14)*(1+D$13)+(D$11+D$12)*D$15*(1-D$14)*(1+D$13)-$B24*(D$15-1)*(1-D$14)*(1+D$13) -> 0.02385221 | L24: =(E$10)*(1-E$14)*(1+E$13)+(E$11+E$12)*E$15*(1-E$14)*(1+E$13)-$B24*(E$15-1)*(1-E$14)*(1+E$13) -> 0.020286824 | M24: =(F$10)*(1-F$14)*(1+F$13)+(F$11+F$12)*F$15*(1-F$14)*(1+F$13)-$B24*(F$15-1)*(1-F$14)*(1+F$13) -> 0.020983049 | N24: =AVERAGE(I24:M24) -> 0.022093538 | O24: =C24+I24 -> 0.13579745 | P24: =D24+J24 -> 0.1320542 | Q24: =E24+K24 -> 0.13510523 | R24: =F24+L24 -> 0.13153984 | S24: =G24+M24 -> 0.13223607 | T24: =AVERAGE(O24:S24) -> 0.13334656
A25: ULO on peak | B25: 0.286 | C25: =($B25)*(1-B$14)*(1+B$13) -> 0.26080626 | D25: =($B25)*(1-C$14)*(1+C$13) -> 0.26080626 | E25: =($B25)*(1-D$14)*(1+D$13) -> 0.26080626 | F25: =($B25)*(1-E$14)*(1+E$13) -> 0.26080626 | G25: =($B25)*(1-F$14)*(1+F$13) -> 0.26080626 | H25: =AVERAGE(C25:F25) -> 0.26080626 | I25: =(B$10)*(1-B$14)*(1+B$13)+(B$11+B$12)*B$15*(1-B$14)*(1+B$13)-$B25*(B$15-1)*(1-B$14)*(1+B$13) -> 0.020132606 | J25: =(C$10)*(1-C$14)*(1+C$13)+(C$11+C$12)*C$15*(1-C$14)*(1+C$13)-$B25*(C$15-1)*(1-C$14)*(1+C$13) -> 0.015746278 | K25: =(D$10)*(1-D$14)*(1+D$13)+(D$11+D$12)*D$15*(1-D$14)*(1+D$13)-$B25*(D$15-1)*(1-D$14)*(1+D$13) -> 0.019545076 | L25: =(E$10)*(1-E$14)*(1+E$13)+(E$11+E$12)*E$15*(1-E$14)*(1+E$13)-$B25*(E$15-1)*(1-E$14)*(1+E$13) -> 0.014723444 | M25: =(F$10)*(1-F$14)*(1+F$13)+(F$11+F$12)*F$15*(1-F$14)*(1+F$13)-$B25*(F$15-1)*(1-F$14)*(1+F$13) -> 0.015464535 | N25: =AVERAGE(I25:M25) -> 0.017122388 | O25: =C25+I25 -> 0.28093887 | P25: =D25+J25 -> 0.27655254 | Q25: =E25+K25 -> 0.28035134 | R25: =F25+L25 -> 0.2755297 | S25: =G25+M25 -> 0.27627079 | T25: =AVERAGE(O25:S25) -> 0.27792865
A26: ULO mid peak | B26: 0.122 | C26: =($B26)*(1-B$14)*(1+B$13) -> 0.11125302 | D26: =($B26)*(1-C$14)*(1+C$13) -> 0.11125302 | E26: =($B26)*(1-D$14)*(1+D$13) -> 0.11125302 | F26: =($B26)*(1-E$14)*(1+E$13) -> 0.11125302 | G26: =($B26)*(1-F$14)*(1+F$13) -> 0.11125302 | H26: =AVERAGE(C26:F26) -> 0.11125302 | I26: =(B$10)*(1-B$14)*(1+B$13)+(B$11+B$12)*B$15*(1-B$14)*(1+B$13)-$B26*(B$15-1)*(1-B$14)*(1+B$13) -> 0.024544427 | J26: =(C$10)*(1-C$14)*(1+C$13)+(C$11+C$12)*C$15*(1-C$14)*(1+C$13)-$B26*(C$15-1)*(1-C$14)*(1+C$13) -> 0.020801178 | K26: =(D$10)*(1-D$14)*(1+D$13)+(D$11+D$12)*D$15*(1-D$14)*(1+D$13)-$B26*(D$15-1)*(1-D$14)*(1+D$13) -> 0.02385221 | L26: =(E$10)*(1-E$14)*(1+E$13)+(E$11+E$12)*E$15*(1-E$14)*(1+E$13)-$B26*(E$15-1)*(1-E$14)*(1+E$13) -> 0.020286824 | M26: =(F$10)*(1-F$14)*(1+F$13)+(F$11+F$12)*F$15*(1-F$14)*(1+F$13)-$B26*(F$15-1)*(1-F$14)*(1+F$13) -> 0.020983049 | N26: =AVERAGE(I26:M26) -> 0.022093538 | O26: =C26+I26 -> 0.13579745 | P26: =D26+J26 -> 0.1320542 | Q26: =E26+K26 -> 0.13510523 | R26: =F26+L26 -> 0.13153984 | S26: =G26+M26 -> 0.13223607 | T26: =AVERAGE(O26:S26) -> 0.13334656
A27: ULO off peak | B27: 0.087 | C27: =($B27)*(1-B$14)*(1+B$13) -> 0.07933617 | D27: =($B27)*(1-C$14)*(1+C$13) -> 0.07933617 | E27: =($B27)*(1-D$14)*(1+D$13) -> 0.07933617 | F27: =($B27)*(1-E$14)*(1+E$13) -> 0.07933617 | G27: =($B27)*(1-F$14)*(1+F$13) -> 0.07933617 | H27: =AVERAGE(C27:F27) -> 0.07933617 | I27: =(B$10)*(1-B$14)*(1+B$13)+(B$11+B$12)*B$15*(1-B$14)*(1+B$13)-$B27*(B$15-1)*(1-B$14)*(1+B$13) -> 0.025485974 | J27: =(C$10)*(1-C$14)*(1+C$13)+(C$11+C$12)*C$15*(1-C$14)*(1+C$13)-$B27*(C$15-1)*(1-C$14)*(1+C$13) -> 0.021879967 | K27: =(D$10)*(1-D$14)*(1+D$13)+(D$11+D$12)*D$15*(1-D$14)*(1+D$13)-$B27*(D$15-1)*(1-D$14)*(1+D$13) -> 0.024771415 | L27: =(E$10)*(1-E$14)*(1+E$13)+(E$11+E$12)*E$15*(1-E$14)*(1+E$13)-$B27*(E$15-1)*(1-E$14)*(1+E$13) -> 0.021474131 | M27: =(F$10)*(1-F$14)*(1+F$13)+(F$11+F$12)*F$15*(1-F$14)*(1+F$13)-$B27*(F$15-1)*(1-F$14)*(1+F$13) -> 0.022160781 | N27: =AVERAGE(I27:M27) -> 0.023154454 | O27: =C27+I27 -> 0.10482214 | P27: =D27+J27 -> 0.10121614 | Q27: =E27+K27 -> 0.10410759 | R27: =F27+L27 -> 0.1008103 | S27: =G27+M27 -> 0.10149695 | T27: =AVERAGE(O27:S27) -> 0.10249062
A28: ULO overnight | B28: 0.028 | C28: =($B28)*(1-B$14)*(1+B$13) -> 0.02553348 | D28: =($B28)*(1-C$14)*(1+C$13) -> 0.02553348 | E28: =($B28)*(1-D$14)*(1+D$13) -> 0.02553348 | F28: =($B28)*(1-E$14)*(1+E$13) -> 0.02553348 | G28: =($B28)*(1-F$14)*(1+F$13) -> 0.02553348 | H28: =AVERAGE(C28:F28) -> 0.02553348 | I28: =(B$10)*(1-B$14)*(1+B$13)+(B$11+B$12)*B$15*(1-B$14)*(1+B$13)-$B28*(B$15-1)*(1-B$14)*(1+B$13) -> 0.027073153 | J28: =(C$10)*(1-C$14)*(1+C$13)+(C$11+C$12)*C$15*(1-C$14)*(1+C$13)-$B28*(C$15-1)*(1-C$14)*(1+C$13) -> 0.023698498 | K28: =(D$10)*(1-D$14)*(1+D$13)+(D$11+D$12)*D$15*(1-D$14)*(1+D$13)-$B28*(D$15-1)*(1-D$14)*(1+D$13) -> 0.026320933 | L28: =(E$10)*(1-E$14)*(1+E$13)+(E$11+E$12)*E$15*(1-E$14)*(1+E$13)-$B28*(E$15-1)*(1-E$14)*(1+E$13) -> 0.023475591 | M28: =(F$10)*(1-F$14)*(1+F$13)+(F$11+F$12)*F$15*(1-F$14)*(1+F$13)-$B28*(F$15-1)*(1-F$14)*(1+F$13) -> 0.0241461 | N28: =AVERAGE(I28:M28) -> 0.024942855 | O28: =C28+I28 -> 0.052606633 | P28: =D28+J28 -> 0.049231978 | Q28: =E28+K28 -> 0.051854413 | R28: =F28+L28 -> 0.049009071 | S28: =G28+M28 -> 0.04967958 | T28: =AVERAGE(O28:S28) -> 0.050476335
A29: Tiered lower rate (up to 600 kWh summer, 1000 kWh winter) | B29: 0.103 | C29: =($B29)*(1-B$14)*(1+B$13) -> 0.09392673 | D29: =($B29)*(1-C$14)*(1+C$13) -> 0.09392673 | E29: =($B29)*(1-D$14)*(1+D$13) -> 0.09392673 | F29: =($B29)*(1-E$14)*(1+E$13) -> 0.09392673 | G29: =($B29)*(1-F$14)*(1+F$13) -> 0.09392673 | H29: =AVERAGE(C29:F29) -> 0.09392673 | I29: =(B$10)*(1-B$14)*(1+B$13)+(B$11+B$12)*B$15*(1-B$14)*(1+B$13)-$B29*(B$15-1)*(1-B$14)*(1+B$13) -> 0.025055553 | J29: =(C$10)*(1-C$14)*(1+C$13)+(C$11+C$12)*C$15*(1-C$14)*(1+C$13)-$B29*(C$15-1)*(1-C$14)*(1+C$13) -> 0.021386806 | K29: =(D$10)*(1-D$14)*(1+D$13)+(D$11+D$12)*D$15*(1-D$14)*(1+D$13)-$B29*(D$15-1)*(1-D$14)*(1+D$13) -> 0.024351207 | L29: =(E$10)*(1-E$14)*(1+E$13)+(E$11+E$12)*E$15*(1-E$14)*(1+E$13)-$B29*(E$15-1)*(1-E$14)*(1+E$13) -> 0.020931362 | M29: =(F$10)*(1-F$14)*(1+F$13)+(F$11+F$12)*F$15*(1-F$14)*(1+F$13)-$B29*(F$15-1)*(1-F$14)*(1+F$13) -> 0.021622389 | N29: =AVERAGE(I29:M29) -> 0.022669463 | O29: =C29+I29 -> 0.11898228 | P29: =D29+J29 -> 0.11531354 | Q29: =E29+K29 -> 0.11827794 | R29: =F29+L29 -> 0.11485809 | S29: =G29+M29 -> 0.11554912 | T29: =AVERAGE(O29:S29) -> 0.11659619
A30: Tiered upper rates | B30: 0.125 | C30: =($B30)*(1-B$14)*(1+B$13) -> 0.11398875 | D30: =($B30)*(1-C$14)*(1+C$13) -> 0.11398875 | E30: =($B30)*(1-D$14)*(1+D$13) -> 0.11398875 | F30: =($B30)*(1-E$14)*(1+E$13) -> 0.11398875 | G30: =($B30)*(1-F$14)*(1+F$13) -> 0.11398875 | H30: =AVERAGE(C30:F30) -> 0.11398875 | I30: =(B$10)*(1-B$14)*(1+B$13)+(B$11+B$12)*B$15*(1-B$14)*(1+B$13)-$B30*(B$15-1)*(1-B$14)*(1+B$13) -> 0.024463723 | J30: =(C$10)*(1-C$14)*(1+C$13)+(C$11+C$12)*C$15*(1-C$14)*(1+C$13)-$B30*(C$15-1)*(1-C$14)*(1+C$13) -> 0.02070871 | K30: =(D$10)*(1-D$14)*(1+D$13)+(D$11+D$12)*D$15*(1-D$14)*(1+D$13)-$B30*(D$15-1)*(1-D$14)*(1+D$13) -> 0.023773421 | L30: =(E$10)*(1-E$14)*(1+E$13)+(E$11+E$12)*E$15*(1-E$14)*(1+E$13)-$B30*(E$15-1)*(1-E$14)*(1+E$13) -> 0.020185055 | M30: =(F$10)*(1-F$14)*(1+F$13)+(F$11+F$12)*F$15*(1-F$14)*(1+F$13)-$B30*(F$15-1)*(1-F$14)*(1+F$13) -> 0.020882101 | N30: =AVERAGE(I30:M30) -> 0.022002602 | O30: =C30+I30 -> 0.13845247 | P30: =D30+J30 -> 0.13469746 | Q30: =E30+K30 -> 0.13776217 | R30: =F30+L30 -> 0.1341738 | S30: =G30+M30 -> 0.13487085 | T30: =AVERAGE(O30:S30) -> 0.13599135
A32: Additional fees
B33: Hydro connection fee | C33: Connection fee for > 10 kW | D33: connection fee for larger systems | E33: ESA | F33: building permit (5 kW) | G33: building permit (7.5 kW) | H33: building permit (10 kW) | I33: building permit (15 kW) | J33: building permit (20 kW) | K33: building permit (25 kW) | L33: Total (5 kW) | M33: Total (7.5 kW) | N33: Total (10 kW) | O33: Total (15 kW) | P33: Total (20 kW) | Q33: Total (25 kW)
A34: Toronto Hydro | B34: 1921 | C34: ND | D34: ND | E34: 350 | F34: 199 | G34: 199 | H34: 199 | I34: 199 | J34: 199 | K34: 199 | L34: =$B34+$E34+F34 -> 2470 | M34: =$B34+$E34+G34 -> 2470 | N34: =$B34+$E34+H34 -> 2470 | O34: =$E34+I34+C34 -> #VALUE! | P34: =$E34+J34+C34 -> #VALUE! | Q34: =$E34+K34+D34 -> #VALUE! | S34: CIA is for projects >10kW, <30 kW
A35: Hydro Ottawa | B35: 1449 | C35: ND | D35: ND | E35: 350 | F35: =0.011*quotes!$C40*5000 -> 175.16378 | G35: =0.011*quotes!$C40*7500 -> 262.74567 | H35: =0.011*quotes!$C40*10000 -> 350.32757 | I35: =0.011*quotes!$C40*15000 -> 525.49135 | J35: =0.011*quotes!$C40*20000 -> 700.65513 | K35: =0.011*quotes!$C40*25000 -> 875.81892 | L35: =$B35+$E35+F35 -> 1974.1638 | M35: =$B35+$E35+G35 -> 2061.7457 | N35: =$B35+$E35+H35 -> 2149.3276 | O35: =$E35+I35+C35 -> #VALUE! | P35: =$E35+J35+C35 -> #VALUE! | Q35: =$E35+K35+D35 -> #VALUE! | S35: CIA is for projects >10kW, <30 kW
A36: London Hydro | B36: 1130 | C36: 1695 | D36: 34917 | E36: 350 | F36: 206 | G36: 206 | H36: 206 | I36: 206 | J36: 206 | K36: 206 | L36: =$B36+$E36+F36 -> 1686 | M36: =$B36+$E36+G36 -> 1686 | N36: =$B36+$E36+H36 -> 1686 | O36: =$E36+I36+C36 -> 2251 | P36: =$E36+J36+C36 -> 2251 | Q36: =$E36+K36+D36 -> 35473 | S36: CIA is for projects, >10 kW, <20 kW, then goes to higher CIA
A37: Greater Sudbury Hydro | B37: 538 | C37: ND | D37: ND | E37: 350 | F37: =0.0107*quotes!$C40*5000 -> 170.38659 | G37: =0.0107*quotes!$C40*7500 -> 255.57988 | H37: =0.0107*quotes!$C40*10000 -> 340.77318 | I37: =0.0107*quotes!$C40*15000 -> 511.15977 | J37: =0.0107*quotes!$C40*20000 -> 681.54636 | K37: =0.0107*quotes!$C40*25000 -> 851.93295 | L37: =$B37+$E37+F37 -> 1058.3866 | M37: =$B37+$E37+G37 -> 1143.5799 | N37: =$B37+$E37+H37 -> 1228.7732 | O37: =$E37+I37+C37 -> #VALUE! | P37: =$E37+J37+C37 -> #VALUE! | Q37: =$E37+K37+D37 -> #VALUE!
A38: Hydro One | B38: 904 | C38: 2321 | D38: 2321 | E38: 350 | S38: CIA is for projects >10kW, <30 kW
A39: Alectra Utlities | B39: 437.31 | C39: 2132 | D39: 2132 | E39: 350 | F39: 250 | G39: 250 | H39: 250 | I39: 250 | J39: 250 | K39: 250 | L39: =$B39+$E39+F39 -> 1037.31 | M39: =$B39+$E39+G39 -> 1037.31 | N39: =$B39+$E39+H39 -> 1037.31 | O39: =$E39+I39+C39 -> 2732 | P39: =$E39+J39+C39 -> 2732 | Q39: =$E39+K39+C39 -> 2732 | S39: CIA is for projects >10kW, <50 kW
A40: Ontario average (Alectra Utilities fees) | B40: 437.31 | C40: 2132 | D40: 2132 | E40: 350 | F40: =AVERAGE(F34:F37) -> 187.63759 | G40: =AVERAGE(G34:G37) -> 230.83139 | H40: =AVERAGE(H34:H37) -> 274.02519 | I40: =AVERAGE(I34:I37) -> 360.41278 | J40: =AVERAGE(J34:J37) -> 446.80037 | K40: =AVERAGE(K34:K37) -> 533.18797 | L40: =$B40+$E40+F40 -> 974.94759 | M40: =$B40+$E40+G40 -> 1018.1414 | N40: =$B40+$E40+H40 -> 1061.3352 | O40: =$E40+I40+C40 -> 2842.4128 | P40: =$E40+J40+C40 -> 2928.8004 | Q40: =$E40+K40+D40 -> 3015.188
A43: Connection fees
B44: fee | C44: fee plus HST
A45: Toronto Hydro | B45: 500 | C45: =B45*1.13 -> 565 | D45: application fee
A46: Toronto Hydro | B46: 1145.94 | C46: =B46*1.13 -> 1294.9122 | D46: connection fee, no new account set up fee
A47: Hydro Ottawa | B47: 1000-1500 | C47: =(1250*1.13) -> 1412.5 | D47: range for application and connection fee, used $1250
A48: Hydro Ottawa | B48: 30.5 | C48: =B48*1.13 -> 34.465 | D48: account set up fee
A49: London Hydro | B49: 1000 | C49: 1130 | D49: connection fee
A50: Sudbury Hydro | B50: =475/1.13+30 -> 450.35398 | C50: 475 | D50: connection fee
A51: Sudbury Hyro | B51: 30 | C51: =+B51*1.13 -> 33.9 | D51: new account set up fee
A52: Hydro One | B52: 800 | C52: =B52*1.13 -> 904 | D52: standard connection fee but can be higher, no cost for application or new account | F52: 1-877-447-4412 | H52: note: if a local transformer is very small, it may not be able to accommodate solar (half the transformer rating is OK), this is mostly an issue in older rural areas
A54: Additional fees | B54: account setup charge with HSP | D54: source
A55: ESA | B55: 350 | D55: includes tax, depending on installation and division of labour, either 1 or 2 ESA permits needed per project
A56: Toronto CIA | B56: 2321 | D56: connection impact assessment not used in analysis
A57: Ottawa CIA | B57: 2321.48
A58: London CIA | B58: =500*1.13 -> 565 | C58: 33900 | D58: higher rate for connections of 25 kW
A59: Sudbury CIA | B59: 2321
A60: Hydro one CIA | B60: 2321.48
A61: Alectra CIA | B61: =1500*1.13 -> 1695
A62: Ontario average CIA | B62: =AVERAGE(B56:B61) -> 1924.16
A64: Building permit | B64: fees
A65: Toronto | B65: 198.59 | D65: https://www.toronto.ca/services-payments/building-construction/apply-for-a-building-permit/building-permit-fees/
A66: Ottawa | D66: $11 per $1,000 project cost, HST incl
A67: London | B67: 206.37 | D67: https://london.ca/living-london/building-renovating/building-permits
A68: Sudbury | D68: 10.70 for $1,000 project cost, min $108, HST incl
A69: Penetanguishene | B69: =250*1.13 -> 282.5 | D69: $125 application fee plus $125 inspection fee plus HSP

Sheet methodology
A1: Methodology
A2: Solar panel upfront costs are based on installed costs quotes from 37 sources excluding the connection, Electrical Safety Authority (ESA) inspections and building permit fees. Connection, inspection and building permit fees were obtained for each applicable city.
A3: Hourly solar potential by city was obtained from Environment Canada databases[1]. Solar irradiation outputs were zeroed in January when solar arrays are likely covered in snow. The hourly irradiation output was capped at 5/6 of the annual peak because we assume the inverter is sized at 5/6 of the size of the solar array to optimize cost and output. Using this data, the percent of the annual solar irradiation occurring in each TOU/ULO block was calculated.
A4: Average kWh generated per kW of solar arrays for each city was obtained from the National Renewable Energy Laboratory (NREL) PVWatts calculator[2] (January generation excluded due to assumed snow coverage). The calculator includes a 14.08% system losses factor to account for dirt, degradation, system inefficiencies, power outages and more. The average of the outputs at azimuths 90°, 135°, 180°, 225° and 270° was calculated to account for the fact that roofs may be facing east, south, west, and anything in between.
A5: The average kWh/kW/yr for each TOU/ULO block was the product of the percent of solar irradiation for each block and the average annual kWh/kW. For the tiered rate structure, we assumed an average use of 750 kWh/month based on an Ontario Energy Board report[3]. For the fully electrified home, we added 321 kWh/month for EV charging, 66 kWh/month for water heating with a heat pump water heater (HPWH: EF of 3.75)[4], and 1279 kWh/month for the six winter months for space heating with a cold climate air source heat pump (ASHP: SCOP of 2.7)[5].
A6: The annual savings from solar arrays equals the price of electricity supply multiplied by every kWh of solar generation plus the avoided per kWh delivery, transmission and regulatory charges.[6] GST and Ontario Electricity Rebate are also applied.
A7: The 2024 and 2030 marginal emissions factor the each TOU period was calculated by taking the average emissions from an Ontario gas power plant (390 g CO2e/kWh)[7] multiplied by the percentage of time gas is on the margin for the TOU period[8]. The annual greenhouse gas emissions avoided with the solar array was calculated using this marginal emission factor, the percentage of annual solar generation that occurs during each TOU period and the annual kWh of electricity generated by the array.
A10: [1] https://collaboration.cmc.ec.gc.ca/cmc/climate/Engineer_Climate/CWEEDS_FMCEG/CWEEDS_FMCEG_v_2020/CWEEDS-FMCEG_by_par_prov.CSV/
A11: [2] https://pvwatts.nrel.gov/
A12: [3] https://www.oeb.ca/sites/default/files/uploads/Report_Defining_Typical_Elec_Customer_20160414.pdf
A13: [4] Derived from Table 1 of https://www.oeb.ca/sites/default/files/OEB-Natural-Gas-DSM-TRM-V5.0-20201112.pdf
A14: [5] From Comprehensive Energy Use Database tables 33 and 16
... A32: 17 W per sq ft based on typical solar panel sizes

Sheet ON avg
Q2: TOU | W2: ULO | Z2: Tiered
F3: =input!$B$3 -> 5 | G3: =input!$B$4 -> 7.5 | H3: =input!$B$5 -> 10 | P3: need to change B32 and B33 | Q3: 5 | R3: 7.5 | S3: 10 | T3: 15 | U3: 20 | V3: 25 | W3: 5 | X3: 7.5 | Y3: 10 | Z3: 5 | AA3: 7.5 | AB3: 10
B4: electricity cost/kWh | C4: kW/m2/yr | D4: % of total | E4: kWh/kW | F4: annual savings | G4: annual savings | H4: annual savings | P4: solar array cost | Q4: =input!$B12+'utility rates'!$L40-input!$B30*Q3 -> 19213.387 | R4: =input!$B13+'utility rates'!$M40-input!$B30*R3 -> 24696.164 | S4: =input!$B14+'utility rates'!$N40-input!$B30*S3 -> 30178.94 | T4: =input!$B15+'utility rates'!$O40-input!$B30*T3 -> 42839.182 | U4: =input!$B16+'utility rates'!$P40-input!$B30*U3 -> 53804.735 | V4: =input!$B17+'utility rates'!$Q40-input!$B30*V3 -> 64770.287 | W4: =input!$B12+'utility rates'!$L40-input!$B30*W3 -> 19213.387 | X4: =input!$B13+'utility rates'!$M40-input!$B30*X3 -> 24696.164 | Y4: =input!$B14+'utility rates'!$N40-input!$B30*Y3 -> 30178.94 | Z4: =input!$B12+'utility rates'!$L40-input!$B30*Z3 -> 19213.387 | AA4: =input!$B13+'utility rates'!$M40-input!$B30*AA3 -> 24696.164 | AB4: =input!$B14+'utility rates'!$N40-input!$B30*AB3 -> 30178.94
A5: ULO | D5: average from other cities | P5: replacement inverter cost | Q5: =input!$B22 -> 3446.6 | R5: =input!$B23 -> 4154.6 | S5: =input!$B24 -> 4753 | T5: =input!$B25 -> 6077.6667 | U5: =input!$B26 -> 7384.0667 | V5: =input!$B27 -> 8690.4667 | W5: =input!$B22 -> 3446.6 | X5: =input!$B23 -> 4154.6 | Y5: =input!$B24 -> 4753 | Z5: =input!$B22 -> 3446.6 | AA5: =input!$B23 -> 4154.6 | AB5: =input!$B24 -> 4753
L6: payback | Q6: =COUNTIF(Q8:Q45, "<0")+1 -> 29 | R6: =COUNTIF(R8:R45, "<0")+1 -> 25 | S6: =COUNTIF(S8:S45, "<0")+1 -> 23 | T6: =COUNTIF(T8:T45, "<0")+1 -> 21 | U6: =COUNTIF(U8:U45, "<0")+1 -> 20 | V6: =COUNTIF(V8:V45, "<0")+1 -> 19 | W6: =COUNTIF(W8:W45, "<0")+1 -> 29 | X6: =COUNTIF(X8:X45, "<0")+1 -> 25 | ... AB6: =COUNTIF(AB8:AB45, "<0")+1 -> 28
A7: on-peak | B7: ='utility rates'!T25 -> 0.27792865 | D7: =(Toronto!D7+Ottawa!D7+Sudbury!D7+London!D7)/4 -> 0.13773564 | E7: =D7*'kWh per yr'!G$22 -> 150.13832 | F7: =$E7*F$3*$B7 -> 208.6387 | G7: =$E7*G$3*$B7 -> 312.95805 | H7: =$E7*H$3*$B7 -> 417.2774 | L7: year | M7: ULO | N7: TOU | O7: tiered (avg electricity use) | P7: tiered (avg use with ASHP/HPWH + EV) | Q7: cumulative annual savings (5 kW | R7: cumulative annual savings 7.5 kW | S7: cumulative annual savings 10 kW | W7: cumulative annual savings (5 kW | X7: cumulative annual savings 7.5 kW | Y7: cumulative annual savings 10 kW | Z7: cumulative annual savings (5 kW | AA7: cumulative annual savings 7.5 kW | AB7: cumulative annual savings 10 kW
A8: mid-peak | B8: ='utility rates'!T26 -> 0.13334656 | D8: =(Toronto!D8+Ottawa!D8+Sudbury!D8+London!D8)/4 -> 0.59936894 | E8: =D8*'kWh per yr'!G$22 -> 653.34032 | F8: =$E8*F$3*$B8 -> 435.60341 | G8: =$E8*G$3*$B8 -> 653.40512 | H8: =$E8*H$3*$B8 -> 871.20683 | L8: 2024 savings | M8: =Y8 -> 1580.8229 | N8: =S8 -> 1584.6879 | O8: =AB8 -> 1288.409 | P8: 1345 | Q8: =F26 -> 792.34396 | R8: =G26 -> 1188.5159 | S8: =H26 -> 1584.6879 | T8: =Q8*3 -> 2377.0319 | U8: =Q8*4 -> 3169.3758 | V8: =Q8*5 -> 3961.7198 | W8: =F12 -> 790.41143 | X8: =G12 -> 1185.6171 | Y8: =H12 -> 1580.8229 | Z8: =F39 -> 652.9323 | AA8: =G39 -> 970.67063 | AB8: =H39 -> 1288.409
A9: weekend off-peak | B9: ='utility rates'!T27 -> 0.10249062 | D9: =(Toronto!D9+Ottawa!D9+Sudbury!D9+London!D9)/4 -> 0.26048425 | E9: =D9*'kWh per yr'!G$22 -> 283.94008 | F9: =$E9*F$3*$B9 -> 145.50598 | G9: =$E9*G$3*$B9 -> 218.25897 | H9: =$E9*H$3*$B9 -> 291.01196 | L9: 2024 | M9: =M8 -> 1580.8229 | N9: =N8 -> 1584.6879 | O9: =O8 -> 1288.409 | P9: =P8 -> 1345 | Q9: =Q8-Q4-Q5 -> -21867.643 | R9: =R8-R4-R5 -> -27662.248 | S9: =S8-S4-S5 -> -33347.252 | T9: =T8-T4-T5 -> -46539.817 | U9: =U8-U4-U5 -> -58019.426 | V9: =V8-V4-V5 -> -69499.034 | W9: =W8-W4-W5 -> -21869.576 | X9: =X8-X4-X5 -> -27665.146 | ... AB9: =AB8-AB4-AB5 -> -33643.531
A10: ultralow overnight | B10: ='utility rates'!T28 -> 0.050476335 | D10: =(Toronto!D10+Ottawa!D10+Sudbury!D10+London!D10)/4 -> 0.002411172 | E10: =D10*'kWh per yr'!G$22 -> 2.6282908 | F10: =$E10*F$3*$B10 -> 0.66333244 | G10: =$E10*G$3*$B10 -> 0.99499866 | H10: =$E10*H$3*$B10 -> 1.3266649 | L10: 2025 | M10: =M9+M$8*(1+input!$B$8)^($L10-2024) -> 3161.6457 | N10: =N9+N$8*(1+input!$B$8)^($L10-2024) -> 3169.3758 | O10: =O9+O$8*(1+input!$B$8)^($L10-2024) -> 2576.8179 | P10: =P9+P$8*(1+input!$B$8)^($L10-2024) -> 2690 | Q10: =Q9+Q$8*(1+input!$B$8)^($L10-2024) -> -21075.299 | R10: =R9+R$8*(1+input!$B$8)^($L10-2024) -> -26473.732 | S10: =S9+S$8*(1+input!$B$8)^($L10-2024) -> -31762.564 | T10: =T9+T$8*(1+input!$B$8)^($L10-2024) -> -44162.785 | ... AB10: =AB9+AB$8*(1+input!$B$8)^($L10-2024) -> -32355.122
L11: 2026 | M11: =M10+M$8*(1+input!$B$8)^($L11-2024) -> 4742.4686 | N11: =N10+N$8*(1+input!$B$8)^($L11-2024) -> 4754.0638 | O11: =O10+O$8*(1+input!$B$8)^($L11-2024) -> 3865.2269 | P11: =P10+P$8*(1+input!$B$8)^($L11-2024) -> 4035 | Q11: =Q10+Q$8*(1+input!$B$8)^($L11-2024) -> -20282.955 | R11: =R10+R$8*(1+input!$B$8)^($L11-2024) -> -25285.216 | S11: =S10+S$8*(1+input!$B$8)^($L11-2024) -> -30177.876 | T11: =T10+T$8*(1+input!$B$8)^($L11-2024) -> -41785.753 | ... AB11: =AB10+AB$8*(1+input!$B$8)^($L11-2024) -> -31066.713
A12: total | D12: =SUM(D7:D10) -> 1 | E12: =SUM(E7:E10) -> 1090.047 | F12: =SUM(F7:F10) -> 790.41143 | G12: =SUM(G7:G10) -> 1185.6171 | H12: =SUM(H7:H10) -> 1580.8229 | L12: 2027 | M12: =M11+M$8*(1+input!$B$8)^($L12-2024) -> 6323.2914 | N12: =N11+N$8*(1+input!$B$8)^($L12-2024) -> 6338.7517 | O12: =O11+O$8*(1+input!$B$8)^($L12-2024) -> 5153.6359 | P12: =P11+P$8*(1+input!$B$8)^($L12-2024) -> 5380 | Q12: =Q11+Q$8*(1+input!$B$8)^($L12-2024) -> -19490.612 | R12: =R11+R$8*(1+input!$B$8)^($L12-2024) -> -24096.7 | S12: =S11+S$8*(1+input!$B$8)^($L12-2024) -> -28593.188 | T12: =T11+T$8*(1+input!$B$8)^($L12-2024) -> -39408.721 | ... AB12: =AB11+AB$8*(1+input!$B$8)^($L12-2024) -> -29778.304
A13: payback (no grant) | F13: =(input!B12+'utility rates'!$L40)/'ON avg'!F12 -> 24.308084 | G13: =(input!B13+'utility rates'!$M40)/'ON avg'!G12 -> 20.829796 | H13: =(input!B14+'utility rates'!$N40)/'ON avg'!H12 -> 19.090653 | L13: 2028 | M13: =M12+M$8*(1+input!$B$8)^($L13-2024) -> 7904.1143 | N13: =N12+N$8*(1+input!$B$8)^($L13-2024) -> 7923.4396 | O13: =O12+O$8*(1+input!$B$8)^($L13-2024) -> 6442.0448 | P13: =P12+P$8*(1+input!$B$8)^($L13-2024) -> 6725 | Q13: =Q12+Q$8*(1+input!$B$8)^($L13-2024) -> -18698.268 | R13: =R12+R$8*(1+input!$B$8)^($L13-2024) -> -22908.184 | S13: =S12+S$8*(1+input!$B$8)^($L13-2024) -> -27008.5 | T13: =T12+T$8*(1+input!$B$8)^($L13-2024) -> -37031.69 | ... AB13: =AB12+AB$8*(1+input!$B$8)^($L13-2024) -> -28489.895
A14: payback (with 5K grant) | F14: =(input!B12+'utility rates'!$L40-5000)/'ON avg'!F12 -> 17.982265 | G14: =(input!B13+'utility rates'!$M40-5000)/'ON avg'!G12 -> 16.612583 | H14: =(input!B14+'utility rates'!$N40-5000)/'ON avg'!H12 -> 15.927743 | L14: 2029 | M14: =M13+M$8*(1+input!$B$8)^($L14-2024) -> 9484.9371 | N14: =N13+N$8*(1+input!$B$8)^($L14-2024) -> 9508.1275 | O14: =O13+O$8*(1+input!$B$8)^($L14-2024) -> 7730.4538 | P14: =P13+P$8*(1+input!$B$8)^($L14-2024) -> 8070 | Q14: =Q13+Q$8*(1+input!$B$8)^($L14-2024) -> -17905.924 | R14: =R13+R$8*(1+input!$B$8)^($L14-2024) -> -21719.668 | S14: =S13+S$8*(1+input!$B$8)^($L14-2024) -> -25423.812 | T14: =T13+T$8*(1+input!$B$8)^($L14-2024) -> -34654.658 | ... AB14: =AB13+AB$8*(1+input!$B$8)^($L14-2024) -> -27201.486
A15: payback (with 10 K grant) | F15: =+(input!B12+'utility rates'!$L40-10000)/'ON avg'!F12 -> 11.656445 | G15: =+(input!B13+'utility rates'!$M40-10000)/'ON avg'!G12 -> 12.39537 | H15: =(input!B14+'utility rates'!$N40-10000)/'ON avg'!H12 -> 12.764833 | L15: 2030 | M15: =M14+M$8*(1+input!$B$8)^($L15-2024) -> 11065.76 | N15: =N14+N$8*(1+input!$B$8)^($L15-2024) -> 11092.815 | O15: =O14+O$8*(1+input!$B$8)^($L15-2024) -> 9018.8627 | P15: =P14+P$8*(1+input!$B$8)^($L15-2024) -> 9415 | Q15: =Q14+Q$8*(1+input!$B$8)^($L15-2024) -> -17113.58 | R15: =R14+R$8*(1+input!$B$8)^($L15-2024) -> -20531.152 | S15: =S14+S$8*(1+input!$B$8)^($L15-2024) -> -23839.124 | T15: =T14+T$8*(1+input!$B$8)^($L15-2024) -> -32277.626 | ... AB15: =AB14+AB$8*(1+input!$B$8)^($L15-2024) -> -25913.077
L16: 2031 | M16: =M15+M$8*(1+input!$B$8)^($L16-2024) -> 12646.583 | N16: =N15+N$8*(1+input!$B$8)^($L16-2024) -> 12677.503 | O16: =O15+O$8*(1+input!$B$8)^($L16-2024) -> 10307.272 | P16: =P15+P$8*(1+input!$B$8)^($L16-2024) -> 10760 | Q16: =Q15+Q$8*(1+input!$B$8)^($L16-2024) -> -16321.236 | R16: =R15+R$8*(1+input!$B$8)^($L16-2024) -> -19342.636 | S16: =S15+S$8*(1+input!$B$8)^($L16-2024) -> -22254.436 | T16: =T15+T$8*(1+input!$B$8)^($L16-2024) -> -29900.594 | ... AB16: =AB15+AB$8*(1+input!$B$8)^($L16-2024) -> -24624.668
A17: TOU | L17: 2032 | M17: =M16+M$8*(1+input!$B$8)^($L17-2024) -> 14227.406 | N17: =N16+N$8*(1+input!$B$8)^($L17-2024) -> 14262.191 | O17: =O16+O$8*(1+input!$B$8)^($L17-2024) -> 11595.681 | P17: =P16+P$8*(1+input!$B$8)^($L17-2024) -> 12105 | Q17: =Q16+Q$8*(1+input!$B$8)^($L17-2024) -> -15528.892 | R17: =R16+R$8*(1+input!$B$8)^($L17-2024) -> -18154.12 | S17: =S16+S$8*(1+input!$B$8)^($L17-2024) -> -20669.749 | T17: =T16+T$8*(1+input!$B$8)^($L17-2024) -> -27523.562 | ... AB17: =AB16+AB$8*(1+input!$B$8)^($L17-2024) -> -23336.259
L18: 2033 | M18: =M17+M$8*(1+input!$B$8)^($L18-2024) -> 15808.229 | N18: =N17+N$8*(1+input!$B$8)^($L18-2024) -> 15846.879 | O18: =O17+O$8*(1+input!$B$8)^($L18-2024) -> 12884.09 | P18: =P17+P$8*(1+input!$B$8)^($L18-2024) -> 13450 | Q18: =Q17+Q$8*(1+input!$B$8)^($L18-2024) -> -14736.548 | R18: =R17+R$8*(1+input!$B$8)^($L18-2024) -> -16965.604 | S18: =S17+S$8*(1+input!$B$8)^($L18-2024) -> -19085.061 | T18: =T17+T$8*(1+input!$B$8)^($L18-2024) -> -25146.53 | ... AB18: =AB17+AB$8*(1+input!$B$8)^($L18-2024) -> -22047.85
A19: on-peak summer | B19: ='utility rates'!T23 -> 0.18624244 | D19: =(Toronto!D18+Ottawa!D18+Sudbury!D18+London!D18)/4 -> 0.32720978 | E19: =D19*'kWh per yr'!G$22 -> 356.67404 | F19: =$E19*F$3*$B19 -> 332.13922 | G19: =$E19*G$3*$B19 -> 498.20883 | H19: =$E19*H$3*$B19 -> 664.27845 | L19: 2034 | M19: =M18+M$8*(1+input!$B$8)^($L19-2024) -> 17389.051 | N19: =N18+N$8*(1+input!$B$8)^($L19-2024) -> 17431.567 | O19: =O18+O$8*(1+input!$B$8)^($L19-2024) -> 14172.499 | P19: =P18+P$8*(1+input!$B$8)^($L19-2024) -> 14795 | Q19: =Q18+Q$8*(1+input!$B$8)^($L19-2024) -> -13944.204 | R19: =R18+R$8*(1+input!$B$8)^($L19-2024) -> -15777.088 | S19: =S18+S$8*(1+input!$B$8)^($L19-2024) -> -17500.373 | T19: =T18+T$8*(1+input!$B$8)^($L19-2024) -> -22769.498 | ... AB19: =AB18+AB$8*(1+input!$B$8)^($L19-2024) -> -20759.441
A20: on-peak winter | B20: ='utility rates'!T23 -> 0.18624244 | D20: =(Toronto!D19+Ottawa!D19+Sudbury!D19+London!D19)/4 -> 0.058933215 | E20: =D20*'kWh per yr'!G$22 -> 64.239975 | F20: =$E20*F$3*$B20 -> 59.82105 | G20: =$E20*G$3*$B20 -> 89.731575 | H20: =$E20*H$3*$B20 -> 119.6421 | L20: 2035 | M20: =M19+M$8*(1+input!$B$8)^($L20-2024) -> 18969.874 | N20: =N19+N$8*(1+input!$B$8)^($L20-2024) -> 19016.255 | O20: =O19+O$8*(1+input!$B$8)^($L20-2024) -> 15460.908 | P20: =P19+P$8*(1+input!$B$8)^($L20-2024) -> 16140 | Q20: =Q19+Q$8*(1+input!$B$8)^($L20-2024) -> -13151.86 | R20: =R19+R$8*(1+input!$B$8)^($L20-2024) -> -14588.572 | S20: =S19+S$8*(1+input!$B$8)^($L20-2024) -> -15915.685 | T20: =T19+T$8*(1+input!$B$8)^($L20-2024) -> -20392.466 | ... AB20: =AB19+AB$8*(1+input!$B$8)^($L20-2024) -> -19471.032
A21: mid-peak summer | B21: ='utility rates'!T24 -> 0.13334656 | D21: =(Toronto!D20+Ottawa!D20+Sudbury!D20+London!D20)/4 -> 0.16663212 | E21: =D21*'kWh per yr'!G$22 -> 181.63685 | F21: =$E21*F$3*$B21 -> 121.10324 | G21: =$E21*G$3*$B21 -> 181.65486 | H21: =$E21*H$3*$B21 -> 242.20648 | L21: 2036 | M21: =M20+M$8*(1+input!$B$8)^($L21-2024) -> 20550.697 | N21: =N20+N$8*(1+input!$B$8)^($L21-2024) -> 20600.943 | O21: =O20+O$8*(1+input!$B$8)^($L21-2024) -> 16749.317 | P21: =P20+P$8*(1+input!$B$8)^($L21-2024) -> 17485 | Q21: =Q20+Q$8*(1+input!$B$8)^($L21-2024) -> -12359.516 | R21: =R20+R$8*(1+input!$B$8)^($L21-2024) -> -13400.056 | S21: =S20+S$8*(1+input!$B$8)^($L21-2024) -> -14330.997 | T21: =T20+T$8*(1+input!$B$8)^($L21-2024) -> -18015.434 | ... AB21: =AB20+AB$8*(1+input!$B$8)^($L21-2024) -> -18182.623
A22: mid-peak winter | B22: =+'utility rates'!T24 -> 0.13334656 | D22: =(Toronto!D21+Ottawa!D21+Sudbury!D21+London!D21)/4 -> 0.17518676 | E22: =D22*'kWh per yr'!G$22 -> 190.9618 | F22: =$E22*F$3*$B22 -> 127.32049 | G22: =$E22*G$3*$B22 -> 190.98074 | H22: =$E22*H$3*$B22 -> 254.64099 | L22: 2037 | M22: =M21+M$8*(1+input!$B$8)^($L22-2024) -> 22131.52 | N22: =N21+N$8*(1+input!$B$8)^($L22-2024) -> 22185.631 | O22: =O21+O$8*(1+input!$B$8)^($L22-2024) -> 18037.725 | P22: =P21+P$8*(1+input!$B$8)^($L22-2024) -> 18830 | Q22: =Q21+Q$8*(1+input!$B$8)^($L22-2024) -> -11567.172 | R22: =R21+R$8*(1+input!$B$8)^($L22-2024) -> -12211.54 | S22: =S21+S$8*(1+input!$B$8)^($L22-2024) -> -12746.309 | T22: =T21+T$8*(1+input!$B$8)^($L22-2024) -> -15638.403 | ... AB22: =AB21+AB$8*(1+input!$B$8)^($L22-2024) -> -16894.214
A23: off-peak weekend | B23: ='utility rates'!T22 -> 0.10249062 | D23: =(Toronto!D22+Ottawa!D22+Sudbury!D22+London!D22)/4 -> 0.26112619 | E23: =D23*'kWh per yr'!G$22 -> 284.63982 | F23: =$E23*F$3*$B23 -> 145.86456 | G23: =$E23*G$3*$B23 -> 218.79685 | H23: =$E23*H$3*$B23 -> 291.72913 | L23: 2038 | M23: =M22+M$8*(1+input!$B$8)^($L23-2024) -> 23712.343 | N23: =N22+N$8*(1+input!$B$8)^($L23-2024) -> 23770.319 | O23: =O22+O$8*(1+input!$B$8)^($L23-2024) -> 19326.134 | P23: =P22+P$8*(1+input!$B$8)^($L23-2024) -> 20175 | Q23: =Q22+Q$8*(1+input!$B$8)^($L23-2024) -> -10774.828 | R23: =R22+R$8*(1+input!$B$8)^($L23-2024) -> -11023.024 | S23: =S22+S$8*(1+input!$B$8)^($L23-2024) -> -11161.621 | T23: =T22+T$8*(1+input!$B$8)^($L23-2024) -> -13261.371 | ... AB23: =AB22+AB$8*(1+input!$B$8)^($L23-2024) -> -15605.805
A24: off-peak | B24: ='utility rates'!T22 -> 0.10249062 | D24: =(Toronto!D23+Ottawa!D23+Sudbury!D23+London!D23)/4 -> 0.010911944 | E24: =D24*'kWh per yr'!G$22 -> 11.894532 | F24: =$E24*F$3*$B24 -> 6.0953899 | G24: =$E24*G$3*$B24 -> 9.1430848 | H24: =$E24*H$3*$B24 -> 12.19078 | L24: 2039 | M24: =M23+M$8*(1+input!$B$8)^($L24-2024) -> 25293.166 | N24: =N23+N$8*(1+input!$B$8)^($L24-2024) -> 25355.007 | O24: =O23+O$8*(1+input!$B$8)^($L24-2024) -> 20614.543 | P24: =P23+P$8*(1+input!$B$8)^($L24-2024) -> 21520 | Q24: =Q23+Q$8*(1+input!$B$8)^($L24-2024) -> -9982.484 | R24: =R23+R$8*(1+input!$B$8)^($L24-2024) -> -9834.5085 | S24: =S23+S$8*(1+input!$B$8)^($L24-2024) -> -9576.9331 | T24: =T23+T$8*(1+input!$B$8)^($L24-2024) -> -10884.339 | ... AB24: =AB23+AB$8*(1+input!$B$8)^($L24-2024) -> -14317.396
L25: 2040 | M25: =M24+M$8*(1+input!$B$8)^($L25-2024) -> 26873.989 | N25: =N24+N$8*(1+input!$B$8)^($L25-2024) -> 26939.695 | O25: =O24+O$8*(1+input!$B$8)^($L25-2024) -> 21902.952 | P25: =P24+P$8*(1+input!$B$8)^($L25-2024) -> 22865 | Q25: =Q24+Q$8*(1+input!$B$8)^($L25-2024) -> -9190.14 | R25: =R24+R$8*(1+input!$B$8)^($L25-2024) -> -8645.9926 | S25: =S24+S$8*(1+input!$B$8)^($L25-2024) -> -7992.2452 | T25: =T24+T$8*(1+input!$B$8)^($L25-2024) -> -8507.3069 | ... AB25: =AB24+AB$8*(1+input!$B$8)^($L25-2024) -> -13028.987
A26: total | D26: =SUM(D19:D24) -> 1 | E26: =SUM(E19:E24) -> 1090.047 | F26: =SUM(F19:F24) -> 792.34396 | G26: =SUM(G19:G24) -> 1188.5159 | H26: =SUM(H19:H24) -> 1584.6879 | L26: 2041 | M26: =M25+M$8*(1+input!$B$8)^($L26-2024) -> 28454.811 | N26: =N25+N$8*(1+input!$B$8)^($L26-2024) -> 28524.383 | O26: =O25+O$8*(1+input!$B$8)^($L26-2024) -> 23191.361 | P26: =P25+P$8*(1+input!$B$8)^($L26-2024) -> 24210 | Q26: =Q25+Q$8*(1+input!$B$8)^($L26-2024) -> -8397.7961 | R26: =R25+R$8*(1+input!$B$8)^($L26-2024) -> -7457.4767 | S26: =S25+S$8*(1+input!$B$8)^($L26-2024) -> -6407.5572 | T26: =T25+T$8*(1+input!$B$8)^($L26-2024) -> -6130.2751 | ... AB26: =AB25+AB$8*(1+input!$B$8)^($L26-2024) -> -11740.578
A27: payback (no grant) | F27: =(input!B12+'utility rates'!$L40)/'ON avg'!F26 -> 24.248796 | G27: =(input!B13+'utility rates'!$M40)/'ON avg'!G26 -> 20.778992 | H27: =(input!B14+'utility rates'!$N40)/'ON avg'!H26 -> 19.04409 | L27: 2042 | M27: =M26+M$8*(1+input!$B$8)^($L27-2024) -> 30035.634 | N27: =N26+N$8*(1+input!$B$8)^($L27-2024) -> 30109.07 | O27: =O26+O$8*(1+input!$B$8)^($L27-2024) -> 24479.77 | P27: =P26+P$8*(1+input!$B$8)^($L27-2024) -> 25555 | Q27: =Q26+Q$8*(1+input!$B$8)^($L27-2024) -> -7605.4521 | R27: =R26+R$8*(1+input!$B$8)^($L27-2024) -> -6268.9607 | S27: =S26+S$8*(1+input!$B$8)^($L27-2024) -> -4822.8693 | T27: =T26+T$8*(1+input!$B$8)^($L27-2024) -> -3753.2432 | ... AB27: =AB26+AB$8*(1+input!$B$8)^($L27-2024) -> -10452.169
A28: payback (with 5K grant) | F28: =(input!B12+'utility rates'!$L40-5000)/'ON avg'!F26 -> 17.938406 | G28: =(input!B13+'utility rates'!$M40-5000)/'ON avg'!G26 -> 16.572065 | H28: =(input!B14+'utility rates'!$N40-5000)/'ON avg'!H26 -> 15.888895 | L28: 2043 | M28: =M27+M$8*(1+input!$B$8)^($L28-2024) -> 31616.457 | N28: =N27+N$8*(1+input!$B$8)^($L28-2024) -> 31693.758 | O28: =O27+O$8*(1+input!$B$8)^($L28-2024) -> 25768.179 | P28: =P27+P$8*(1+input!$B$8)^($L28-2024) -> 26900 | Q28: =Q27+Q$8*(1+input!$B$8)^($L28-2024) -> -6813.1082 | R28: =R27+R$8*(1+input!$B$8)^($L28-2024) -> -5080.4448 | S28: =S27+S$8*(1+input!$B$8)^($L28-2024) -> -3238.1814 | T28: =T27+T$8*(1+input!$B$8)^($L28-2024) -> -1376.2113 | ... AB28: =AB27+AB$8*(1+input!$B$8)^($L28-2024) -> -9163.7605
A29: payback (wth 10K grant) | F29: =(input!B12+'utility rates'!$L40-10000)/'ON avg'!F26 -> 11.628015 | G29: =(input!B13+'utility rates'!$M40-10000)/'ON avg'!G26 -> 12.365138 | H29: =(input!B14+'utility rates'!$N40-10000)/'ON avg'!H26 -> 12.7337 | L29: 2044 | M29: =M28+M$8*(1+input!$B$8)^($L29-2024) -> 33197.28 | N29: =N28+N$8*(1+input!$B$8)^($L29-2024) -> 33278.446 | O29: =O28+O$8*(1+input!$B$8)^($L29-2024) -> 27056.588 | P29: =P28+P$8*(1+input!$B$8)^($L29-2024) -> 28245 | Q29: =Q28+Q$8*(1+input!$B$8)^($L29-2024) -> -6020.7642 | R29: =R28+R$8*(1+input!$B$8)^($L29-2024) -> -3891.9288 | S29: =S28+S$8*(1+input!$B$8)^($L29-2024) -> -1653.4935 | T29: =T28+T$8*(1+input!$B$8)^($L29-2024) -> 1000.8206 | ... AB29: =AB28+AB$8*(1+input!$B$8)^($L29-2024) -> -7875.3516
L30: 2045 | M30: =M29+M$8*(1+input!$B$8)^($L30-2024) -> 34778.103 | N30: =N29+N$8*(1+input!$B$8)^($L30-2024) -> 34863.134 | O30: =O29+O$8*(1+input!$B$8)^($L30-2024) -> 28344.997 | P30: =P29+P$8*(1+input!$B$8)^($L30-2024) -> 29590 | Q30: =Q29+Q$8*(1+input!$B$8)^($L30-2024) -> -5228.4202 | R30: =R29+R$8*(1+input!$B$8)^($L30-2024) -> -2703.4129 | S30: =S29+S$8*(1+input!$B$8)^($L30-2024) -> -68.805564 | T30: =T29+T$8*(1+input!$B$8)^($L30-2024) -> 3377.8525 | ... AB30: =AB29+AB$8*(1+input!$B$8)^($L30-2024) -> -6586.9426
A31: Tiered | L31: 2046 | M31: =M30+M$8*(1+input!$B$8)^($L31-2024) -> 36358.926 | N31: =N30+N$8*(1+input!$B$8)^($L31-2024) -> 36447.822 | O31: =O30+O$8*(1+input!$B$8)^($L31-2024) -> 29633.406 | P31: =P30+P$8*(1+input!$B$8)^($L31-2024) -> 30935 | Q31: =Q30+Q$8*(1+input!$B$8)^($L31-2024) -> -4436.0763 | R31: =R30+R$8*(1+input!$B$8)^($L31-2024) -> -1514.897 | S31: =S30+S$8*(1+input!$B$8)^($L31-2024) -> 1515.8824 | T31: =T30+T$8*(1+input!$B$8)^($L31-2024) -> 5754.8843 | ... AB31: =AB30+AB$8*(1+input!$B$8)^($L31-2024) -> -5298.5336
A32: summer avg monthly use (kWh) | B32: 750 | L32: 2047 | M32: =M31+M$8*(1+input!$B$8)^($L32-2024) -> 37939.748 | N32: =N31+N$8*(1+input!$B$8)^($L32-2024) -> 38032.51 | O32: =O31+O$8*(1+input!$B$8)^($L32-2024) -> 30921.815 | P32: =P31+P$8*(1+input!$B$8)^($L32-2024) -> 32280 | Q32: =Q31+Q$8*(1+input!$B$8)^($L32-2024) -> -3643.7323 | R32: =R31+R$8*(1+input!$B$8)^($L32-2024) -> -326.38103 | S32: =S31+S$8*(1+input!$B$8)^($L32-2024) -> 3100.5703 | T32: =T31+T$8*(1+input!$B$8)^($L32-2024) -> 8131.9162 | ... AB32: =AB31+AB$8*(1+input!$B$8)^($L32-2024) -> -4010.1247
A33: winter avg monthly use (kWh) | B33: 750 | L33: 2048 | M33: =M32+M$8*(1+input!$B$8)^($L33-2024) -> 39520.571 | N33: =N32+N$8*(1+input!$B$8)^($L33-2024) -> 39617.198 | O33: =O32+O$8*(1+input!$B$8)^($L33-2024) -> 32210.224 | P33: =P32+P$8*(1+input!$B$8)^($L33-2024) -> 33625 | Q33: =Q32+Q$8*(1+input!$B$8)^($L33-2024) -> -2851.3884 | R33: =R32+R$8*(1+input!$B$8)^($L33-2024) -> 862.13491 | S33: =S32+S$8*(1+input!$B$8)^($L33-2024) -> 4685.2582 | T33: =T32+T$8*(1+input!$B$8)^($L33-2024) -> 10508.948 | ... AB33: =AB32+AB$8*(1+input!$B$8)^($L33-2024) -> -2721.7157
A34: Tiered winter low | B34: ='utility rates'!T29 -> 0.11659619 | D34: =(Toronto!D32+Ottawa!D32+Sudbury!D32+London!D32)/4 -> 0.32068635 | E34: =D34*'kWh per yr'!G$22 -> 349.5632 | F34: =MAX($E34*F$3-F35/B35,0)*($B34) -> 203.78869 | G34: =MAX($E34*G$3-G35/B35,0)*($B34) -> 305.68304 | H34: =MAX($E34*H$3-H35/B35,0)*($B34) -> 407.57739 | L34: 2049 | M34: =M33+M$8*(1+input!$B$8)^($L34-2024) -> 41101.394 | N34: =N33+N$8*(1+input!$B$8)^($L34-2024) -> 41201.886 | O34: =O33+O$8*(1+input!$B$8)^($L34-2024) -> 33498.633 | P34: =P33+P$8*(1+input!$B$8)^($L34-2024) -> 34970 | Q34: =Q33+Q$8*(1+input!$B$8)^($L34-2024) -> -2059.0444 | R34: =R33+R$8*(1+input!$B$8)^($L34-2024) -> 2050.6509 | S34: =S33+S$8*(1+input!$B$8)^($L34-2024) -> 6269.9461 | T34: =T33+T$8*(1+input!$B$8)^($L34-2024) -> 12885.98 | ... AB34: =AB33+AB$8*(1+input!$B$8)^($L34-2024) -> -1433.3068
A35: Tiered winter high | B35: ='utility rates'!T30 -> 0.13599135 | D35: =(Toronto!D33+Ottawa!D33+Sudbury!D33+London!D33)/4 -> 0.32068635 | E35: =D35*'kWh per yr'!G$22 -> 349.5632 | F35: =MIN(MAX(($B33-1000)*6,0),$E35*F$3)*($B35) -> 0 | G35: =MIN(MAX(($B33-1000)*6,0),$E35*G$3)*($B35) -> 0 | H35: =MIN(MAX(($B33-1000)*6,0),$E35*H$3)*($B35) -> 0 | L35: 2050 | M35: =M34+M$8*(1+input!$B$8)^($L35-2024) -> 42682.217 | N35: =N34+N$8*(1+input!$B$8)^($L35-2024) -> 42786.574 | O35: =O34+O$8*(1+input!$B$8)^($L35-2024) -> 34787.042 | P35: =P34+P$8*(1+input!$B$8)^($L35-2024) -> 36315 | Q35: =Q34+Q$8*(1+input!$B$8)^($L35-2024) -> -1266.7004 | R35: =R34+R$8*(1+input!$B$8)^($L35-2024) -> 3239.1668 | S35: =S34+S$8*(1+input!$B$8)^($L35-2024) -> 7854.634 | T35: =T34+T$8*(1+input!$B$8)^($L35-2024) -> 15263.012 | ... AB35: =AB34+AB$8*(1+input!$B$8)^($L35-2024) -> -144.89779
A36: Tiered summer low | B36: ='utility rates'!T29 -> 0.11659619 | D36: =(Toronto!D34+Ottawa!D34+Sudbury!D34+London!D34)/4 -> 0.67931365 | E36: =D36*'kWh per yr'!G$22 -> 740.48381 | F36: =MAX($E36*F$3-F37/B37,0)*($B36) -> 326.75139 | G36: =MAX($E36*G$3-G37/B37,0)*($B36) -> 542.59538 | H36: =MAX($E36*H$3-H37/B37,0)*($B36) -> 758.43936 | L36: 2051 | M36: =M35+M$8*(1+input!$B$8)^($L36-2024) -> 44263.04 | N36: =N35+N$8*(1+input!$B$8)^($L36-2024) -> 44371.262 | O36: =O35+O$8*(1+input!$B$8)^($L36-2024) -> 36075.451 | P36: =P35+P$8*(1+input!$B$8)^($L36-2024) -> 37660 | Q36: =Q35+Q$8*(1+input!$B$8)^($L36-2024) -> -474.35649 | R36: =R35+R$8*(1+input!$B$8)^($L36-2024) -> 4427.6827 | S36: =S35+S$8*(1+input!$B$8)^($L36-2024) -> 9439.322 | T36: =T35+T$8*(1+input!$B$8)^($L36-2024) -> 17640.044 | ... AB36: =AB35+AB$8*(1+input!$B$8)^($L36-2024) -> 1143.5112
A37: Tiered summer high | B37: ='utility rates'!T30 -> 0.13599135 | D37: =(Toronto!D35+Ottawa!D35+Sudbury!D35+London!D35)/4 -> 0.67931365 | E37: =D37*'kWh per yr'!G$22 -> 740.48381 | F37: =MIN(MAX(($B32-600)*6,0),$E37*F$3)*($B37) -> 122.39222 | G37: =MIN(MAX(($B32-600)*6,0),$E37*G$3)*($B37) -> 122.39222 | H37: =MIN(MAX(($B32-600)*6,0),$E37*H$3)*($B37) -> 122.39222 | L37: 2052 | M37: =M36+M$8*(1+input!$B$8)^($L37-2024) -> 45843.863 | N37: =N36+N$8*(1+input!$B$8)^($L37-2024) -> 45955.95 | O37: =O36+O$8*(1+input!$B$8)^($L37-2024) -> 37363.86 | P37: =P36+P$8*(1+input!$B$8)^($L37-2024) -> 39005 | Q37: =Q36+Q$8*(1+input!$B$8)^($L37-2024) -> 317.98747 | R37: =R36+R$8*(1+input!$B$8)^($L37-2024) -> 5616.1987 | S37: =S36+S$8*(1+input!$B$8)^($L37-2024) -> 11024.01 | T37: =T36+T$8*(1+input!$B$8)^($L37-2024) -> 20017.076 | ... AB37: =AB36+AB$8*(1+input!$B$8)^($L37-2024) -> 2431.9201
L38: 2053 | M38: =M37+M$8*(1+input!$B$8)^($L38-2024) -> 47424.686 | N38: =N37+N$8*(1+input!$B$8)^($L38-2024) -> 47540.638 | O38: =O37+O$8*(1+input!$B$8)^($L38-2024) -> 38652.269 | P38: =P37+P$8*(1+input!$B$8)^($L38-2024) -> 40350 | Q38: =Q37+Q$8*(1+input!$B$8)^($L38-2024) -> 1110.3314 | R38: =R37+R$8*(1+input!$B$8)^($L38-2024) -> 6804.7146 | S38: =S37+S$8*(1+input!$B$8)^($L38-2024) -> 12608.698 | T38: =T37+T$8*(1+input!$B$8)^($L38-2024) -> 22394.107 | ... AB38: =AB37+AB$8*(1+input!$B$8)^($L38-2024) -> 3720.3291
A39: total | D39: =SUM(D34:D37)/2 -> 1 | E39: =SUM(E34:E37)/2 -> 1090.047 | F39: =SUM(F34:F37) -> 652.9323 | G39: =SUM(G34:G37) -> 970.67063 | H39: =SUM(H34:H37) -> 1288.409 | L39: 2054 | M39: =M38+M$8*(1+input!$B$8)^($L39-2024) -> 49005.508 | N39: =N38+N$8*(1+input!$B$8)^($L39-2024) -> 49125.326 | O39: =O38+O$8*(1+input!$B$8)^($L39-2024) -> 39940.678 | P39: =P38+P$8*(1+input!$B$8)^($L39-2024) -> 41695 | Q39: =Q38+Q$8*(1+input!$B$8)^($L39-2024) -> 1902.6754 | R39: =R38+R$8*(1+input!$B$8)^($L39-2024) -> 7993.2306 | S39: =S38+S$8*(1+input!$B$8)^($L39-2024) -> 14193.386 | T39: =T38+T$8*(1+input!$B$8)^($L39-2024) -> 24771.139 | ... AB39: =AB38+AB$8*(1+input!$B$8)^($L39-2024) -> 5008.7381
A40: payback (no grant) | F40: =(input!$B12+'utility rates'!$L40)/'ON avg'!F39 -> 29.426308 | G40: =(input!$B13+'utility rates'!$L40)/'ON avg'!G39 -> 25.397873 | H40: =(input!$B14+'utility rates'!$L40)/'ON avg'!H39 -> 23.356367 | L40: 2055 | M40: =M39+M$8*(1+input!$B$8)^($L40-2024) -> 50586.331 | N40: =N39+N$8*(1+input!$B$8)^($L40-2024) -> 50710.013 | O40: =O39+O$8*(1+input!$B$8)^($L40-2024) -> 41229.087 | P40: =P39+P$8*(1+input!$B$8)^($L40-2024) -> 43040 | Q40: =Q39+Q$8*(1+input!$B$8)^($L40-2024) -> 2695.0194 | R40: =R39+R$8*(1+input!$B$8)^($L40-2024) -> 9181.7465 | S40: =S39+S$8*(1+input!$B$8)^($L40-2024) -> 15778.074 | T40: =T39+T$8*(1+input!$B$8)^($L40-2024) -> 27148.171 | ... AB40: =AB39+AB$8*(1+input!$B$8)^($L40-2024) -> 6297.147
A41: payback (with 5K grant) | F41: =(input!$B12+'utility rates'!$L40-5000)/F39 -> 21.768547 | G41: =(input!$B13+'utility rates'!$L40-5000)/G39 -> 20.246795 | H41: =(input!$B14+'utility rates'!$L40-5000)/H39 -> 19.475611 | L41: 2056 | M41: =M40+M$8*(1+input!$B$8)^($L41-2024) -> 52167.154 | N41: =N40+N$8*(1+input!$B$8)^($L41-2024) -> 52294.701 | O41: =O40+O$8*(1+input!$B$8)^($L41-2024) -> 42517.496 | P41: =P40+P$8*(1+input!$B$8)^($L41-2024) -> 44385 | Q41: =Q40+Q$8*(1+input!$B$8)^($L41-2024) -> 3487.3633 | R41: =R40+R$8*(1+input!$B$8)^($L41-2024) -> 10370.262 | S41: =S40+S$8*(1+input!$B$8)^($L41-2024) -> 17362.762 | T41: =T40+T$8*(1+input!$B$8)^($L41-2024) -> 29525.203 | ... AB41: =AB40+AB$8*(1+input!$B$8)^($L41-2024) -> 7585.556
A42: payback (with 10K grant) | F42: =(input!$B12+'utility rates'!$L40-10000)/F39 -> 14.110785 | G42: =(input!$B13+'utility rates'!$L40-10000)/G39 -> 15.095718 | H42: =(input!$B14+'utility rates'!$L40-10000)/H39 -> 15.594856 | L42: 2057 | M42: =M41+M$8*(1+input!$B$8)^($L42-2024) -> 53747.977 | N42: =N41+N$8*(1+input!$B$8)^($L42-2024) -> 53879.389 | O42: =O41+O$8*(1+input!$B$8)^($L42-2024) -> 43805.905 | P42: =P41+P$8*(1+input!$B$8)^($L42-2024) -> 45730 | Q42: =Q41+Q$8*(1+input!$B$8)^($L42-2024) -> 4279.7073 | R42: =R41+R$8*(1+input!$B$8)^($L42-2024) -> 11558.778 | S42: =S41+S$8*(1+input!$B$8)^($L42-2024) -> 18947.449 | T42: =T41+T$8*(1+input!$B$8)^($L42-2024) -> 31902.235 | ... AB42: =AB41+AB$8*(1+input!$B$8)^($L42-2024) -> 8873.965
L43: 2058 | M43: =M42+M$8*(1+input!$B$8)^($L43-2024) -> 55328.8 | N43: =N42+N$8*(1+input!$B$8)^($L43-2024) -> 55464.077 | O43: =O42+O$8*(1+input!$B$8)^($L43-2024) -> 45094.314 | P43: =P42+P$8*(1+input!$B$8)^($L43-2024) -> 47075 | Q43: =Q42+Q$8*(1+input!$B$8)^($L43-2024) -> 5072.0512 | R43: =R42+R$8*(1+input!$B$8)^($L43-2024) -> 12747.294 | S43: =S42+S$8*(1+input!$B$8)^($L43-2024) -> 20532.137 | T43: =T42+T$8*(1+input!$B$8)^($L43-2024) -> 34279.267 | ... AB43: =AB42+AB$8*(1+input!$B$8)^($L43-2024) -> 10162.374
L44: 2059 | M44: =M43+M$8*(1+input!$B$8)^($L44-2024) -> 56909.623 | N44: =N43+N$8*(1+input!$B$8)^($L44-2024) -> 57048.765 | O44: =O43+O$8*(1+input!$B$8)^($L44-2024) -> 46382.723 | P44: =P43+P$8*(1+input!$B$8)^($L44-2024) -> 48420 | Q44: =Q43+Q$8*(1+input!$B$8)^($L44-2024) -> 5864.3952 | R44: =R43+R$8*(1+input!$B$8)^($L44-2024) -> 13935.81 | S44: =S43+S$8*(1+input!$B$8)^($L44-2024) -> 22116.825 | T44: =T43+T$8*(1+input!$B$8)^($L44-2024) -> 36656.299 | ... AB44: =AB43+AB$8*(1+input!$B$8)^($L44-2024) -> 11450.783
L45: 2060 | M45: =M44+M$8*(1+input!$B$8)^($L45-2024) -> 58490.446 | N45: =N44+N$8*(1+input!$B$8)^($L45-2024) -> 58633.453 | O45: =O44+O$8*(1+input!$B$8)^($L45-2024) -> 47671.132 | P45: =P44+P$8*(1+input!$B$8)^($L45-2024) -> 49765 | Q45: =Q44+Q$8*(1+input!$B$8)^($L45-2024) -> 6656.7392 | R45: =R44+R$8*(1+input!$B$8)^($L45-2024) -> 15124.326 | S45: =S44+S$8*(1+input!$B$8)^($L45-2024) -> 23701.513 | T45: =T44+T$8*(1+input!$B$8)^($L45-2024) -> 39033.331 | ... AB45: =AB44+AB$8*(1+input!$B$8)^($L45-2024) -> 12739.192
L46: 2061 | M46: =M45+M$8*(1+input!$B$8)^($L46-2024) -> 60071.268 | N46: =N45+N$8*(1+input!$B$8)^($L46-2024) -> 60218.141 | O46: =O45+O$8*(1+input!$B$8)^($L46-2024) -> 48959.541 | P46: =P45+P$8*(1+input!$B$8)^($L46-2024) -> 51110 | Q46: =Q45+Q$8*(1+input!$B$8)^($L46-2024) -> 7449.0831 | R46: =R45+R$8*(1+input!$B$8)^($L46-2024) -> 16312.842 | S46: =S45+S$8*(1+input!$B$8)^($L46-2024) -> 25286.201 | T46: =T45+T$8*(1+input!$B$8)^($L46-2024) -> 41410.363 | ... AB46: =AB45+AB$8*(1+input!$B$8)^($L46-2024) -> 14027.601
L47: 2062 | M47: =M46+M$8*(1+input!$B$8)^($L47-2024) -> 61652.091 | N47: =N46+N$8*(1+input!$B$8)^($L47-2024) -> 61802.829 | O47: =O46+O$8*(1+input!$B$8)^($L47-2024) -> 50247.95 | P47: =P46+P$8*(1+input!$B$8)^($L47-2024) -> 52455 | Q47: =Q46+Q$8*(1+input!$B$8)^($L47-2024) -> 8241.4271 | R47: =R46+R$8*(1+input!$B$8)^($L47-2024) -> 17501.358 | S47: =S46+S$8*(1+input!$B$8)^($L47-2024) -> 26870.889 | T47: =T46+T$8*(1+input!$B$8)^($L47-2024) -> 43787.394 | ... AB47: =AB46+AB$8*(1+input!$B$8)^($L47-2024) -> 15316.01
L48: 2063 | M48: =M47+M$8*(1+input!$B$8)^($L48-2024) -> 63232.914 | N48: =N47+N$8*(1+input!$B$8)^($L48-2024) -> 63387.517 | O48: =O47+O$8*(1+input!$B$8)^($L48-2024) -> 51536.359 | P48: =P47+P$8*(1+input!$B$8)^($L48-2024) -> 53800 | Q48: =Q47+Q$8*(1+input!$B$8)^($L48-2024) -> 9033.771 | R48: =R47+R$8*(1+input!$B$8)^($L48-2024) -> 18689.874 | S48: =S47+S$8*(1+input!$B$8)^($L48-2024) -> 28455.577 | T48: =T47+T$8*(1+input!$B$8)^($L48-2024) -> 46164.426 | ... AB48: =AB47+AB$8*(1+input!$B$8)^($L48-2024) -> 16604.419
L49: 2064 | M49: =M48+M$8*(1+input!$B$8)^($L49-2024) -> 64813.737 | N49: =N48+N$8*(1+input!$B$8)^($L49-2024) -> 64972.205 | O49: =O48+O$8*(1+input!$B$8)^($L49-2024) -> 52824.768 | P49: =P48+P$8*(1+input!$B$8)^($L49-2024) -> 55145 | Q49: =Q48+Q$8*(1+input!$B$8)^($L49-2024) -> 9826.115 | R49: =R48+R$8*(1+input!$B$8)^($L49-2024) -> 19878.39 | S49: =S48+S$8*(1+input!$B$8)^($L49-2024) -> 30040.265 | T49: =T48+T$8*(1+input!$B$8)^($L49-2024) -> 48541.458 | ... AB49: =AB48+AB$8*(1+input!$B$8)^($L49-2024) -> 17892.828
L50: 2065 | M50: =M49+M$8*(1+input!$B$8)^($L50-2024) -> 66394.56 | N50: =N49+N$8*(1+input!$B$8)^($L50-2024) -> 66556.893 | O50: =O49+O$8*(1+input!$B$8)^($L50-2024) -> 54113.176 | P50: =P49+P$8*(1+input!$B$8)^($L50-2024) -> 56490 | Q50: =Q49+Q$8*(1+input!$B$8)^($L50-2024) -> 10618.459 | R50: =R49+R$8*(1+input!$B$8)^($L50-2024) -> 21066.906 | S50: =S49+S$8*(1+input!$B$8)^($L50-2024) -> 31624.953 | T50: =T49+T$8*(1+input!$B$8)^($L50-2024) -> 50918.49 | ... AB50: =AB49+AB$8*(1+input!$B$8)^($L50-2024) -> 19181.237
L51: 2066 | M51: =M50+M$8*(1+input!$B$8)^($L51-2024) -> 67975.383 | N51: =N50+N$8*(1+input!$B$8)^($L51-2024) -> 68141.581 | O51: =O50+O$8*(1+input!$B$8)^($L51-2024) -> 55401.585 | P51: =P50+P$8*(1+input!$B$8)^($L51-2024) -> 57835 | Q51: =Q50+Q$8*(1+input!$B$8)^($L51-2024) -> 11410.803 | R51: =R50+R$8*(1+input!$B$8)^($L51-2024) -> 22255.422 | S51: =S50+S$8*(1+input!$B$8)^($L51-2024) -> 33209.641 | T51: =T50+T$8*(1+input!$B$8)^($L51-2024) -> 53295.522 | ... AB51: =AB50+AB$8*(1+input!$B$8)^($L51-2024) -> 20469.646

Sheet Alectra
Q2: TOU | W2: ULO | Z2: Tiered
F3: =input!$B$3 -> 5 | G3: =input!$B$4 -> 7.5 | H3: =input!$B$5 -> 10 | P3: need to change B32 and B33 | Q3: 5 | R3: 7.5 | S3: 10 | T3: 15 | U3: 20 | V3: 25 | W3: 5 | X3: 7.5 | Y3: 10 | Z3: 5 | AA3: 7.5 | AB3: 10
B4: electricity cost/kWh | C4: kW/m2/yr | D4: % of total | E4: kWh/kW | F4: annual savings | G4: annual savings | H4: annual savings | P4: solar array cost | Q4: =input!$B12+'utility rates'!$L39-input!$B30*Q3 -> 19275.75 | R4: =input!$B13+'utility rates'!$M39-input!$B30*R3 -> 24715.332 | S4: =input!$B14+'utility rates'!$N39-input!$B30*S3 -> 30154.915 | T4: =input!$B15+'utility rates'!$O39-input!$B30*T3 -> 42728.769 | U4: =input!$B16+'utility rates'!$P39-input!$B30*U3 -> 53607.934 | V4: =input!$B17+'utility rates'!$Q39-input!$B30*V3 -> 64487.099 | W4: =input!$B12+'utility rates'!$L39-input!$B30*W3 -> 19275.75 | X4: =input!$B13+'utility rates'!$M39-input!$B30*X3 -> 24715.332 | Y4: =input!$B14+'utility rates'!$N39-input!$B30*Y3 -> 30154.915 | Z4: =input!$B15+'utility rates'!$O39-input!$B30*Z3 -> 42728.769 | AA4: =input!$B16+'utility rates'!$P39-input!$B30*AA3 -> 53607.934 | AB4: =input!$B17+'utility rates'!$Q39-input!$B30*AB3 -> 64487.099
A5: ULO | D5: average from other cities | P5: replacement inverter cost | Q5: =input!$B22 -> 3446.6 | R5: =input!$B23 -> 4154.6 | S5: =input!$B24 -> 4753 | T5: =input!$B25 -> 6077.6667 | U5: =input!$B26 -> 7384.0667 | V5: =input!$B27 -> 8690.4667 | W5: =input!$B22 -> 3446.6 | X5: =input!$B23 -> 4154.6 | Y5: =input!$B24 -> 4753 | Z5: =input!$B22 -> 3446.6 | AA5: =input!$B23 -> 4154.6 | AB5: =input!$B24 -> 4753
L6: payback | Q6: =COUNTIF(Q8:Q45, "<0")+1 -> 29 | R6: =COUNTIF(R8:R45, "<0")+1 -> 25 | S6: =COUNTIF(S8:S45, "<0")+1 -> 23 | T6: =COUNTIF(T8:T45, "<0")+1 -> 21 | U6: =COUNTIF(U8:U45, "<0")+1 -> 20 | V6: =COUNTIF(V8:V45, "<0")+1 -> 19 | W6: =COUNTIF(W8:W45, "<0")+1 -> 29 | X6: =COUNTIF(X8:X45, "<0")+1 -> 25 | ... AB6: =COUNTIF(AB8:AB45, "<0")+1 -> 38
A7: on-peak | B7: ='utility rates'!S25 -> 0.27627079 | D7: =(Toronto!D7+Ottawa!D7+Sudbury!D7+London!D7)/4 -> 0.13773564 | E7: =D7*'kWh per yr'!G$22 -> 150.13832 | F7: =$E7*F$3*$B7 -> 207.39417 | G7: =$E7*G$3*$B7 -> 311.09125 | H7: =$E7*H$3*$B7 -> 414.78833 | L7: year | M7: ULO | N7: TOU | O7: tiered (avg electricity use) | P7: tiered (avg use with ASHP/HPWH + EV) | Q7: cumulative annual savings (5 kW | R7: cumulative annual savings 7.5 kW | S7: cumulative annual savings 10 kW | W7: cumulative annual savings (5 kW | X7: cumulative annual savings 7.5 kW | Y7: cumulative annual savings 10 kW | Z7: cumulative annual savings (5 kW | AA7: cumulative annual savings 7.5 kW | AB7: cumulative annual savings 10 kW
A8: mid-peak | B8: ='utility rates'!S26 -> 0.13223607 | D8: =(Toronto!D8+Ottawa!D8+Sudbury!D8+London!D8)/4 -> 0.59936894 | E8: =D8*'kWh per yr'!G$22 -> 653.34032 | F8: =$E8*F$3*$B8 -> 431.97578 | G8: =$E8*G$3*$B8 -> 647.96367 | H8: =$E8*H$3*$B8 -> 863.95156 | L8: 2024 savings | M8: =Y8 -> 1568.2361 | N8: =S8 -> 1572.0866 | O8: =AB8 -> 1276.9293 | P8: 1345 | Q8: =F26 -> 786.04328 | R8: =G26 -> 1179.0649 | S8: =H26 -> 1572.0866 | T8: =Q8*3 -> 2358.1299 | U8: =Q8*4 -> 3144.1731 | V8: =Q8*5 -> 3930.2164 | W8: =F12 -> 784.11807 | X8: =G12 -> 1176.1771 | Y8: =H12 -> 1568.2361 | Z8: =F39 -> 647.15942 | AA8: =G39 -> 962.04435 | AB8: =H39 -> 1276.9293
A9: weekend off-peak | B9: ='utility rates'!S27 -> 0.10149695 | D9: =(Toronto!D9+Ottawa!D9+Sudbury!D9+London!D9)/4 -> 0.26048425 | E9: =D9*'kWh per yr'!G$22 -> 283.94008 | F9: =$E9*F$3*$B9 -> 144.09526 | G9: =$E9*G$3*$B9 -> 216.14289 | H9: =$E9*H$3*$B9 -> 288.19052 | L9: 2024 | M9: =M8 -> 1568.2361 | N9: =N8 -> 1572.0866 | O9: =O8 -> 1276.9293 | P9: =P8 -> 1345 | Q9: =Q8-Q4-Q5 -> -21936.306 | R9: =R8-R4-R5 -> -27690.867 | S9: =S8-S4-S5 -> -33335.828 | T9: =T8-T4-T5 -> -46448.306 | U9: =U8-U4-U5 -> -57847.828 | V9: =V8-V4-V5 -> -69247.349 | W9: =W8-W4-W5 -> -21938.232 | X9: =X8-X4-X5 -> -27693.755 | ... AB9: =AB8-AB4-AB5 -> -67963.17
A10: ultralow overnight | B10: ='utility rates'!S28 -> 0.04967958 | D10: =(Toronto!D10+Ottawa!D10+Sudbury!D10+London!D10)/4 -> 0.002411172 | E10: =D10*'kWh per yr'!G$22 -> 2.6282908 | F10: =$E10*F$3*$B10 -> 0.65286192 | G10: =$E10*G$3*$B10 -> 0.97929289 | H10: =$E10*H$3*$B10 -> 1.3057238 | L10: 2025 | M10: =M9+M$8*(1+input!$B$8)^($L10-2024) -> 3136.4723 | N10: =N9+N$8*(1+input!$B$8)^($L10-2024) -> 3144.1731 | O10: =O9+O$8*(1+input!$B$8)^($L10-2024) -> 2553.8586 | P10: =P9+P$8*(1+input!$B$8)^($L10-2024) -> 2690 | Q10: =Q9+Q$8*(1+input!$B$8)^($L10-2024) -> -21150.263 | R10: =R9+R$8*(1+input!$B$8)^($L10-2024) -> -26511.802 | S10: =S9+S$8*(1+input!$B$8)^($L10-2024) -> -31763.741 | T10: =T9+T$8*(1+input!$B$8)^($L10-2024) -> -44090.176 | ... AB10: =AB9+AB$8*(1+input!$B$8)^($L10-2024) -> -66686.241
L11: 2026 | M11: =M10+M$8*(1+input!$B$8)^($L11-2024) -> 4704.7084 | N11: =N10+N$8*(1+input!$B$8)^($L11-2024) -> 4716.2597 | O11: =O10+O$8*(1+input!$B$8)^($L11-2024) -> 3830.7878 | P11: =P10+P$8*(1+input!$B$8)^($L11-2024) -> 4035 | Q11: =Q10+Q$8*(1+input!$B$8)^($L11-2024) -> -20364.22 | R11: =R10+R$8*(1+input!$B$8)^($L11-2024) -> -25332.737 | S11: =S10+S$8*(1+input!$B$8)^($L11-2024) -> -30191.655 | T11: =T10+T$8*(1+input!$B$8)^($L11-2024) -> -41732.047 | ... AB11: =AB10+AB$8*(1+input!$B$8)^($L11-2024) -> -65409.311
A12: total | D12: =SUM(D7:D10) -> 1 | E12: =SUM(E7:E10) -> 1090.047 | F12: =SUM(F7:F10) -> 784.11807 | G12: =SUM(G7:G10) -> 1176.1771 | H12: =SUM(H7:H10) -> 1568.2361 | L12: 2027 | M12: =M11+M$8*(1+input!$B$8)^($L12-2024) -> 6272.9445 | N12: =N11+N$8*(1+input!$B$8)^($L12-2024) -> 6288.3463 | O12: =O11+O$8*(1+input!$B$8)^($L12-2024) -> 5107.7171 | P12: =P11+P$8*(1+input!$B$8)^($L12-2024) -> 5380 | Q12: =Q11+Q$8*(1+input!$B$8)^($L12-2024) -> -19578.177 | R12: =R11+R$8*(1+input!$B$8)^($L12-2024) -> -24153.672 | S12: =S11+S$8*(1+input!$B$8)^($L12-2024) -> -28619.568 | T12: =T11+T$8*(1+input!$B$8)^($L12-2024) -> -39373.917 | ... AB12: =AB11+AB$8*(1+input!$B$8)^($L12-2024) -> -64132.382
A13: payback (no grant) | F13: =(input!B12+'utility rates'!$L40)/Alectra!F12 -> 24.503182 | G13: =(input!B13+'utility rates'!$M40)/Alectra!G12 -> 20.996977 | H13: =(input!B14+'utility rates'!$N40)/Alectra!H12 -> 19.243875 | L13: 2028 | M13: =M12+M$8*(1+input!$B$8)^($L13-2024) -> 7841.1807 | N13: =N12+N$8*(1+input!$B$8)^($L13-2024) -> 7860.4328 | O13: =O12+O$8*(1+input!$B$8)^($L13-2024) -> 6384.6464 | P13: =P12+P$8*(1+input!$B$8)^($L13-2024) -> 6725 | Q13: =Q12+Q$8*(1+input!$B$8)^($L13-2024) -> -18792.133 | R13: =R12+R$8*(1+input!$B$8)^($L13-2024) -> -22974.608 | S13: =S12+S$8*(1+input!$B$8)^($L13-2024) -> -27047.482 | T13: =T12+T$8*(1+input!$B$8)^($L13-2024) -> -37015.787 | ... AB13: =AB12+AB$8*(1+input!$B$8)^($L13-2024) -> -62855.453
A14: payback (with 5K grant) | F14: =(input!B12+'utility rates'!$L40-5000)/Alectra!F12 -> 18.126591 | G14: =(input!B13+'utility rates'!$M40-5000)/Alectra!G12 -> 16.745917 | H14: =(input!B14+'utility rates'!$N40-5000)/Alectra!H12 -> 16.055579 | L14: 2029 | M14: =M13+M$8*(1+input!$B$8)^($L14-2024) -> 9409.4168 | N14: =N13+N$8*(1+input!$B$8)^($L14-2024) -> 9432.5194 | O14: =O13+O$8*(1+input!$B$8)^($L14-2024) -> 7661.5757 | P14: =P13+P$8*(1+input!$B$8)^($L14-2024) -> 8070 | Q14: =Q13+Q$8*(1+input!$B$8)^($L14-2024) -> -18006.09 | R14: =R13+R$8*(1+input!$B$8)^($L14-2024) -> -21795.543 | S14: =S13+S$8*(1+input!$B$8)^($L14-2024) -> -25475.395 | T14: =T13+T$8*(1+input!$B$8)^($L14-2024) -> -34657.657 | ... AB14: =AB13+AB$8*(1+input!$B$8)^($L14-2024) -> -61578.523
A15: payback (with 10 K grant) | F15: =+(input!B12+'utility rates'!$L40-10000)/Alectra!F12 -> 11.75 | G15: =+(input!B13+'utility rates'!$M40-10000)/Alectra!G12 -> 12.494856 | H15: =(input!B14+'utility rates'!$N40-10000)/Alectra!H12 -> 12.867284 | L15: 2030 | M15: =M14+M$8*(1+input!$B$8)^($L15-2024) -> 10977.653 | N15: =N14+N$8*(1+input!$B$8)^($L15-2024) -> 11004.606 | O15: =O14+O$8*(1+input!$B$8)^($L15-2024) -> 8938.5049 | P15: =P14+P$8*(1+input!$B$8)^($L15-2024) -> 9415 | Q15: =Q14+Q$8*(1+input!$B$8)^($L15-2024) -> -17220.047 | R15: =R14+R$8*(1+input!$B$8)^($L15-2024) -> -20616.478 | S15: =S14+S$8*(1+input!$B$8)^($L15-2024) -> -23903.309 | T15: =T14+T$8*(1+input!$B$8)^($L15-2024) -> -32299.527 | ... AB15: =AB14+AB$8*(1+input!$B$8)^($L15-2024) -> -60301.594
L16: 2031 | M16: =M15+M$8*(1+input!$B$8)^($L16-2024) -> 12545.889 | N16: =N15+N$8*(1+input!$B$8)^($L16-2024) -> 12576.693 | O16: =O15+O$8*(1+input!$B$8)^($L16-2024) -> 10215.434 | P16: =P15+P$8*(1+input!$B$8)^($L16-2024) -> 10760 | Q16: =Q15+Q$8*(1+input!$B$8)^($L16-2024) -> -16434.003 | R16: =R15+R$8*(1+input!$B$8)^($L16-2024) -> -19437.413 | S16: =S15+S$8*(1+input!$B$8)^($L16-2024) -> -22331.222 | T16: =T15+T$8*(1+input!$B$8)^($L16-2024) -> -29941.397 | ... AB16: =AB15+AB$8*(1+input!$B$8)^($L16-2024) -> -59024.665
A17: TOU | L17: 2032 | M17: =M16+M$8*(1+input!$B$8)^($L17-2024) -> 14114.125 | N17: =N16+N$8*(1+input!$B$8)^($L17-2024) -> 14148.779 | O17: =O16+O$8*(1+input!$B$8)^($L17-2024) -> 11492.364 | P17: =P16+P$8*(1+input!$B$8)^($L17-2024) -> 12105 | Q17: =Q16+Q$8*(1+input!$B$8)^($L17-2024) -> -15647.96 | R17: =R16+R$8*(1+input!$B$8)^($L17-2024) -> -18258.348 | S17: =S16+S$8*(1+input!$B$8)^($L17-2024) -> -20759.135 | T17: =T16+T$8*(1+input!$B$8)^($L17-2024) -> -27583.267 | ... AB17: =AB16+AB$8*(1+input!$B$8)^($L17-2024) -> -57747.736
L18: 2033 | M18: =M17+M$8*(1+input!$B$8)^($L18-2024) -> 15682.361 | N18: =N17+N$8*(1+input!$B$8)^($L18-2024) -> 15720.866 | O18: =O17+O$8*(1+input!$B$8)^($L18-2024) -> 12769.293 | P18: =P17+P$8*(1+input!$B$8)^($L18-2024) -> 13450 | Q18: =Q17+Q$8*(1+input!$B$8)^($L18-2024) -> -14861.917 | R18: =R17+R$8*(1+input!$B$8)^($L18-2024) -> -17079.283 | S18: =S17+S$8*(1+input!$B$8)^($L18-2024) -> -19187.049 | T18: =T17+T$8*(1+input!$B$8)^($L18-2024) -> -25225.138 | ... AB18: =AB17+AB$8*(1+input!$B$8)^($L18-2024) -> -56470.806
A19: on-peak summer | B19: ='utility rates'!S23 -> 0.1849317 | D19: =(Toronto!D18+Ottawa!D18+Sudbury!D18+London!D18)/4 -> 0.32720978 | E19: =D19*'kWh per yr'!G$22 -> 356.67404 | F19: =$E19*F$3*$B19 -> 329.80168 | G19: =$E19*G$3*$B19 -> 494.70252 | H19: =$E19*H$3*$B19 -> 659.60336 | L19: 2034 | M19: =M18+M$8*(1+input!$B$8)^($L19-2024) -> 17250.597 | N19: =N18+N$8*(1+input!$B$8)^($L19-2024) -> 17292.952 | O19: =O18+O$8*(1+input!$B$8)^($L19-2024) -> 14046.222 | P19: =P18+P$8*(1+input!$B$8)^($L19-2024) -> 14795 | Q19: =Q18+Q$8*(1+input!$B$8)^($L19-2024) -> -14075.874 | R19: =R18+R$8*(1+input!$B$8)^($L19-2024) -> -15900.218 | S19: =S18+S$8*(1+input!$B$8)^($L19-2024) -> -17614.962 | T19: =T18+T$8*(1+input!$B$8)^($L19-2024) -> -22867.008 | ... AB19: =AB18+AB$8*(1+input!$B$8)^($L19-2024) -> -55193.877
A20: on-peak winter | B20: ='utility rates'!S23 -> 0.1849317 | D20: =(Toronto!D19+Ottawa!D19+Sudbury!D19+London!D19)/4 -> 0.058933215 | E20: =D20*'kWh per yr'!G$22 -> 64.239975 | F20: =$E20*F$3*$B20 -> 59.400039 | G20: =$E20*G$3*$B20 -> 89.100059 | H20: =$E20*H$3*$B20 -> 118.80008 | L20: 2035 | M20: =M19+M$8*(1+input!$B$8)^($L20-2024) -> 18818.834 | N20: =N19+N$8*(1+input!$B$8)^($L20-2024) -> 18865.039 | O20: =O19+O$8*(1+input!$B$8)^($L20-2024) -> 15323.151 | P20: =P19+P$8*(1+input!$B$8)^($L20-2024) -> 16140 | Q20: =Q19+Q$8*(1+input!$B$8)^($L20-2024) -> -13289.83 | R20: =R19+R$8*(1+input!$B$8)^($L20-2024) -> -14721.153 | S20: =S19+S$8*(1+input!$B$8)^($L20-2024) -> -16042.876 | T20: =T19+T$8*(1+input!$B$8)^($L20-2024) -> -20508.878 | ... AB20: =AB19+AB$8*(1+input!$B$8)^($L20-2024) -> -53916.948
A21: mid-peak summer | B21: ='utility rates'!S24 -> 0.13223607 | D21: =(Toronto!D20+Ottawa!D20+Sudbury!D20+London!D20)/4 -> 0.16663212 | E21: =D21*'kWh per yr'!G$22 -> 181.63685 | F21: =$E21*F$3*$B21 -> 120.09471 | G21: =$E21*G$3*$B21 -> 180.14207 | H21: =$E21*H$3*$B21 -> 240.18943 | L21: 2036 | M21: =M20+M$8*(1+input!$B$8)^($L21-2024) -> 20387.07 | N21: =N20+N$8*(1+input!$B$8)^($L21-2024) -> 20437.125 | O21: =O20+O$8*(1+input!$B$8)^($L21-2024) -> 16600.081 | P21: =P20+P$8*(1+input!$B$8)^($L21-2024) -> 17485 | Q21: =Q20+Q$8*(1+input!$B$8)^($L21-2024) -> -12503.787 | R21: =R20+R$8*(1+input!$B$8)^($L21-2024) -> -13542.088 | S21: =S20+S$8*(1+input!$B$8)^($L21-2024) -> -14470.789 | T21: =T20+T$8*(1+input!$B$8)^($L21-2024) -> -18150.748 | ... AB21: =AB20+AB$8*(1+input!$B$8)^($L21-2024) -> -52640.019
A22: mid-peak winter | B22: =+'utility rates'!S24 -> 0.13223607 | D22: =(Toronto!D21+Ottawa!D21+Sudbury!D21+London!D21)/4 -> 0.17518676 | E22: =D22*'kWh per yr'!G$22 -> 190.9618 | F22: =$E22*F$3*$B22 -> 126.26019 | G22: =$E22*G$3*$B22 -> 189.39028 | H22: =$E22*H$3*$B22 -> 252.52038 | L22: 2037 | M22: =M21+M$8*(1+input!$B$8)^($L22-2024) -> 21955.306 | N22: =N21+N$8*(1+input!$B$8)^($L22-2024) -> 22009.212 | O22: =O21+O$8*(1+input!$B$8)^($L22-2024) -> 17877.01 | P22: =P21+P$8*(1+input!$B$8)^($L22-2024) -> 18830 | Q22: =Q21+Q$8*(1+input!$B$8)^($L22-2024) -> -11717.744 | R22: =R21+R$8*(1+input!$B$8)^($L22-2024) -> -12363.023 | S22: =S21+S$8*(1+input!$B$8)^($L22-2024) -> -12898.703 | T22: =T21+T$8*(1+input!$B$8)^($L22-2024) -> -15792.618 | ... AB22: =AB21+AB$8*(1+input!$B$8)^($L22-2024) -> -51363.089
A23: off-peak weekend | B23: ='utility rates'!S22 -> 0.10149695 | D23: =(Toronto!D22+Ottawa!D22+Sudbury!D22+London!D22)/4 -> 0.26112619 | E23: =D23*'kWh per yr'!G$22 -> 284.63982 | F23: =$E23*F$3*$B23 -> 144.45037 | G23: =$E23*G$3*$B23 -> 216.67555 | H23: =$E23*H$3*$B23 -> 288.90074 | L23: 2038 | M23: =M22+M$8*(1+input!$B$8)^($L23-2024) -> 23523.542 | N23: =N22+N$8*(1+input!$B$8)^($L23-2024) -> 23581.299 | O23: =O22+O$8*(1+input!$B$8)^($L23-2024) -> 19153.939 | P23: =P22+P$8*(1+input!$B$8)^($L23-2024) -> 20175 | Q23: =Q22+Q$8*(1+input!$B$8)^($L23-2024) -> -10931.701 | R23: =R22+R$8*(1+input!$B$8)^($L23-2024) -> -11183.958 | S23: =S22+S$8*(1+input!$B$8)^($L23-2024) -> -11326.616 | T23: =T22+T$8*(1+input!$B$8)^($L23-2024) -> -13434.488 | ... AB23: =AB22+AB$8*(1+input!$B$8)^($L23-2024) -> -50086.16
A24: off-peak | B24: ='utility rates'!S22 -> 0.10149695 | D24: =(Toronto!D23+Ottawa!D23+Sudbury!D23+London!D23)/4 -> 0.010911944 | E24: =D24*'kWh per yr'!G$22 -> 11.894532 | F24: =$E24*F$3*$B24 -> 6.0362935 | G24: =$E24*G$3*$B24 -> 9.0544403 | H24: =$E24*H$3*$B24 -> 12.072587 | L24: 2039 | M24: =M23+M$8*(1+input!$B$8)^($L24-2024) -> 25091.778 | N24: =N23+N$8*(1+input!$B$8)^($L24-2024) -> 25153.385 | O24: =O23+O$8*(1+input!$B$8)^($L24-2024) -> 20430.868 | P24: =P23+P$8*(1+input!$B$8)^($L24-2024) -> 21520 | Q24: =Q23+Q$8*(1+input!$B$8)^($L24-2024) -> -10145.657 | R24: =R23+R$8*(1+input!$B$8)^($L24-2024) -> -10004.893 | S24: =S23+S$8*(1+input!$B$8)^($L24-2024) -> -9754.5295 | T24: =T23+T$8*(1+input!$B$8)^($L24-2024) -> -11076.358 | ... AB24: =AB23+AB$8*(1+input!$B$8)^($L24-2024) -> -48809.231
L25: 2040 | M25: =M24+M$8*(1+input!$B$8)^($L25-2024) -> 26660.014 | N25: =N24+N$8*(1+input!$B$8)^($L25-2024) -> 26725.472 | O25: =O24+O$8*(1+input!$B$8)^($L25-2024) -> 21707.798 | P25: =P24+P$8*(1+input!$B$8)^($L25-2024) -> 22865 | Q25: =Q24+Q$8*(1+input!$B$8)^($L25-2024) -> -9359.6139 | R25: =R24+R$8*(1+input!$B$8)^($L25-2024) -> -8825.8284 | S25: =S24+S$8*(1+input!$B$8)^($L25-2024) -> -8182.4429 | T25: =T24+T$8*(1+input!$B$8)^($L25-2024) -> -8718.2286 | ... AB25: =AB24+AB$8*(1+input!$B$8)^($L25-2024) -> -47532.301
A26: total | D26: =SUM(D19:D24) -> 1 | E26: =SUM(E19:E24) -> 1090.047 | F26: =SUM(F19:F24) -> 786.04328 | G26: =SUM(G19:G24) -> 1179.0649 | H26: =SUM(H19:H24) -> 1572.0866 | L26: 2041 | M26: =M25+M$8*(1+input!$B$8)^($L26-2024) -> 28228.25 | N26: =N25+N$8*(1+input!$B$8)^($L26-2024) -> 28297.558 | O26: =O25+O$8*(1+input!$B$8)^($L26-2024) -> 22984.727 | P26: =P25+P$8*(1+input!$B$8)^($L26-2024) -> 24210 | Q26: =Q25+Q$8*(1+input!$B$8)^($L26-2024) -> -8573.5707 | R26: =R25+R$8*(1+input!$B$8)^($L26-2024) -> -7646.7635 | S26: =S25+S$8*(1+input!$B$8)^($L26-2024) -> -6610.3564 | T26: =T25+T$8*(1+input!$B$8)^($L26-2024) -> -6360.0988 | ... AB26: =AB25+AB$8*(1+input!$B$8)^($L26-2024) -> -46255.372
A27: payback (no grant) | F27: =(input!B12+'utility rates'!$L40)/Alectra!F26 -> 24.443167 | G27: =(input!B13+'utility rates'!$M40)/Alectra!G26 -> 20.94555 | H27: =(input!B14+'utility rates'!$N40)/Alectra!H26 -> 19.196742 | L27: 2042 | M27: =M26+M$8*(1+input!$B$8)^($L27-2024) -> 29796.487 | N27: =N26+N$8*(1+input!$B$8)^($L27-2024) -> 29869.645 | O27: =O26+O$8*(1+input!$B$8)^($L27-2024) -> 24261.656 | P27: =P26+P$8*(1+input!$B$8)^($L27-2024) -> 25555 | Q27: =Q26+Q$8*(1+input!$B$8)^($L27-2024) -> -7787.5274 | R27: =R26+R$8*(1+input!$B$8)^($L27-2024) -> -6467.6986 | S27: =S26+S$8*(1+input!$B$8)^($L27-2024) -> -5038.2698 | T27: =T26+T$8*(1+input!$B$8)^($L27-2024) -> -4001.9689 | ... AB27: =AB26+AB$8*(1+input!$B$8)^($L27-2024) -> -44978.443
A28: payback (with 5K grant) | F28: =(input!B12+'utility rates'!$L40-5000)/Alectra!F26 -> 18.082194 | G28: =(input!B13+'utility rates'!$M40-5000)/Alectra!G26 -> 16.704902 | H28: =(input!B14+'utility rates'!$N40-5000)/Alectra!H26 -> 16.016255 | L28: 2043 | M28: =M27+M$8*(1+input!$B$8)^($L28-2024) -> 31364.723 | N28: =N27+N$8*(1+input!$B$8)^($L28-2024) -> 31441.731 | O28: =O27+O$8*(1+input!$B$8)^($L28-2024) -> 25538.586 | P28: =P27+P$8*(1+input!$B$8)^($L28-2024) -> 26900 | Q28: =Q27+Q$8*(1+input!$B$8)^($L28-2024) -> -7001.4841 | R28: =R27+R$8*(1+input!$B$8)^($L28-2024) -> -5288.6337 | S28: =S27+S$8*(1+input!$B$8)^($L28-2024) -> -3466.1832 | T28: =T27+T$8*(1+input!$B$8)^($L28-2024) -> -1643.839 | ... AB28: =AB27+AB$8*(1+input!$B$8)^($L28-2024) -> -43701.514
A29: payback (wth 10K grant) | F29: =(input!B12+'utility rates'!$L40-10000)/Alectra!F26 -> 11.721221 | G29: =(input!B13+'utility rates'!$M40-10000)/Alectra!G26 -> 12.464253 | H29: =(input!B14+'utility rates'!$N40-10000)/Alectra!H26 -> 12.835769 | L29: 2044 | M29: =M28+M$8*(1+input!$B$8)^($L29-2024) -> 32932.959 | N29: =N28+N$8*(1+input!$B$8)^($L29-2024) -> 33013.818 | O29: =O28+O$8*(1+input!$B$8)^($L29-2024) -> 26815.515 | P29: =P28+P$8*(1+input!$B$8)^($L29-2024) -> 28245 | Q29: =Q28+Q$8*(1+input!$B$8)^($L29-2024) -> -6215.4408 | R29: =R28+R$8*(1+input!$B$8)^($L29-2024) -> -4109.5687 | S29: =S28+S$8*(1+input!$B$8)^($L29-2024) -> -1894.0967 | T29: =T28+T$8*(1+input!$B$8)^($L29-2024) -> 714.29081 | ... AB29: =AB28+AB$8*(1+input!$B$8)^($L29-2024) -> -42424.584
L30: 2045 | M30: =M29+M$8*(1+input!$B$8)^($L30-2024) -> 34501.195 | N30: =N29+N$8*(1+input!$B$8)^($L30-2024) -> 34585.905 | O30: =O29+O$8*(1+input!$B$8)^($L30-2024) -> 28092.444 | P30: =P29+P$8*(1+input!$B$8)^($L30-2024) -> 29590 | Q30: =Q29+Q$8*(1+input!$B$8)^($L30-2024) -> -5429.3975 | R30: =R29+R$8*(1+input!$B$8)^($L30-2024) -> -2930.5038 | S30: =S29+S$8*(1+input!$B$8)^($L30-2024) -> -322.01009 | T30: =T29+T$8*(1+input!$B$8)^($L30-2024) -> 3072.4207 | ... AB30: =AB29+AB$8*(1+input!$B$8)^($L30-2024) -> -41147.655
A31: Tiered | L31: 2046 | M31: =M30+M$8*(1+input!$B$8)^($L31-2024) -> 36069.431 | N31: =N30+N$8*(1+input!$B$8)^($L31-2024) -> 36157.991 | O31: =O30+O$8*(1+input!$B$8)^($L31-2024) -> 29369.373 | P31: =P30+P$8*(1+input!$B$8)^($L31-2024) -> 30935 | Q31: =Q30+Q$8*(1+input!$B$8)^($L31-2024) -> -4643.3542 | R31: =R30+R$8*(1+input!$B$8)^($L31-2024) -> -1751.4389 | S31: =S30+S$8*(1+input!$B$8)^($L31-2024) -> 1250.0765 | T31: =T30+T$8*(1+input!$B$8)^($L31-2024) -> 5430.5505 | ... AB31: =AB30+AB$8*(1+input!$B$8)^($L31-2024) -> -39870.726
A32: summer avg monthly use (kWh) | B32: 750 | L32: 2047 | M32: =M31+M$8*(1+input!$B$8)^($L32-2024) -> 37637.667 | N32: =N31+N$8*(1+input!$B$8)^($L32-2024) -> 37730.078 | O32: =O31+O$8*(1+input!$B$8)^($L32-2024) -> 30646.303 | P32: =P31+P$8*(1+input!$B$8)^($L32-2024) -> 32280 | Q32: =Q31+Q$8*(1+input!$B$8)^($L32-2024) -> -3857.3109 | R32: =R31+R$8*(1+input!$B$8)^($L32-2024) -> -572.37395 | S32: =S31+S$8*(1+input!$B$8)^($L32-2024) -> 2822.163 | T32: =T31+T$8*(1+input!$B$8)^($L32-2024) -> 7788.6804 | ... AB32: =AB31+AB$8*(1+input!$B$8)^($L32-2024) -> -38593.796
A33: winter avg monthly use (kWh) | B33: 750 | L33: 2048 | M33: =M32+M$8*(1+input!$B$8)^($L33-2024) -> 39205.903 | N33: =N32+N$8*(1+input!$B$8)^($L33-2024) -> 39302.164 | O33: =O32+O$8*(1+input!$B$8)^($L33-2024) -> 31923.232 | P33: =P32+P$8*(1+input!$B$8)^($L33-2024) -> 33625 | Q33: =Q32+Q$8*(1+input!$B$8)^($L33-2024) -> -3071.2677 | R33: =R32+R$8*(1+input!$B$8)^($L33-2024) -> 606.69098 | S33: =S32+S$8*(1+input!$B$8)^($L33-2024) -> 4394.2496 | T33: =T32+T$8*(1+input!$B$8)^($L33-2024) -> 10146.81 | ... AB33: =AB32+AB$8*(1+input!$B$8)^($L33-2024) -> -37316.867
A34: Tiered winter low | B34: ='utility rates'!S29 -> 0.11554912 | D34: =(Toronto!D32+Ottawa!D32+Sudbury!D32+London!D32)/4 -> 0.32068635 | E34: =D34*'kWh per yr'!G$22 -> 349.5632 | F34: =MAX($E34*F$3-F35/B35,0)*($B34) -> 201.9586 | G34: =MAX($E34*G$3-G35/B35,0)*($B34) -> 302.9379 | H34: =MAX($E34*H$3-H35/B35,0)*($B34) -> 403.9172 | L34: 2049 | M34: =M33+M$8*(1+input!$B$8)^($L34-2024) -> 40774.14 | N34: =N33+N$8*(1+input!$B$8)^($L34-2024) -> 40874.251 | O34: =O33+O$8*(1+input!$B$8)^($L34-2024) -> 33200.161 | P34: =P33+P$8*(1+input!$B$8)^($L34-2024) -> 34970 | Q34: =Q33+Q$8*(1+input!$B$8)^($L34-2024) -> -2285.2244 | R34: =R33+R$8*(1+input!$B$8)^($L34-2024) -> 1785.7559 | S34: =S33+S$8*(1+input!$B$8)^($L34-2024) -> 5966.3362 | T34: =T33+T$8*(1+input!$B$8)^($L34-2024) -> 12504.94 | ... AB34: =AB33+AB$8*(1+input!$B$8)^($L34-2024) -> -36039.938
A35: Tiered winter high | B35: ='utility rates'!S30 -> 0.13487085 | D35: =(Toronto!D33+Ottawa!D33+Sudbury!D33+London!D33)/4 -> 0.32068635 | E35: =D35*'kWh per yr'!G$22 -> 349.5632 | F35: =MIN(MAX(($B33-1000)*6,0),$E35*F$3)*($B35) -> 0 | G35: =MIN(MAX(($B33-1000)*6,0),$E35*G$3)*($B35) -> 0 | H35: =MIN(MAX(($B33-1000)*6,0),$E35*H$3)*($B35) -> 0 | L35: 2050 | M35: =M34+M$8*(1+input!$B$8)^($L35-2024) -> 42342.376 | N35: =N34+N$8*(1+input!$B$8)^($L35-2024) -> 42446.337 | O35: =O34+O$8*(1+input!$B$8)^($L35-2024) -> 34477.091 | P35: =P34+P$8*(1+input!$B$8)^($L35-2024) -> 36315 | Q35: =Q34+Q$8*(1+input!$B$8)^($L35-2024) -> -1499.1811 | R35: =R34+R$8*(1+input!$B$8)^($L35-2024) -> 2964.8208 | S35: =S34+S$8*(1+input!$B$8)^($L35-2024) -> 7538.4228 | T35: =T34+T$8*(1+input!$B$8)^($L35-2024) -> 14863.07 | ... AB35: =AB34+AB$8*(1+input!$B$8)^($L35-2024) -> -34763.009
A36: Tiered summer low | B36: ='utility rates'!S29 -> 0.11554912 | D36: =(Toronto!D34+Ottawa!D34+Sudbury!D34+London!D34)/4 -> 0.67931365 | E36: =D36*'kWh per yr'!G$22 -> 740.48381 | F36: =MAX($E36*F$3-F37/B37,0)*($B36) -> 323.81705 | G36: =MAX($E36*G$3-G37/B37,0)*($B36) -> 537.72268 | H36: =MAX($E36*H$3-H37/B37,0)*($B36) -> 751.62831 | L36: 2051 | M36: =M35+M$8*(1+input!$B$8)^($L36-2024) -> 43910.612 | N36: =N35+N$8*(1+input!$B$8)^($L36-2024) -> 44018.424 | O36: =O35+O$8*(1+input!$B$8)^($L36-2024) -> 35754.02 | P36: =P35+P$8*(1+input!$B$8)^($L36-2024) -> 37660 | Q36: =Q35+Q$8*(1+input!$B$8)^($L36-2024) -> -713.1378 | R36: =R35+R$8*(1+input!$B$8)^($L36-2024) -> 4143.8858 | S36: =S35+S$8*(1+input!$B$8)^($L36-2024) -> 9110.5093 | T36: =T35+T$8*(1+input!$B$8)^($L36-2024) -> 17221.2 | ... AB36: =AB35+AB$8*(1+input!$B$8)^($L36-2024) -> -33486.079
A37: Tiered summer high | B37: ='utility rates'!S30 -> 0.13487085 | D37: =(Toronto!D35+Ottawa!D35+Sudbury!D35+London!D35)/4 -> 0.67931365 | E37: =D37*'kWh per yr'!G$22 -> 740.48381 | F37: =MIN(MAX(($B32-600)*6,0),$E37*F$3)*($B37) -> 121.38377 | G37: =MIN(MAX(($B32-600)*6,0),$E37*G$3)*($B37) -> 121.38377 | H37: =MIN(MAX(($B32-600)*6,0),$E37*H$3)*($B37) -> 121.38377 | L37: 2052 | M37: =M36+M$8*(1+input!$B$8)^($L37-2024) -> 45478.848 | N37: =N36+N$8*(1+input!$B$8)^($L37-2024) -> 45590.511 | O37: =O36+O$8*(1+input!$B$8)^($L37-2024) -> 37030.949 | P37: =P36+P$8*(1+input!$B$8)^($L37-2024) -> 39005 | Q37: =Q36+Q$8*(1+input!$B$8)^($L37-2024) -> 72.905481 | R37: =R36+R$8*(1+input!$B$8)^($L37-2024) -> 5322.9507 | S37: =S36+S$8*(1+input!$B$8)^($L37-2024) -> 10682.596 | T37: =T36+T$8*(1+input!$B$8)^($L37-2024) -> 19579.33 | ... AB37: =AB36+AB$8*(1+input!$B$8)^($L37-2024) -> -32209.15
L38: 2053 | M38: =M37+M$8*(1+input!$B$8)^($L38-2024) -> 47047.084 | N38: =N37+N$8*(1+input!$B$8)^($L38-2024) -> 47162.597 | O38: =O37+O$8*(1+input!$B$8)^($L38-2024) -> 38307.878 | P38: =P37+P$8*(1+input!$B$8)^($L38-2024) -> 40350 | Q38: =Q37+Q$8*(1+input!$B$8)^($L38-2024) -> 858.94877 | R38: =R37+R$8*(1+input!$B$8)^($L38-2024) -> 6502.0156 | S38: =S37+S$8*(1+input!$B$8)^($L38-2024) -> 12254.682 | T38: =T37+T$8*(1+input!$B$8)^($L38-2024) -> 21937.459 | ... AB38: =AB37+AB$8*(1+input!$B$8)^($L38-2024) -> -30932.221
A39: total | D39: =SUM(D34:D37)/2 -> 1 | E39: =SUM(E34:E37)/2 -> 1090.047 | F39: =SUM(F34:F37) -> 647.15942 | G39: =SUM(G34:G37) -> 962.04435 | H39: =SUM(H34:H37) -> 1276.9293 | L39: 2054 | M39: =M38+M$8*(1+input!$B$8)^($L39-2024) -> 48615.32 | N39: =N38+N$8*(1+input!$B$8)^($L39-2024) -> 48734.684 | O39: =O38+O$8*(1+input!$B$8)^($L39-2024) -> 39584.808 | P39: =P38+P$8*(1+input!$B$8)^($L39-2024) -> 41695 | Q39: =Q38+Q$8*(1+input!$B$8)^($L39-2024) -> 1644.9921 | R39: =R38+R$8*(1+input!$B$8)^($L39-2024) -> 7681.0805 | S39: =S38+S$8*(1+input!$B$8)^($L39-2024) -> 13826.769 | T39: =T38+T$8*(1+input!$B$8)^($L39-2024) -> 24295.589 | ... AB39: =AB38+AB$8*(1+input!$B$8)^($L39-2024) -> -29655.292
A40: payback (no grant) | F40: =(input!$B12+'utility rates'!$L40)/Alectra!F39 -> 29.688801 | G40: =(input!$B13+'utility rates'!$L40)/Alectra!G39 -> 25.625606 | H40: =(input!$B14+'utility rates'!$L40)/Alectra!H39 -> 23.566342 | L40: 2055 | M40: =M39+M$8*(1+input!$B$8)^($L40-2024) -> 50183.556 | N40: =N39+N$8*(1+input!$B$8)^($L40-2024) -> 50306.77 | O40: =O39+O$8*(1+input!$B$8)^($L40-2024) -> 40861.737 | P40: =P39+P$8*(1+input!$B$8)^($L40-2024) -> 43040 | Q40: =Q39+Q$8*(1+input!$B$8)^($L40-2024) -> 2431.0353 | R40: =R39+R$8*(1+input!$B$8)^($L40-2024) -> 8860.1455 | S40: =S39+S$8*(1+input!$B$8)^($L40-2024) -> 15398.856 | T40: =T39+T$8*(1+input!$B$8)^($L40-2024) -> 26653.719 | ... AB40: =AB39+AB$8*(1+input!$B$8)^($L40-2024) -> -28378.362
A41: payback (with 5K grant) | F41: =(input!$B12+'utility rates'!$L40-5000)/F39 -> 21.96273 | G41: =(input!$B13+'utility rates'!$L40-5000)/G39 -> 20.428341 | H41: =(input!$B14+'utility rates'!$L40-5000)/H39 -> 19.650698 | L41: 2056 | M41: =M40+M$8*(1+input!$B$8)^($L41-2024) -> 51751.792 | N41: =N40+N$8*(1+input!$B$8)^($L41-2024) -> 51878.857 | O41: =O40+O$8*(1+input!$B$8)^($L41-2024) -> 42138.666 | P41: =P40+P$8*(1+input!$B$8)^($L41-2024) -> 44385 | Q41: =Q40+Q$8*(1+input!$B$8)^($L41-2024) -> 3217.0786 | R41: =R40+R$8*(1+input!$B$8)^($L41-2024) -> 10039.21 | S41: =S40+S$8*(1+input!$B$8)^($L41-2024) -> 16970.942 | T41: =T40+T$8*(1+input!$B$8)^($L41-2024) -> 29011.849 | ... AB41: =AB40+AB$8*(1+input!$B$8)^($L41-2024) -> -27101.433
A42: payback (with 10K grant) | F42: =(input!$B12+'utility rates'!$L40-10000)/F39 -> 14.236658 | G42: =(input!$B13+'utility rates'!$L40-10000)/G39 -> 15.231075 | H42: =(input!$B14+'utility rates'!$L40-10000)/H39 -> 15.735055 | L42: 2057 | M42: =M41+M$8*(1+input!$B$8)^($L42-2024) -> 53320.029 | N42: =N41+N$8*(1+input!$B$8)^($L42-2024) -> 53450.943 | O42: =O41+O$8*(1+input!$B$8)^($L42-2024) -> 43415.595 | P42: =P41+P$8*(1+input!$B$8)^($L42-2024) -> 45730 | Q42: =Q41+Q$8*(1+input!$B$8)^($L42-2024) -> 4003.1219 | R42: =R41+R$8*(1+input!$B$8)^($L42-2024) -> 11218.275 | S42: =S41+S$8*(1+input!$B$8)^($L42-2024) -> 18543.029 | T42: =T41+T$8*(1+input!$B$8)^($L42-2024) -> 31369.979 | ... AB42: =AB41+AB$8*(1+input!$B$8)^($L42-2024) -> -25824.504
L43: 2058 | M43: =M42+M$8*(1+input!$B$8)^($L43-2024) -> 54888.265 | N43: =N42+N$8*(1+input!$B$8)^($L43-2024) -> 55023.03 | O43: =O42+O$8*(1+input!$B$8)^($L43-2024) -> 44692.525 | P43: =P42+P$8*(1+input!$B$8)^($L43-2024) -> 47075 | Q43: =Q42+Q$8*(1+input!$B$8)^($L43-2024) -> 4789.1652 | R43: =R42+R$8*(1+input!$B$8)^($L43-2024) -> 12397.34 | S43: =S42+S$8*(1+input!$B$8)^($L43-2024) -> 20115.115 | T43: =T42+T$8*(1+input!$B$8)^($L43-2024) -> 33728.109 | ... AB43: =AB42+AB$8*(1+input!$B$8)^($L43-2024) -> -24547.574
L44: 2059 | M44: =M43+M$8*(1+input!$B$8)^($L44-2024) -> 56456.501 | N44: =N43+N$8*(1+input!$B$8)^($L44-2024) -> 56595.116 | O44: =O43+O$8*(1+input!$B$8)^($L44-2024) -> 45969.454 | P44: =P43+P$8*(1+input!$B$8)^($L44-2024) -> 48420 | Q44: =Q43+Q$8*(1+input!$B$8)^($L44-2024) -> 5575.2085 | R44: =R43+R$8*(1+input!$B$8)^($L44-2024) -> 13576.405 | S44: =S43+S$8*(1+input!$B$8)^($L44-2024) -> 21687.202 | T44: =T43+T$8*(1+input!$B$8)^($L44-2024) -> 36086.239 | ... AB44: =AB43+AB$8*(1+input!$B$8)^($L44-2024) -> -23270.645
L45: 2060 | M45: =M44+M$8*(1+input!$B$8)^($L45-2024) -> 58024.737 | N45: =N44+N$8*(1+input!$B$8)^($L45-2024) -> 58167.203 | O45: =O44+O$8*(1+input!$B$8)^($L45-2024) -> 47246.383 | P45: =P44+P$8*(1+input!$B$8)^($L45-2024) -> 49765 | Q45: =Q44+Q$8*(1+input!$B$8)^($L45-2024) -> 6361.2518 | R45: =R44+R$8*(1+input!$B$8)^($L45-2024) -> 14755.47 | S45: =S44+S$8*(1+input!$B$8)^($L45-2024) -> 23259.288 | T45: =T44+T$8*(1+input!$B$8)^($L45-2024) -> 38444.368 | ... AB45: =AB44+AB$8*(1+input!$B$8)^($L45-2024) -> -21993.716
L46: 2061 | M46: =M45+M$8*(1+input!$B$8)^($L46-2024) -> 59592.973 | N46: =N45+N$8*(1+input!$B$8)^($L46-2024) -> 59739.29 | O46: =O45+O$8*(1+input!$B$8)^($L46-2024) -> 48523.313 | P46: =P45+P$8*(1+input!$B$8)^($L46-2024) -> 51110 | Q46: =Q45+Q$8*(1+input!$B$8)^($L46-2024) -> 7147.295 | R46: =R45+R$8*(1+input!$B$8)^($L46-2024) -> 15934.535 | S46: =S45+S$8*(1+input!$B$8)^($L46-2024) -> 24831.375 | T46: =T45+T$8*(1+input!$B$8)^($L46-2024) -> 40802.498 | ... AB46: =AB45+AB$8*(1+input!$B$8)^($L46-2024) -> -20716.787
L47: 2062 | M47: =M46+M$8*(1+input!$B$8)^($L47-2024) -> 61161.209 | N47: =N46+N$8*(1+input!$B$8)^($L47-2024) -> 61311.376 | O47: =O46+O$8*(1+input!$B$8)^($L47-2024) -> 49800.242 | P47: =P46+P$8*(1+input!$B$8)^($L47-2024) -> 52455 | Q47: =Q46+Q$8*(1+input!$B$8)^($L47-2024) -> 7933.3383 | R47: =R46+R$8*(1+input!$B$8)^($L47-2024) -> 17113.6 | S47: =S46+S$8*(1+input!$B$8)^($L47-2024) -> 26403.462 | T47: =T46+T$8*(1+input!$B$8)^($L47-2024) -> 43160.628 | ... AB47: =AB46+AB$8*(1+input!$B$8)^($L47-2024) -> -19439.857
L48: 2063 | M48: =M47+M$8*(1+input!$B$8)^($L48-2024) -> 62729.445 | N48: =N47+N$8*(1+input!$B$8)^($L48-2024) -> 62883.463 | O48: =O47+O$8*(1+input!$B$8)^($L48-2024) -> 51077.171 | P48: =P47+P$8*(1+input!$B$8)^($L48-2024) -> 53800 | Q48: =Q47+Q$8*(1+input!$B$8)^($L48-2024) -> 8719.3816 | R48: =R47+R$8*(1+input!$B$8)^($L48-2024) -> 18292.665 | S48: =S47+S$8*(1+input!$B$8)^($L48-2024) -> 27975.548 | T48: =T47+T$8*(1+input!$B$8)^($L48-2024) -> 45518.758 | ... AB48: =AB47+AB$8*(1+input!$B$8)^($L48-2024) -> -18162.928
L49: 2064 | M49: =M48+M$8*(1+input!$B$8)^($L49-2024) -> 64297.682 | N49: =N48+N$8*(1+input!$B$8)^($L49-2024) -> 64455.549 | O49: =O48+O$8*(1+input!$B$8)^($L49-2024) -> 52354.1 | P49: =P48+P$8*(1+input!$B$8)^($L49-2024) -> 55145 | Q49: =Q48+Q$8*(1+input!$B$8)^($L49-2024) -> 9505.4249 | R49: =R48+R$8*(1+input!$B$8)^($L49-2024) -> 19471.73 | S49: =S48+S$8*(1+input!$B$8)^($L49-2024) -> 29547.635 | T49: =T48+T$8*(1+input!$B$8)^($L49-2024) -> 47876.888 | ... AB49: =AB48+AB$8*(1+input!$B$8)^($L49-2024) -> -16885.999
L50: 2065 | M50: =M49+M$8*(1+input!$B$8)^($L50-2024) -> 65865.918 | N50: =N49+N$8*(1+input!$B$8)^($L50-2024) -> 66027.636 | O50: =O49+O$8*(1+input!$B$8)^($L50-2024) -> 53631.03 | P50: =P49+P$8*(1+input!$B$8)^($L50-2024) -> 56490 | Q50: =Q49+Q$8*(1+input!$B$8)^($L50-2024) -> 10291.468 | R50: =R49+R$8*(1+input!$B$8)^($L50-2024) -> 20650.795 | S50: =S49+S$8*(1+input!$B$8)^($L50-2024) -> 31119.721 | T50: =T49+T$8*(1+input!$B$8)^($L50-2024) -> 50235.018 | ... AB50: =AB49+AB$8*(1+input!$B$8)^($L50-2024) -> -15609.069
L51: 2066 | M51: =M50+M$8*(1+input!$B$8)^($L51-2024) -> 67434.154 | N51: =N50+N$8*(1+input!$B$8)^($L51-2024) -> 67599.722 | O51: =O50+O$8*(1+input!$B$8)^($L51-2024) -> 54907.959 | P51: =P50+P$8*(1+input!$B$8)^($L51-2024) -> 57835 | Q51: =Q50+Q$8*(1+input!$B$8)^($L51-2024) -> 11077.511 | R51: =R50+R$8*(1+input!$B$8)^($L51-2024) -> 21829.86 | S51: =S50+S$8*(1+input!$B$8)^($L51-2024) -> 32691.808 | T51: =T50+T$8*(1+input!$B$8)^($L51-2024) -> 52593.148 | ... AB51: =AB50+AB$8*(1+input!$B$8)^($L51-2024) -> -14332.14

Sheet Toronto
N2: TOU | T2: ULO | W2: Tiered
F3: =input!$B$3 -> 5 | G3: =input!$B$4 -> 7.5 | H3: =input!$B$5 -> 10 | N3: 5 | O3: 7.5 | P3: 10 | Q3: 15 | R3: 20 | S3: 25 | T3: 5 | U3: 7.5 | V3: 10 | W3: 5 | X3: 7.5 | Y3: 10
B4: electricity cost/kWh | C4: kW/m2/yr | D4: % of total | E4: kWh/kW | F4: annual savings | G4: annual savings | H4: annual savings | M4: solar array cost | N4: =input!$B12+'utility rates'!$L34-input!$B30*N3 -> 20708.44 | O4: =input!$B13+'utility rates'!$M34-input!$B30*O3 -> 26148.022 | P4: =input!$B14+'utility rates'!$N34-input!$B30*P3 -> 31587.605 | Q4: =input!$B15+'utility rates'!$O34-input!$B30*Q3 -> #VALUE! | R4: =input!$B16+'utility rates'!$P34-input!$B30*R3 -> #VALUE! | S4: =input!$B17+'utility rates'!$Q34-input!$B30*S3 -> #VALUE! | T4: =input!$B12+'utility rates'!$L34-input!$B30*T3 -> 20708.44 | U4: =input!$B13+'utility rates'!$M34-input!$B30*U3 -> 26148.022 | V4: =input!$B14+'utility rates'!$N34-input!$B30*V3 -> 31587.605 | W4: =input!$B12+'utility rates'!$L34-input!$B30*W3 -> 20708.44 | X4: =input!$B13+'utility rates'!$M34-input!$B30*X3 -> 26148.022 | Y4: =input!$B14+'utility rates'!$N34-input!$B30*Y3 -> 31587.605
A5: ULO | C5: from solar cities spreadsheet | M5: replacement inverter cost | N5: =input!$B22 -> 3446.6 | O5: =input!$B23 -> 4154.6 | P5: =input!$B24 -> 4753 | Q5: =input!$B25 -> 6077.6667 | R5: =input!$B26 -> 7384.0667 | S5: =input!$B27 -> 8690.4667 | T5: =input!$B22 -> 3446.6 | U5: =input!$B23 -> 4154.6 | V5: =input!$B24 -> 4753 | W5: =input!$B22 -> 3446.6 | X5: =input!$B23 -> 4154.6 | Y5: =input!$B24 -> 4753
L6: payback | N6: =COUNTIF(N8:N45, "<0")+1 -> 29 | O6: =COUNTIF(O8:O45, "<0")+1 -> 25 | P6: =COUNTIF(P8:P45, "<0")+1 -> 22 | Q6: =COUNTIF(Q8:Q45, "<0")+1 -> 1 | R6: =COUNTIF(R8:R45, "<0")+1 -> 1 | S6: =COUNTIF(S8:S45, "<0")+1 -> 1 | T6: =COUNTIF(T8:T45, "<0")+1 -> 30 | U6: =COUNTIF(U8:U45, "<0")+1 -> 25 | ... Y6: =COUNTIF(Y8:Y45, "<0")+1 -> 27
A7: on-peak | B7: ='utility rates'!O25 -> 0.28093887 | C7: 181.18081 | D7: =C7/C$12 -> 0.13670321 | E7: =D7*'kWh per yr'!B$22 -> 153.73642 | F7: =$E7*F$3*$B7 -> 215.95268 | G7: =$E7*G$3*$B7 -> 323.92903 | H7: =$E7*H$3*$B7 -> 431.90537 | L7: year | N7: cumulative annual savings (5 kW | O7: cumulative annual savings 7.5 kW | P7: cumulative annual savings 10 kW | T7: cumulative annual savings (5 kW | U7: cumulative annual savings 7.5 kW | V7: cumulative annual savings 10 kW | W7: cumulative annual savings (5 kW | X7: cumulative annual savings 7.5 kW | Y7: cumulative annual savings 10 kW
A8: mid-peak | B8: ='utility rates'!O26 -> 0.13579745 | C8: 797.73851 | D8: =C8/C$12 -> 0.60190375 | E8: =D8*'kWh per yr'!B$22 -> 676.90095 | F8: =$E8*F$3*$B8 -> 459.60711 | G8: =$E8*G$3*$B8 -> 689.41066 | H8: =$E8*H$3*$B8 -> 919.21421 | L8: 2024 savings | M8: =V8 -> 1658.1197 | N8: =F25 -> 832.97119 | O8: =G25 -> 1249.4568 | P8: =H25 -> 1665.9424 | Q8: =N8*3 -> 2498.9136 | R8: =N8*4 -> 3331.8848 | S8: =N8*5 -> 4164.8559 | T8: =F12 -> 829.05986 | U8: =G12 -> 1243.5898 | V8: =H12 -> 1658.1197 | W8: =F37 -> 686.56055 | X8: =G37 -> 1021.0792 | Y8: =H37 -> 1355.5979
A9: weekend off-peak | B9: ='utility rates'!O27 -> 0.10482214 | C9: 343.87161 | D9: =C9/C$12 -> 0.25945546 | E9: =D9*'kWh per yr'!B$22 -> 291.78361 | F9: =$E9*F$3*$B9 -> 152.92692 | G9: =$E9*G$3*$B9 -> 229.39038 | H9: =$E9*H$3*$B9 -> 305.85384 | L9: 2024 | M9: =M8 -> 1658.1197 | N9: =N8-N4-N5 -> -23322.069 | O9: =O8-O4-O5 -> -29053.165 | P9: =P8-P4-P5 -> -34674.662 | Q9: =Q8-Q4-Q5 -> #VALUE! | R9: =R8-R4-R5 -> #VALUE! | S9: =S8-S4-S5 -> #VALUE! | T9: =T8-T4-T5 -> -23325.98 | U9: =U8-U4-U5 -> -29059.032 | ... Y9: =Y8-Y4-Y5 -> -34985.007
A10: ultralow overnight | B10: ='utility rates'!O28 -> 0.052606633 | C10: 2.568 | D10: =C10/C$12 -> 0.0019375883 | E10: =D10*'kWh per yr'!B$22 -> 2.1790118 | F10: =$E10*F$3*$B10 -> 0.57315238 | G10: =$E10*G$3*$B10 -> 0.85972857 | H10: =$E10*H$3*$B10 -> 1.1463048 | L10: 2025 | M10: =M9+M$8*(1+input!$B$8)^($L10-2024) -> 3316.2394 | N10: =N9+N$8*(1+input!$B$8)^($L10-2024) -> -22489.097 | O10: =O9+O$8*(1+input!$B$8)^($L10-2024) -> -27803.709 | P10: =P9+P$8*(1+input!$B$8)^($L10-2024) -> -33008.72 | Q10: =Q9+Q$8*(1+input!$B$8)^($L10-2024) -> #VALUE! | R10: =R9+R$8*(1+input!$B$8)^($L10-2024) -> #VALUE! | S10: =S9+S$8*(1+input!$B$8)^($L10-2024) -> #VALUE! | T10: =T9+T$8*(1+input!$B$8)^($L10-2024) -> -22496.92 | ... Y10: =Y9+Y$8*(1+input!$B$8)^($L10-2024) -> -33629.409
L11: 2026 | M11: =M10+M$8*(1+input!$B$8)^($L11-2024) -> 4974.3592 | N11: =N10+N$8*(1+input!$B$8)^($L11-2024) -> -21656.126 | O11: =O10+O$8*(1+input!$B$8)^($L11-2024) -> -26554.252 | P11: =P10+P$8*(1+input!$B$8)^($L11-2024) -> -31342.777 | Q11: =Q10+Q$8*(1+input!$B$8)^($L11-2024) -> #VALUE! | R11: =R10+R$8*(1+input!$B$8)^($L11-2024) -> #VALUE! | S11: =S10+S$8*(1+input!$B$8)^($L11-2024) -> #VALUE! | T11: =T10+T$8*(1+input!$B$8)^($L11-2024) -> -21667.86 | ... Y11: =Y10+Y$8*(1+input!$B$8)^($L11-2024) -> -32273.811
A12: total | C12: =SUM(C7:C10) -> 1325.3589 | D12: =SUM(D7:D10) -> 1 | E12: =SUM(E7:E10) -> 1124.6 | F12: =SUM(F7:F10) -> 829.05986 | G12: =SUM(G7:G10) -> 1243.5898 | H12: =SUM(H7:H10) -> 1658.1197 | L12: 2027 | M12: =M11+M$8*(1+input!$B$8)^($L12-2024) -> 6632.4789 | N12: =N11+N$8*(1+input!$B$8)^($L12-2024) -> -20823.155 | O12: =O11+O$8*(1+input!$B$8)^($L12-2024) -> -25304.795 | P12: =P11+P$8*(1+input!$B$8)^($L12-2024) -> -29676.835 | Q12: =Q11+Q$8*(1+input!$B$8)^($L12-2024) -> #VALUE! | R12: =R11+R$8*(1+input!$B$8)^($L12-2024) -> #VALUE! | S12: =S11+S$8*(1+input!$B$8)^($L12-2024) -> #VALUE! | T12: =T11+T$8*(1+input!$B$8)^($L12-2024) -> -20838.8 | ... Y12: =Y11+Y$8*(1+input!$B$8)^($L12-2024) -> -30918.213
A13: payback (no grant) | F13: =(input!B12+'utility rates'!$L34)/Toronto!F12 -> 24.97822 | G13: =(input!B13+'utility rates'!$M34)/Toronto!G12 -> 21.026244 | H13: =(input!B14+'utility rates'!$N34)/Toronto!H12 -> 19.050256 | L13: 2028 | M13: =M12+M$8*(1+input!$B$8)^($L13-2024) -> 8290.5986 | N13: =N12+N$8*(1+input!$B$8)^($L13-2024) -> -19990.184 | O13: =O12+O$8*(1+input!$B$8)^($L13-2024) -> -24055.338 | P13: =P12+P$8*(1+input!$B$8)^($L13-2024) -> -28010.893 | Q13: =Q12+Q$8*(1+input!$B$8)^($L13-2024) -> #VALUE! | R13: =R12+R$8*(1+input!$B$8)^($L13-2024) -> #VALUE! | S13: =S12+S$8*(1+input!$B$8)^($L13-2024) -> #VALUE! | T13: =T12+T$8*(1+input!$B$8)^($L13-2024) -> -20009.74 | ... Y13: =Y12+Y$8*(1+input!$B$8)^($L13-2024) -> -29562.615
A14: payback (with grant) | F14: =(input!B12+'utility rates'!$L34-5000)/Toronto!F12 -> 18.947293 | G14: =(input!B13+'utility rates'!$M34-5000)/Toronto!G12 -> 17.005625 | H14: =(input!B14+'utility rates'!$N34-5000)/Toronto!H12 -> 16.034792 | L14: 2029 | M14: =M13+M$8*(1+input!$B$8)^($L14-2024) -> 9948.7183 | N14: =N13+N$8*(1+input!$B$8)^($L14-2024) -> -19157.213 | O14: =O13+O$8*(1+input!$B$8)^($L14-2024) -> -22805.881 | P14: =P13+P$8*(1+input!$B$8)^($L14-2024) -> -26344.95 | Q14: =Q13+Q$8*(1+input!$B$8)^($L14-2024) -> #VALUE! | R14: =R13+R$8*(1+input!$B$8)^($L14-2024) -> #VALUE! | S14: =S13+S$8*(1+input!$B$8)^($L14-2024) -> #VALUE! | T14: =T13+T$8*(1+input!$B$8)^($L14-2024) -> -19180.681 | ... Y14: =Y13+Y$8*(1+input!$B$8)^($L14-2024) -> -28207.017
L15: 2030 | M15: =M14+M$8*(1+input!$B$8)^($L15-2024) -> 11606.838 | N15: =N14+N$8*(1+input!$B$8)^($L15-2024) -> -18324.241 | O15: =O14+O$8*(1+input!$B$8)^($L15-2024) -> -21556.425 | P15: =P14+P$8*(1+input!$B$8)^($L15-2024) -> -24679.008 | Q15: =Q14+Q$8*(1+input!$B$8)^($L15-2024) -> #VALUE! | R15: =R14+R$8*(1+input!$B$8)^($L15-2024) -> #VALUE! | S15: =S14+S$8*(1+input!$B$8)^($L15-2024) -> #VALUE! | T15: =T14+T$8*(1+input!$B$8)^($L15-2024) -> -18351.621 | ... Y15: =Y14+Y$8*(1+input!$B$8)^($L15-2024) -> -26851.419
A16: TOU | L16: 2031 | M16: =M15+M$8*(1+input!$B$8)^($L16-2024) -> 13264.958 | N16: =N15+N$8*(1+input!$B$8)^($L16-2024) -> -17491.27 | O16: =O15+O$8*(1+input!$B$8)^($L16-2024) -> -20306.968 | P16: =P15+P$8*(1+input!$B$8)^($L16-2024) -> -23013.066 | Q16: =Q15+Q$8*(1+input!$B$8)^($L16-2024) -> #VALUE! | R16: =R15+R$8*(1+input!$B$8)^($L16-2024) -> #VALUE! | S16: =S15+S$8*(1+input!$B$8)^($L16-2024) -> #VALUE! | T16: =T15+T$8*(1+input!$B$8)^($L16-2024) -> -17522.561 | ... Y16: =Y15+Y$8*(1+input!$B$8)^($L16-2024) -> -25495.821
L17: 2032 | M17: =M16+M$8*(1+input!$B$8)^($L17-2024) -> 14923.078 | N17: =N16+N$8*(1+input!$B$8)^($L17-2024) -> -16658.299 | O17: =O16+O$8*(1+input!$B$8)^($L17-2024) -> -19057.511 | P17: =P16+P$8*(1+input!$B$8)^($L17-2024) -> -21347.123 | Q17: =Q16+Q$8*(1+input!$B$8)^($L17-2024) -> #VALUE! | R17: =R16+R$8*(1+input!$B$8)^($L17-2024) -> #VALUE! | S17: =S16+S$8*(1+input!$B$8)^($L17-2024) -> #VALUE! | T17: =T16+T$8*(1+input!$B$8)^($L17-2024) -> -16693.501 | ... Y17: =Y16+Y$8*(1+input!$B$8)^($L17-2024) -> -24140.223
A18: on-peak summer | B18: ='utility rates'!O23 -> 0.18889797 | C18: 440.85253 | D18: =C18/C$25 -> 0.33262878 | E18: =D18*'kWh per yr'!B$22 -> 374.07433 | F18: =$E18*F$3*$B18 -> 353.3094 | G18: =$E18*G$3*$B18 -> 529.9641 | H18: =$E18*H$3*$B18 -> 706.6188 | L18: 2033 | M18: =M17+M$8*(1+input!$B$8)^($L18-2024) -> 16581.197 | N18: =N17+N$8*(1+input!$B$8)^($L18-2024) -> -15825.328 | O18: =O17+O$8*(1+input!$B$8)^($L18-2024) -> -17808.054 | P18: =P17+P$8*(1+input!$B$8)^($L18-2024) -> -19681.181 | Q18: =Q17+Q$8*(1+input!$B$8)^($L18-2024) -> #VALUE! | R18: =R17+R$8*(1+input!$B$8)^($L18-2024) -> #VALUE! | S18: =S17+S$8*(1+input!$B$8)^($L18-2024) -> #VALUE! | T18: =T17+T$8*(1+input!$B$8)^($L18-2024) -> -15864.441 | ... Y18: =Y17+Y$8*(1+input!$B$8)^($L18-2024) -> -22784.625
A19: on-peak winter | B19: ='utility rates'!O23 -> 0.18889797 | C19: 75.834037 | D19: =C19/C$25 -> 0.057217736 | E19: =D19*'kWh per yr'!B$22 -> 64.347065 | F19: =$E19*F$3*$B19 -> 60.775149 | G19: =$E19*G$3*$B19 -> 91.162723 | H19: =$E19*H$3*$B19 -> 121.5503 | L19: 2034 | M19: =M18+M$8*(1+input!$B$8)^($L19-2024) -> 18239.317 | N19: =N18+N$8*(1+input!$B$8)^($L19-2024) -> -14992.357 | O19: =O18+O$8*(1+input!$B$8)^($L19-2024) -> -16558.598 | P19: =P18+P$8*(1+input!$B$8)^($L19-2024) -> -18015.238 | Q19: =Q18+Q$8*(1+input!$B$8)^($L19-2024) -> #VALUE! | R19: =R18+R$8*(1+input!$B$8)^($L19-2024) -> #VALUE! | S19: =S18+S$8*(1+input!$B$8)^($L19-2024) -> #VALUE! | T19: =T18+T$8*(1+input!$B$8)^($L19-2024) -> -15035.381 | ... Y19: =Y18+Y$8*(1+input!$B$8)^($L19-2024) -> -21429.027
A20: mid-peak summer | B20: ='utility rates'!O24 -> 0.13579745 | C20: 222.49554 | D20: =C20/C$25 -> 0.16787568 | E20: =D20*'kWh per yr'!B$22 -> 188.79299 | F20: =$E20*F$3*$B20 -> 128.18803 | G20: =$E20*G$3*$B20 -> 192.28205 | H20: =$E20*H$3*$B20 -> 256.37607 | L20: 2035 | M20: =M19+M$8*(1+input!$B$8)^($L20-2024) -> 19897.437 | N20: =N19+N$8*(1+input!$B$8)^($L20-2024) -> -14159.386 | O20: =O19+O$8*(1+input!$B$8)^($L20-2024) -> -15309.141 | P20: =P19+P$8*(1+input!$B$8)^($L20-2024) -> -16349.296 | Q20: =Q19+Q$8*(1+input!$B$8)^($L20-2024) -> #VALUE! | R20: =R19+R$8*(1+input!$B$8)^($L20-2024) -> #VALUE! | S20: =S19+S$8*(1+input!$B$8)^($L20-2024) -> #VALUE! | T20: =T19+T$8*(1+input!$B$8)^($L20-2024) -> -14206.321 | ... Y20: =Y19+Y$8*(1+input!$B$8)^($L20-2024) -> -20073.43
A21: mid-peak winter | B21: =+'utility rates'!O24 -> 0.13579745 | C21: 228.38426 | D21: =C21/C$25 -> 0.1723188 | E21: =D21*'kWh per yr'!B$22 -> 193.78972 | F21: =$E21*F$3*$B21 -> 131.58075 | G21: =$E21*G$3*$B21 -> 197.37112 | H21: =$E21*H$3*$B21 -> 263.16149 | L21: 2036 | M21: =M20+M$8*(1+input!$B$8)^($L21-2024) -> 21555.556 | N21: =N20+N$8*(1+input!$B$8)^($L21-2024) -> -13326.414 | O21: =O20+O$8*(1+input!$B$8)^($L21-2024) -> -14059.684 | P21: =P20+P$8*(1+input!$B$8)^($L21-2024) -> -14683.354 | Q21: =Q20+Q$8*(1+input!$B$8)^($L21-2024) -> #VALUE! | R21: =R20+R$8*(1+input!$B$8)^($L21-2024) -> #VALUE! | S21: =S20+S$8*(1+input!$B$8)^($L21-2024) -> #VALUE! | T21: =T20+T$8*(1+input!$B$8)^($L21-2024) -> -13377.262 | ... Y21: =Y20+Y$8*(1+input!$B$8)^($L21-2024) -> -18717.832
A22: off-peak weekend | B22: ='utility rates'!O22 -> 0.10482214 | C22: 344.54478 | D22: =C22/C$25 -> 0.25996337 | E22: =D22*'kWh per yr'!B$22 -> 292.35481 | F22: =$E22*F$3*$B22 -> 153.22629 | G22: =$E22*G$3*$B22 -> 229.83943 | H22: =$E22*H$3*$B22 -> 306.45258 | L22: 2037 | M22: =M21+M$8*(1+input!$B$8)^($L22-2024) -> 23213.676 | N22: =N21+N$8*(1+input!$B$8)^($L22-2024) -> -12493.443 | O22: =O21+O$8*(1+input!$B$8)^($L22-2024) -> -12810.227 | P22: =P21+P$8*(1+input!$B$8)^($L22-2024) -> -13017.411 | Q22: =Q21+Q$8*(1+input!$B$8)^($L22-2024) -> #VALUE! | R22: =R21+R$8*(1+input!$B$8)^($L22-2024) -> #VALUE! | S22: =S21+S$8*(1+input!$B$8)^($L22-2024) -> #VALUE! | T22: =T21+T$8*(1+input!$B$8)^($L22-2024) -> -12548.202 | ... Y22: =Y21+Y$8*(1+input!$B$8)^($L22-2024) -> -17362.234
A23: off-peak | B23: ='utility rates'!O22 -> 0.10482214 | C23: 13.247796 | D23: =C23/C$25 -> 0.0099956291 | E23: =D23*'kWh per yr'!B$22 -> 11.241084 | F23: =$E23*F$3*$B23 -> 5.8915729 | G23: =$E23*G$3*$B23 -> 8.8373593 | H23: =$E23*H$3*$B23 -> 11.783146 | L23: 2038 | M23: =M22+M$8*(1+input!$B$8)^($L23-2024) -> 24871.796 | N23: =N22+N$8*(1+input!$B$8)^($L23-2024) -> -11660.472 | O23: =O22+O$8*(1+input!$B$8)^($L23-2024) -> -11560.77 | P23: =P22+P$8*(1+input!$B$8)^($L23-2024) -> -11351.469 | Q23: =Q22+Q$8*(1+input!$B$8)^($L23-2024) -> #VALUE! | R23: =R22+R$8*(1+input!$B$8)^($L23-2024) -> #VALUE! | S23: =S22+S$8*(1+input!$B$8)^($L23-2024) -> #VALUE! | T23: =T22+T$8*(1+input!$B$8)^($L23-2024) -> -11719.142 | ... Y23: =Y22+Y$8*(1+input!$B$8)^($L23-2024) -> -16006.636
L24: 2039 | M24: =M23+M$8*(1+input!$B$8)^($L24-2024) -> 26529.916 | N24: =N23+N$8*(1+input!$B$8)^($L24-2024) -> -10827.501 | O24: =O23+O$8*(1+input!$B$8)^($L24-2024) -> -10311.314 | P24: =P23+P$8*(1+input!$B$8)^($L24-2024) -> -9685.5266 | Q24: =Q23+Q$8*(1+input!$B$8)^($L24-2024) -> #VALUE! | R24: =R23+R$8*(1+input!$B$8)^($L24-2024) -> #VALUE! | S24: =S23+S$8*(1+input!$B$8)^($L24-2024) -> #VALUE! | T24: =T23+T$8*(1+input!$B$8)^($L24-2024) -> -10890.082 | ... Y24: =Y23+Y$8*(1+input!$B$8)^($L24-2024) -> -14651.038
A25: total | C25: =SUM(C18:C23) -> 1325.3589 | D25: =SUM(D18:D23) -> 1 | E25: =SUM(E18:E23) -> 1124.6 | F25: =SUM(F18:F23) -> 832.97119 | G25: =SUM(G18:G23) -> 1249.4568 | H25: =SUM(H18:H23) -> 1665.9424 | L25: 2040 | M25: =M24+M$8*(1+input!$B$8)^($L25-2024) -> 28188.035 | N25: =N24+N$8*(1+input!$B$8)^($L25-2024) -> -9994.5296 | O25: =O24+O$8*(1+input!$B$8)^($L25-2024) -> -9061.8569 | P25: =P24+P$8*(1+input!$B$8)^($L25-2024) -> -8019.5842 | Q25: =Q24+Q$8*(1+input!$B$8)^($L25-2024) -> #VALUE! | R25: =R24+R$8*(1+input!$B$8)^($L25-2024) -> #VALUE! | S25: =S24+S$8*(1+input!$B$8)^($L25-2024) -> #VALUE! | T25: =T24+T$8*(1+input!$B$8)^($L25-2024) -> -10061.022 | ... Y25: =Y24+Y$8*(1+input!$B$8)^($L25-2024) -> -13295.44
A26: payback (no grant) | F26: =(input!B12+'utility rates'!$L34)/Toronto!F25 -> 24.860932 | G26: =(input!B13+'utility rates'!$M34)/Toronto!G25 -> 20.927512 | H26: =(input!B14+'utility rates'!$N34)/Toronto!H25 -> 18.960803 | L26: 2041 | M26: =M25+M$8*(1+input!$B$8)^($L26-2024) -> 29846.155 | N26: =N25+N$8*(1+input!$B$8)^($L26-2024) -> -9161.5584 | O26: =O25+O$8*(1+input!$B$8)^($L26-2024) -> -7812.4001 | P26: =P25+P$8*(1+input!$B$8)^($L26-2024) -> -6353.6418 | Q26: =Q25+Q$8*(1+input!$B$8)^($L26-2024) -> #VALUE! | R26: =R25+R$8*(1+input!$B$8)^($L26-2024) -> #VALUE! | S26: =S25+S$8*(1+input!$B$8)^($L26-2024) -> #VALUE! | T26: =T25+T$8*(1+input!$B$8)^($L26-2024) -> -9231.9623 | ... Y26: =Y25+Y$8*(1+input!$B$8)^($L26-2024) -> -11939.842
A27: payback (with grant) | F27: =(input!B12+'utility rates'!$L34-5000)/Toronto!F25 -> 18.858323 | G27: =(input!B13+'utility rates'!$M34-5000)/Toronto!G25 -> 16.925773 | H27: =(input!B14+'utility rates'!$N34-5000)/Toronto!H25 -> 15.959498 | L27: 2042 | M27: =M26+M$8*(1+input!$B$8)^($L27-2024) -> 31504.275 | N27: =N26+N$8*(1+input!$B$8)^($L27-2024) -> -8328.5872 | O27: =O26+O$8*(1+input!$B$8)^($L27-2024) -> -6562.9433 | P27: =P26+P$8*(1+input!$B$8)^($L27-2024) -> -4687.6994 | Q27: =Q26+Q$8*(1+input!$B$8)^($L27-2024) -> #VALUE! | R27: =R26+R$8*(1+input!$B$8)^($L27-2024) -> #VALUE! | S27: =S26+S$8*(1+input!$B$8)^($L27-2024) -> #VALUE! | T27: =T26+T$8*(1+input!$B$8)^($L27-2024) -> -8402.9024 | ... Y27: =Y26+Y$8*(1+input!$B$8)^($L27-2024) -> -10584.244
L28: 2043 | M28: =M27+M$8*(1+input!$B$8)^($L28-2024) -> 33162.394 | N28: =N27+N$8*(1+input!$B$8)^($L28-2024) -> -7495.616 | O28: =O27+O$8*(1+input!$B$8)^($L28-2024) -> -5313.4865 | P28: =P27+P$8*(1+input!$B$8)^($L28-2024) -> -3021.7571 | Q28: =Q27+Q$8*(1+input!$B$8)^($L28-2024) -> #VALUE! | R28: =R27+R$8*(1+input!$B$8)^($L28-2024) -> #VALUE! | S28: =S27+S$8*(1+input!$B$8)^($L28-2024) -> #VALUE! | T28: =T27+T$8*(1+input!$B$8)^($L28-2024) -> -7573.8425 | ... Y28: =Y27+Y$8*(1+input!$B$8)^($L28-2024) -> -9228.6462
A29: Tiered | L29: 2044 | M29: =M28+M$8*(1+input!$B$8)^($L29-2024) -> 34820.514 | N29: =N28+N$8*(1+input!$B$8)^($L29-2024) -> -6662.6448 | O29: =O28+O$8*(1+input!$B$8)^($L29-2024) -> -4064.0297 | P29: =P28+P$8*(1+input!$B$8)^($L29-2024) -> -1355.8147 | Q29: =Q28+Q$8*(1+input!$B$8)^($L29-2024) -> #VALUE! | R29: =R28+R$8*(1+input!$B$8)^($L29-2024) -> #VALUE! | S29: =S28+S$8*(1+input!$B$8)^($L29-2024) -> #VALUE! | T29: =T28+T$8*(1+input!$B$8)^($L29-2024) -> -6744.7827 | ... Y29: =Y28+Y$8*(1+input!$B$8)^($L29-2024) -> -7873.0483
A30: summer average monthly use (kWh) | B30: 750 | L30: 2045 | M30: =M29+M$8*(1+input!$B$8)^($L30-2024) -> 36478.634 | N30: =N29+N$8*(1+input!$B$8)^($L30-2024) -> -5829.6736 | O30: =O29+O$8*(1+input!$B$8)^($L30-2024) -> -2814.573 | P30: =P29+P$8*(1+input!$B$8)^($L30-2024) -> 310.12769 | Q30: =Q29+Q$8*(1+input!$B$8)^($L30-2024) -> #VALUE! | R30: =R29+R$8*(1+input!$B$8)^($L30-2024) -> #VALUE! | S30: =S29+S$8*(1+input!$B$8)^($L30-2024) -> #VALUE! | T30: =T29+T$8*(1+input!$B$8)^($L30-2024) -> -5915.7228 | ... Y30: =Y29+Y$8*(1+input!$B$8)^($L30-2024) -> -6517.4504
A31: winter average monthly use | B31: 750 | L31: 2046 | M31: =M30+M$8*(1+input!$B$8)^($L31-2024) -> 38136.754 | N31: =N30+N$8*(1+input!$B$8)^($L31-2024) -> -4996.7024 | O31: =O30+O$8*(1+input!$B$8)^($L31-2024) -> -1565.1162 | P31: =P30+P$8*(1+input!$B$8)^($L31-2024) -> 1976.0701 | Q31: =Q30+Q$8*(1+input!$B$8)^($L31-2024) -> #VALUE! | R31: =R30+R$8*(1+input!$B$8)^($L31-2024) -> #VALUE! | S31: =S30+S$8*(1+input!$B$8)^($L31-2024) -> #VALUE! | T31: =T30+T$8*(1+input!$B$8)^($L31-2024) -> -5086.663 | ... Y31: =Y30+Y$8*(1+input!$B$8)^($L31-2024) -> -5161.8524
A32: Tiered winter low | B32: ='utility rates'!O29 -> 0.11898228 | C32: 417.39375 | D32: =C32/C$37 -> 0.31492884 | E32: =D32*'kWh per yr'!B$22 -> 354.16897 | F32: =MAX($E32*F$3-F33/B33,0)*($B32) -> 210.69916 | G32: =MAX($E32*G$3-G33/B33,0)*($B32) -> 316.04874 | H32: =MAX($E32*H$3-H33/B33,0)*($B32) -> 421.39833 | L32: 2047 | M32: =M31+M$8*(1+input!$B$8)^($L32-2024) -> 39794.873 | N32: =N31+N$8*(1+input!$B$8)^($L32-2024) -> -4163.7312 | O32: =O31+O$8*(1+input!$B$8)^($L32-2024) -> -315.6594 | P32: =P31+P$8*(1+input!$B$8)^($L32-2024) -> 3642.0124 | Q32: =Q31+Q$8*(1+input!$B$8)^($L32-2024) -> #VALUE! | R32: =R31+R$8*(1+input!$B$8)^($L32-2024) -> #VALUE! | S32: =S31+S$8*(1+input!$B$8)^($L32-2024) -> #VALUE! | T32: =T31+T$8*(1+input!$B$8)^($L32-2024) -> -4257.6031 | ... Y32: =Y31+Y$8*(1+input!$B$8)^($L32-2024) -> -3806.2545
A33: Tiered winter high | B33: ='utility rates'!O30 -> 0.13845247 | C33: 417.39375 | D33: =C33/C$37 -> 0.31492884 | E33: =D33*'kWh per yr'!B$22 -> 354.16897 | F33: =MIN(MAX(($B31-1000)*6,0),$E33*F$3)*($B33) -> 0 | G33: =MIN(MAX(($B31-1000)*6,0),$E33*G$3)*($B33) -> 0 | H33: =MIN(MAX(($B31-1000)*6,0),$E33*H$3)*($B33) -> 0 | L33: 2048 | M33: =M32+M$8*(1+input!$B$8)^($L33-2024) -> 41452.993 | N33: =N32+N$8*(1+input!$B$8)^($L33-2024) -> -3330.7601 | O33: =O32+O$8*(1+input!$B$8)^($L33-2024) -> 933.79739 | P33: =P32+P$8*(1+input!$B$8)^($L33-2024) -> 5307.9548 | Q33: =Q32+Q$8*(1+input!$B$8)^($L33-2024) -> #VALUE! | R33: =R32+R$8*(1+input!$B$8)^($L33-2024) -> #VALUE! | S33: =S32+S$8*(1+input!$B$8)^($L33-2024) -> #VALUE! | T33: =T32+T$8*(1+input!$B$8)^($L33-2024) -> -3428.5432 | ... Y33: =Y32+Y$8*(1+input!$B$8)^($L33-2024) -> -2450.6566
A34: Tiered summer low | B34: ='utility rates'!O29 -> 0.11898228 | C34: 907.96519 | D34: =C34/C$37 -> 0.68507116 | E34: =D34*'kWh per yr'!B$22 -> 770.43103 | F34: =MAX($E34*F$3-F35/B35,0)*($B34) -> 351.25416 | G34: =MAX($E34*G$3-G35/B35,0)*($B34) -> 580.42326 | H34: =MAX($E34*H$3-H35/B35,0)*($B34) -> 809.59237 | L34: 2049 | M34: =M33+M$8*(1+input!$B$8)^($L34-2024) -> 43111.113 | N34: =N33+N$8*(1+input!$B$8)^($L34-2024) -> -2497.7889 | O34: =O33+O$8*(1+input!$B$8)^($L34-2024) -> 2183.2542 | P34: =P33+P$8*(1+input!$B$8)^($L34-2024) -> 6973.8972 | Q34: =Q33+Q$8*(1+input!$B$8)^($L34-2024) -> #VALUE! | R34: =R33+R$8*(1+input!$B$8)^($L34-2024) -> #VALUE! | S34: =S33+S$8*(1+input!$B$8)^($L34-2024) -> #VALUE! | T34: =T33+T$8*(1+input!$B$8)^($L34-2024) -> -2599.4834 | ... Y34: =Y33+Y$8*(1+input!$B$8)^($L34-2024) -> -1095.0587
A35: Tiered summer high | B35: ='utility rates'!O30 -> 0.13845247 | C35: 907.96519 | D35: =C35/C$37 -> 0.68507116 | E35: =D35*'kWh per yr'!B$22 -> 770.43103 | F35: =MIN(MAX(($B30-600)*6,0),$E35*F$3)*($B35) -> 124.60723 | G35: =MIN(MAX(($B30-600)*6,0),$E35*G$3)*($B35) -> 124.60723 | H35: =MIN(MAX(($B30-600)*6,0),$E35*H$3)*($B35) -> 124.60723 | L35: 2050 | M35: =M34+M$8*(1+input!$B$8)^($L35-2024) -> 44769.233 | N35: =N34+N$8*(1+input!$B$8)^($L35-2024) -> -1664.8177 | O35: =O34+O$8*(1+input!$B$8)^($L35-2024) -> 3432.711 | P35: =P34+P$8*(1+input!$B$8)^($L35-2024) -> 8639.8396 | Q35: =Q34+Q$8*(1+input!$B$8)^($L35-2024) -> #VALUE! | R35: =R34+R$8*(1+input!$B$8)^($L35-2024) -> #VALUE! | S35: =S34+S$8*(1+input!$B$8)^($L35-2024) -> #VALUE! | T35: =T34+T$8*(1+input!$B$8)^($L35-2024) -> -1770.4235 | ... Y35: =Y34+Y$8*(1+input!$B$8)^($L35-2024) -> 260.53924
L36: 2051 | M36: =M35+M$8*(1+input!$B$8)^($L36-2024) -> 46427.352 | N36: =N35+N$8*(1+input!$B$8)^($L36-2024) -> -831.84649 | O36: =O35+O$8*(1+input!$B$8)^($L36-2024) -> 4682.1677 | P36: =P35+P$8*(1+input!$B$8)^($L36-2024) -> 10305.782 | Q36: =Q35+Q$8*(1+input!$B$8)^($L36-2024) -> #VALUE! | R36: =R35+R$8*(1+input!$B$8)^($L36-2024) -> #VALUE! | S36: =S35+S$8*(1+input!$B$8)^($L36-2024) -> #VALUE! | T36: =T35+T$8*(1+input!$B$8)^($L36-2024) -> -941.36365 | ... Y36: =Y35+Y$8*(1+input!$B$8)^($L36-2024) -> 1616.1372
A37: total | C37: =SUM(C32:C35)/2 -> 1325.3589 | D37: =SUM(D32:D35)/2 -> 1 | E37: =SUM(E32:E35)/2 -> 1124.6 | F37: =SUM(F32:F35) -> 686.56055 | G37: =SUM(G32:G35) -> 1021.0792 | H37: =SUM(H32:H35) -> 1355.5979 | L37: 2052 | M37: =M36+M$8*(1+input!$B$8)^($L37-2024) -> 48085.472 | N37: =N36+N$8*(1+input!$B$8)^($L37-2024) -> 1.1247028 | O37: =O36+O$8*(1+input!$B$8)^($L37-2024) -> 5931.6245 | P37: =P36+P$8*(1+input!$B$8)^($L37-2024) -> 11971.724 | Q37: =Q36+Q$8*(1+input!$B$8)^($L37-2024) -> #VALUE! | R37: =R36+R$8*(1+input!$B$8)^($L37-2024) -> #VALUE! | S37: =S36+S$8*(1+input!$B$8)^($L37-2024) -> #VALUE! | T37: =T36+T$8*(1+input!$B$8)^($L37-2024) -> -112.30379 | ... Y37: =Y36+Y$8*(1+input!$B$8)^($L37-2024) -> 2971.7351
A38: payback (no grant) | F38: =(input!$B12+'utility rates'!$L34)/Toronto!F37 -> 30.162583 | G38: =(input!$B13+'utility rates'!$L34)/Toronto!G37 -> 25.608221 | H38: =(input!$B14+'utility rates'!$L34)/Toronto!H37 -> 23.301603 | L38: 2053 | M38: =M37+M$8*(1+input!$B$8)^($L38-2024) -> 49743.592 | N38: =N37+N$8*(1+input!$B$8)^($L38-2024) -> 834.09589 | O38: =O37+O$8*(1+input!$B$8)^($L38-2024) -> 7181.0813 | P38: =P37+P$8*(1+input!$B$8)^($L38-2024) -> 13637.667 | Q38: =Q37+Q$8*(1+input!$B$8)^($L38-2024) -> #VALUE! | R38: =R37+R$8*(1+input!$B$8)^($L38-2024) -> #VALUE! | S38: =S37+S$8*(1+input!$B$8)^($L38-2024) -> #VALUE! | T38: =T37+T$8*(1+input!$B$8)^($L38-2024) -> 716.75607 | ... Y38: =Y37+Y$8*(1+input!$B$8)^($L38-2024) -> 4327.333
A39: payback (with grant) | F39: =(input!$B12+'utility rates'!$L34-5000)/F37 -> 22.879905 | G39: =(input!$B13+'utility rates'!$L34-5000)/G37 -> 20.711441 | H39: =(input!$B14+'utility rates'!$L34-5000)/H37 -> 19.613194 | L39: 2054 | M39: =M38+M$8*(1+input!$B$8)^($L39-2024) -> 51401.711 | N39: =N38+N$8*(1+input!$B$8)^($L39-2024) -> 1667.0671 | O39: =O38+O$8*(1+input!$B$8)^($L39-2024) -> 8430.5381 | P39: =P38+P$8*(1+input!$B$8)^($L39-2024) -> 15303.609 | Q39: =Q38+Q$8*(1+input!$B$8)^($L39-2024) -> #VALUE! | R39: =R38+R$8*(1+input!$B$8)^($L39-2024) -> #VALUE! | S39: =S38+S$8*(1+input!$B$8)^($L39-2024) -> #VALUE! | T39: =T38+T$8*(1+input!$B$8)^($L39-2024) -> 1545.8159 | ... Y39: =Y38+Y$8*(1+input!$B$8)^($L39-2024) -> 5682.9309
A40: payback (with 10K grant) | F40: =(input!$B12+'utility rates'!$L34-10000)/F37 -> 15.597226 | G40: =(input!$B13+'utility rates'!$L34-10000)/G37 -> 15.814661 | H40: =(input!$B14+'utility rates'!$L34-10000)/H37 -> 15.924784 | L40: 2055 | M40: =M39+M$8*(1+input!$B$8)^($L40-2024) -> 53059.831 | N40: =N39+N$8*(1+input!$B$8)^($L40-2024) -> 2500.0383 | O40: =O39+O$8*(1+input!$B$8)^($L40-2024) -> 9679.9949 | P40: =P39+P$8*(1+input!$B$8)^($L40-2024) -> 16969.551 | Q40: =Q39+Q$8*(1+input!$B$8)^($L40-2024) -> #VALUE! | R40: =R39+R$8*(1+input!$B$8)^($L40-2024) -> #VALUE! | S40: =S39+S$8*(1+input!$B$8)^($L40-2024) -> #VALUE! | T40: =T39+T$8*(1+input!$B$8)^($L40-2024) -> 2374.8758 | ... Y40: =Y39+Y$8*(1+input!$B$8)^($L40-2024) -> 7038.5288
L41: 2056 | M41: =M40+M$8*(1+input!$B$8)^($L41-2024) -> 54717.951 | N41: =N40+N$8*(1+input!$B$8)^($L41-2024) -> 3333.0095 | O41: =O40+O$8*(1+input!$B$8)^($L41-2024) -> 10929.452 | P41: =P40+P$8*(1+input!$B$8)^($L41-2024) -> 18635.494 | Q41: =Q40+Q$8*(1+input!$B$8)^($L41-2024) -> #VALUE! | R41: =R40+R$8*(1+input!$B$8)^($L41-2024) -> #VALUE! | S41: =S40+S$8*(1+input!$B$8)^($L41-2024) -> #VALUE! | T41: =T40+T$8*(1+input!$B$8)^($L41-2024) -> 3203.9357 | ... Y41: =Y40+Y$8*(1+input!$B$8)^($L41-2024) -> 8394.1268
L42: 2057 | M42: =M41+M$8*(1+input!$B$8)^($L42-2024) -> 56376.071 | N42: =N41+N$8*(1+input!$B$8)^($L42-2024) -> 4165.9806 | O42: =O41+O$8*(1+input!$B$8)^($L42-2024) -> 12178.908 | P42: =P41+P$8*(1+input!$B$8)^($L42-2024) -> 20301.436 | Q42: =Q41+Q$8*(1+input!$B$8)^($L42-2024) -> #VALUE! | R42: =R41+R$8*(1+input!$B$8)^($L42-2024) -> #VALUE! | S42: =S41+S$8*(1+input!$B$8)^($L42-2024) -> #VALUE! | T42: =T41+T$8*(1+input!$B$8)^($L42-2024) -> 4032.9955 | ... Y42: =Y41+Y$8*(1+input!$B$8)^($L42-2024) -> 9749.7247
L43: 2058 | M43: =M42+M$8*(1+input!$B$8)^($L43-2024) -> 58034.19 | N43: =N42+N$8*(1+input!$B$8)^($L43-2024) -> 4998.9518 | O43: =O42+O$8*(1+input!$B$8)^($L43-2024) -> 13428.365 | P43: =P42+P$8*(1+input!$B$8)^($L43-2024) -> 21967.379 | Q43: =Q42+Q$8*(1+input!$B$8)^($L43-2024) -> #VALUE! | R43: =R42+R$8*(1+input!$B$8)^($L43-2024) -> #VALUE! | S43: =S42+S$8*(1+input!$B$8)^($L43-2024) -> #VALUE! | T43: =T42+T$8*(1+input!$B$8)^($L43-2024) -> 4862.0554 | ... Y43: =Y42+Y$8*(1+input!$B$8)^($L43-2024) -> 11105.323
L44: 2059 | M44: =M43+M$8*(1+input!$B$8)^($L44-2024) -> 59692.31 | N44: =N43+N$8*(1+input!$B$8)^($L44-2024) -> 5831.923 | O44: =O43+O$8*(1+input!$B$8)^($L44-2024) -> 14677.822 | P44: =P43+P$8*(1+input!$B$8)^($L44-2024) -> 23633.321 | Q44: =Q43+Q$8*(1+input!$B$8)^($L44-2024) -> #VALUE! | R44: =R43+R$8*(1+input!$B$8)^($L44-2024) -> #VALUE! | S44: =S43+S$8*(1+input!$B$8)^($L44-2024) -> #VALUE! | T44: =T43+T$8*(1+input!$B$8)^($L44-2024) -> 5691.1152 | ... Y44: =Y43+Y$8*(1+input!$B$8)^($L44-2024) -> 12460.921
L45: 2060 | M45: =M44+M$8*(1+input!$B$8)^($L45-2024) -> 61350.43 | N45: =N44+N$8*(1+input!$B$8)^($L45-2024) -> 6664.8942 | O45: =O44+O$8*(1+input!$B$8)^($L45-2024) -> 15927.279 | P45: =P44+P$8*(1+input!$B$8)^($L45-2024) -> 25299.263 | Q45: =Q44+Q$8*(1+input!$B$8)^($L45-2024) -> #VALUE! | R45: =R44+R$8*(1+input!$B$8)^($L45-2024) -> #VALUE! | S45: =S44+S$8*(1+input!$B$8)^($L45-2024) -> #VALUE! | T45: =T44+T$8*(1+input!$B$8)^($L45-2024) -> 6520.1751 | ... Y45: =Y44+Y$8*(1+input!$B$8)^($L45-2024) -> 13816.518
L46: 2061 | M46: =M45+M$8*(1+input!$B$8)^($L46-2024) -> 63008.549 | N46: =N45+N$8*(1+input!$B$8)^($L46-2024) -> 7497.8654 | O46: =O45+O$8*(1+input!$B$8)^($L46-2024) -> 17176.736 | P46: =P45+P$8*(1+input!$B$8)^($L46-2024) -> 26965.206 | Q46: =Q45+Q$8*(1+input!$B$8)^($L46-2024) -> #VALUE! | R46: =R45+R$8*(1+input!$B$8)^($L46-2024) -> #VALUE! | S46: =S45+S$8*(1+input!$B$8)^($L46-2024) -> #VALUE! | T46: =T45+T$8*(1+input!$B$8)^($L46-2024) -> 7349.235 | ... Y46: =Y45+Y$8*(1+input!$B$8)^($L46-2024) -> 15172.116
L47: 2062 | M47: =M46+M$8*(1+input!$B$8)^($L47-2024) -> 64666.669 | N47: =N46+N$8*(1+input!$B$8)^($L47-2024) -> 8330.8366 | O47: =O46+O$8*(1+input!$B$8)^($L47-2024) -> 18426.192 | P47: =P46+P$8*(1+input!$B$8)^($L47-2024) -> 28631.148 | Q47: =Q46+Q$8*(1+input!$B$8)^($L47-2024) -> #VALUE! | R47: =R46+R$8*(1+input!$B$8)^($L47-2024) -> #VALUE! | S47: =S46+S$8*(1+input!$B$8)^($L47-2024) -> #VALUE! | T47: =T46+T$8*(1+input!$B$8)^($L47-2024) -> 8178.2948 | ... Y47: =Y46+Y$8*(1+input!$B$8)^($L47-2024) -> 16527.714
L48: 2063 | M48: =M47+M$8*(1+input!$B$8)^($L48-2024) -> 66324.789 | N48: =N47+N$8*(1+input!$B$8)^($L48-2024) -> 9163.8078 | O48: =O47+O$8*(1+input!$B$8)^($L48-2024) -> 19675.649 | P48: =P47+P$8*(1+input!$B$8)^($L48-2024) -> 30297.09 | Q48: =Q47+Q$8*(1+input!$B$8)^($L48-2024) -> #VALUE! | R48: =R47+R$8*(1+input!$B$8)^($L48-2024) -> #VALUE! | S48: =S47+S$8*(1+input!$B$8)^($L48-2024) -> #VALUE! | T48: =T47+T$8*(1+input!$B$8)^($L48-2024) -> 9007.3547 | ... Y48: =Y47+Y$8*(1+input!$B$8)^($L48-2024) -> 17883.312
L49: 2064 | M49: =M48+M$8*(1+input!$B$8)^($L49-2024) -> 67982.909 | N49: =N48+N$8*(1+input!$B$8)^($L49-2024) -> 9996.779 | O49: =O48+O$8*(1+input!$B$8)^($L49-2024) -> 20925.106 | P49: =P48+P$8*(1+input!$B$8)^($L49-2024) -> 31963.033 | Q49: =Q48+Q$8*(1+input!$B$8)^($L49-2024) -> #VALUE! | R49: =R48+R$8*(1+input!$B$8)^($L49-2024) -> #VALUE! | S49: =S48+S$8*(1+input!$B$8)^($L49-2024) -> #VALUE! | T49: =T48+T$8*(1+input!$B$8)^($L49-2024) -> 9836.4146 | ... Y49: =Y48+Y$8*(1+input!$B$8)^($L49-2024) -> 19238.91
L50: 2065 | M50: =M49+M$8*(1+input!$B$8)^($L50-2024) -> 69641.028 | N50: =N49+N$8*(1+input!$B$8)^($L50-2024) -> 10829.75 | O50: =O49+O$8*(1+input!$B$8)^($L50-2024) -> 22174.563 | P50: =P49+P$8*(1+input!$B$8)^($L50-2024) -> 33628.975 | Q50: =Q49+Q$8*(1+input!$B$8)^($L50-2024) -> #VALUE! | R50: =R49+R$8*(1+input!$B$8)^($L50-2024) -> #VALUE! | S50: =S49+S$8*(1+input!$B$8)^($L50-2024) -> #VALUE! | T50: =T49+T$8*(1+input!$B$8)^($L50-2024) -> 10665.474 | ... Y50: =Y49+Y$8*(1+input!$B$8)^($L50-2024) -> 20594.508
L51: 2066 | M51: =M50+M$8*(1+input!$B$8)^($L51-2024) -> 71299.148 | N51: =N50+N$8*(1+input!$B$8)^($L51-2024) -> 11662.721 | O51: =O50+O$8*(1+input!$B$8)^($L51-2024) -> 23424.019 | P51: =P50+P$8*(1+input!$B$8)^($L51-2024) -> 35294.918 | Q51: =Q50+Q$8*(1+input!$B$8)^($L51-2024) -> #VALUE! | R51: =R50+R$8*(1+input!$B$8)^($L51-2024) -> #VALUE! | S51: =S50+S$8*(1+input!$B$8)^($L51-2024) -> #VALUE! | T51: =T50+T$8*(1+input!$B$8)^($L51-2024) -> 11494.534 | ... Y51: =Y50+Y$8*(1+input!$B$8)^($L51-2024) -> 21950.106

Sheet Ottawa
A1: need to add the monthly service charge for net metering after confirmation
N2: TOU | T2: ULO | W2: Tiered
F3: =input!$B$3 -> 5 | G3: =input!$B$4 -> 7.5 | H3: =input!$B$5 -> 10 | N3: 5 | O3: 7.5 | P3: 10 | Q3: 15 | R3: 20 | S3: 25 | T3: 5 | U3: 7.5 | V3: 10 | W3: 5 | X3: 7.5 | Y3: 10
B4: electricity cost/kWh | C4: kW/m2/yr | D4: % of total | E4: kWh/kW | F4: annual savings | G4: annual savings | H4: annual savings | M4: solar array cost | N4: =input!$B12+'utility rates'!$L35-input!$B30*N3 -> 20212.604 | O4: =input!$B13+'utility rates'!$M35-input!$B30*O3 -> 25739.768 | P4: =input!$B14+'utility rates'!$N35-input!$B30*P3 -> 31266.932 | Q4: =input!$B15+'utility rates'!$O35-input!$B30*Q3 -> #VALUE! | R4: =input!$B16+'utility rates'!$P35-input!$B30*R3 -> #VALUE! | S4: =input!$B17+'utility rates'!$Q35-input!$B30*S3 -> #VALUE! | T4: =input!$B12+'utility rates'!$L35-input!$B30*T3 -> 20212.604 | U4: =input!$B13+'utility rates'!$M35-input!$B30*U3 -> 25739.768 | V4: =input!$B14+'utility rates'!$N35-input!$B30*V3 -> 31266.932 | W4: =input!$B12+'utility rates'!$L35-input!$B30*W3 -> 20212.604 | X4: =input!$B13+'utility rates'!$M35-input!$B30*X3 -> 25739.768 | Y4: =input!$B14+'utility rates'!$N35-input!$B30*Y3 -> 31266.932
A5: ULO | C5: from solar cities spreadsheet | M5: replacement inverter cost | N5: =input!$B22 -> 3446.6 | O5: =input!$B23 -> 4154.6 | P5: =input!$B24 -> 4753 | Q5: =input!$B25 -> 6077.6667 | R5: =input!$B26 -> 7384.0667 | S5: =input!$B27 -> 8690.4667 | T5: =input!$B22 -> 3446.6 | U5: =input!$B23 -> 4154.6 | V5: =input!$B24 -> 4753 | W5: =input!$B22 -> 3446.6 | X5: =input!$B23 -> 4154.6 | Y5: =input!$B24 -> 4753
L6: payback | N6: =COUNTIF(N8:N45, "<0")+1 -> 32 | O6: =COUNTIF(O8:O45, "<0")+1 -> 27 | P6: =COUNTIF(P8:P45, "<0")+1 -> 24 | Q6: =COUNTIF(Q8:Q45, "<0")+1 -> 1 | R6: =COUNTIF(R8:R45, "<0")+1 -> 1 | S6: =COUNTIF(S8:S45, "<0")+1 -> 1 | T6: =COUNTIF(T8:T45, "<0")+1 -> 32 | U6: =COUNTIF(U8:U45, "<0")+1 -> 27 | ... Y6: =COUNTIF(Y8:Y45, "<0")+1 -> 30
A7: on-peak | B7: ='utility rates'!P25 -> 0.27655254 | C7: 155.57907 | D7: =C7/C$12 -> 0.11978817 | E7: =D7*'kWh per yr'!C$22 -> 126.52026 | F7: =$E7*F$3*$B7 -> 174.9475 | G7: =$E7*G$3*$B7 -> 262.42125 | H7: =$E7*H$3*$B7 -> 349.895 | L7: year | N7: cumulative annual savings (5 kW | O7: cumulative annual savings 7.5 kW | P7: cumulative annual savings 10 kW | T7: cumulative annual savings (5 kW | U7: cumulative annual savings 7.5 kW | V7: cumulative annual savings 10 kW | W7: cumulative annual savings (5 kW | X7: cumulative annual savings 7.5 kW | Y7: cumulative annual savings 10 kW
A8: mid-peak | B8: ='utility rates'!P26 -> 0.1320542 | C8: 800.11201 | D8: =C8/C$12 -> 0.61604656 | E8: =D8*'kWh per yr'!C$22 -> 650.66838 | F8: =$E8*F$3*$B8 -> 429.61745 | G8: =$E8*G$3*$B8 -> 644.42618 | H8: =$E8*H$3*$B8 -> 859.23491 | L8: 2024 savings | M8: =V8 -> 1489.1187 | N8: =F25 -> 760.34173 | O8: =G25 -> 1140.5126 | P8: =H25 -> 1520.6835 | Q8: =N8*3 -> 2281.0252 | R8: =N8*4 -> 3041.3669 | S8: =N8*5 -> 3801.7086 | T8: =F12 -> 744.55933 | U8: =G12 -> 1116.839 | V8: =H12 -> 1489.1187 | W8: =F37 -> 626.41632 | X8: =G37 -> 930.90171 | Y8: =H37 -> 1235.3871
A9: weekend off-peak | B9: ='utility rates'!P27 -> 0.10121614 | C9: 337.37944 | D9: =C9/C$12 -> 0.25976543 | E9: =D9*'kWh per yr'!C$22 -> 274.36425 | F9: =$E9*F$3*$B9 -> 138.85045 | G9: =$E9*G$3*$B9 -> 208.27567 | H9: =$E9*H$3*$B9 -> 277.7009 | L9: 2024 | M9: =M8 -> 1489.1187 | N9: =N8-N4-N5 -> -22898.862 | O9: =O8-O4-O5 -> -28753.855 | P9: =P8-P4-P5 -> -34499.249 | Q9: =Q8-Q4-Q5 -> #VALUE! | R9: =R8-R4-R5 -> #VALUE! | S9: =S8-S4-S5 -> #VALUE! | T9: =T8-T4-T5 -> -22914.644 | U9: =U8-U4-U5 -> -28777.529 | ... Y9: =Y8-Y4-Y5 -> -34784.545
A10: ultralow overnight | B10: ='utility rates'!P28 -> 0.049231978 | C10: 5.7144444 | D10: =C10/C$12 -> 0.0043998388 | E10: =D10*'kWh per yr'!C$22 -> 4.6471097 | F10: =$E10*F$3*$B10 -> 1.143932 | G10: =$E10*G$3*$B10 -> 1.715898 | H10: =$E10*H$3*$B10 -> 2.2878641 | L10: 2025 | M10: =M9+M$8*(1+input!$B$8)^($L10-2024) -> 2978.2373 | N10: =N9+N$8*(1+input!$B$8)^($L10-2024) -> -22138.52 | O10: =O9+O$8*(1+input!$B$8)^($L10-2024) -> -27613.343 | P10: =P9+P$8*(1+input!$B$8)^($L10-2024) -> -32978.565 | Q10: =Q9+Q$8*(1+input!$B$8)^($L10-2024) -> #VALUE! | R10: =R9+R$8*(1+input!$B$8)^($L10-2024) -> #VALUE! | S10: =S9+S$8*(1+input!$B$8)^($L10-2024) -> #VALUE! | T10: =T9+T$8*(1+input!$B$8)^($L10-2024) -> -22170.085 | ... Y10: =Y9+Y$8*(1+input!$B$8)^($L10-2024) -> -33549.158
L11: 2026 | M11: =M10+M$8*(1+input!$B$8)^($L11-2024) -> 4467.356 | N11: =N10+N$8*(1+input!$B$8)^($L11-2024) -> -21378.178 | O11: =O10+O$8*(1+input!$B$8)^($L11-2024) -> -26472.83 | P11: =P10+P$8*(1+input!$B$8)^($L11-2024) -> -31457.882 | Q11: =Q10+Q$8*(1+input!$B$8)^($L11-2024) -> #VALUE! | R11: =R10+R$8*(1+input!$B$8)^($L11-2024) -> #VALUE! | S11: =S10+S$8*(1+input!$B$8)^($L11-2024) -> #VALUE! | T11: =T10+T$8*(1+input!$B$8)^($L11-2024) -> -21425.526 | ... Y11: =Y10+Y$8*(1+input!$B$8)^($L11-2024) -> -32313.771
A12: total | C12: =SUM(C7:C10) -> 1298.785 | D12: =SUM(D7:D10) -> 1 | E12: =SUM(E7:E10) -> 1056.2 | F12: =SUM(F7:F10) -> 744.55933 | G12: =SUM(G7:G10) -> 1116.839 | H12: =SUM(H7:H10) -> 1489.1187 | L12: 2027 | M12: =M11+M$8*(1+input!$B$8)^($L12-2024) -> 5956.4747 | N12: =N11+N$8*(1+input!$B$8)^($L12-2024) -> -20617.837 | O12: =O11+O$8*(1+input!$B$8)^($L12-2024) -> -25332.318 | P12: =P11+P$8*(1+input!$B$8)^($L12-2024) -> -29937.198 | Q12: =Q11+Q$8*(1+input!$B$8)^($L12-2024) -> #VALUE! | R12: =R11+R$8*(1+input!$B$8)^($L12-2024) -> #VALUE! | S12: =S11+S$8*(1+input!$B$8)^($L12-2024) -> #VALUE! | T12: =T11+T$8*(1+input!$B$8)^($L12-2024) -> -20680.966 | ... Y12: =Y11+Y$8*(1+input!$B$8)^($L12-2024) -> -31078.384
A13: payback (no grant) | F13: =(input!B12+'utility rates'!$L35)/Ottawa!F12 -> 27.147069 | G13: =(input!B13+'utility rates'!$M35)/Ottawa!G12 -> 23.046982 | H13: =(input!B14+'utility rates'!$N35)/Ottawa!H12 -> 20.996938 | L13: 2028 | M13: =M12+M$8*(1+input!$B$8)^($L13-2024) -> 7445.5933 | N13: =N12+N$8*(1+input!$B$8)^($L13-2024) -> -19857.495 | O13: =O12+O$8*(1+input!$B$8)^($L13-2024) -> -24191.805 | P13: =P12+P$8*(1+input!$B$8)^($L13-2024) -> -28416.515 | Q13: =Q12+Q$8*(1+input!$B$8)^($L13-2024) -> #VALUE! | R13: =R12+R$8*(1+input!$B$8)^($L13-2024) -> #VALUE! | S13: =S12+S$8*(1+input!$B$8)^($L13-2024) -> #VALUE! | T13: =T12+T$8*(1+input!$B$8)^($L13-2024) -> -19936.407 | ... Y13: =Y12+Y$8*(1+input!$B$8)^($L13-2024) -> -29842.997
A14: payback (with grant) | F14: =(input!B12+'utility rates'!$L35-5000)/Ottawa!F12 -> 20.431687 | G14: =(input!B13+'utility rates'!$M35-5000)/Ottawa!G12 -> 18.570061 | H14: =(input!B14+'utility rates'!$N35-5000)/Ottawa!H12 -> 17.639247 | L14: 2029 | M14: =M13+M$8*(1+input!$B$8)^($L14-2024) -> 8934.712 | N14: =N13+N$8*(1+input!$B$8)^($L14-2024) -> -19097.153 | O14: =O13+O$8*(1+input!$B$8)^($L14-2024) -> -23051.292 | P14: =P13+P$8*(1+input!$B$8)^($L14-2024) -> -26895.831 | Q14: =Q13+Q$8*(1+input!$B$8)^($L14-2024) -> #VALUE! | R14: =R13+R$8*(1+input!$B$8)^($L14-2024) -> #VALUE! | S14: =S13+S$8*(1+input!$B$8)^($L14-2024) -> #VALUE! | T14: =T13+T$8*(1+input!$B$8)^($L14-2024) -> -19191.848 | ... Y14: =Y13+Y$8*(1+input!$B$8)^($L14-2024) -> -28607.61
L15: 2030 | M15: =M14+M$8*(1+input!$B$8)^($L15-2024) -> 10423.831 | N15: =N14+N$8*(1+input!$B$8)^($L15-2024) -> -18336.811 | O15: =O14+O$8*(1+input!$B$8)^($L15-2024) -> -21910.78 | P15: =P14+P$8*(1+input!$B$8)^($L15-2024) -> -25375.148 | Q15: =Q14+Q$8*(1+input!$B$8)^($L15-2024) -> #VALUE! | R15: =R14+R$8*(1+input!$B$8)^($L15-2024) -> #VALUE! | S15: =S14+S$8*(1+input!$B$8)^($L15-2024) -> #VALUE! | T15: =T14+T$8*(1+input!$B$8)^($L15-2024) -> -18447.288 | ... Y15: =Y14+Y$8*(1+input!$B$8)^($L15-2024) -> -27372.222
A16: TOU | L16: 2031 | M16: =M15+M$8*(1+input!$B$8)^($L16-2024) -> 11912.949 | N16: =N15+N$8*(1+input!$B$8)^($L16-2024) -> -17576.47 | O16: =O15+O$8*(1+input!$B$8)^($L16-2024) -> -20770.267 | P16: =P15+P$8*(1+input!$B$8)^($L16-2024) -> -23854.465 | Q16: =Q15+Q$8*(1+input!$B$8)^($L16-2024) -> #VALUE! | R16: =R15+R$8*(1+input!$B$8)^($L16-2024) -> #VALUE! | S16: =S15+S$8*(1+input!$B$8)^($L16-2024) -> #VALUE! | T16: =T15+T$8*(1+input!$B$8)^($L16-2024) -> -17702.729 | ... Y16: =Y15+Y$8*(1+input!$B$8)^($L16-2024) -> -26136.835
L17: 2032 | M17: =M16+M$8*(1+input!$B$8)^($L17-2024) -> 13402.068 | N17: =N16+N$8*(1+input!$B$8)^($L17-2024) -> -16816.128 | O17: =O16+O$8*(1+input!$B$8)^($L17-2024) -> -19629.755 | P17: =P16+P$8*(1+input!$B$8)^($L17-2024) -> -22333.781 | Q17: =Q16+Q$8*(1+input!$B$8)^($L17-2024) -> #VALUE! | R17: =R16+R$8*(1+input!$B$8)^($L17-2024) -> #VALUE! | S17: =S16+S$8*(1+input!$B$8)^($L17-2024) -> #VALUE! | T17: =T16+T$8*(1+input!$B$8)^($L17-2024) -> -16958.17 | ... Y17: =Y16+Y$8*(1+input!$B$8)^($L17-2024) -> -24901.448
A18: on-peak summer | B18: ='utility rates'!P23 -> 0.18491944 | C18: 415.92231 | D18: =C18/C$25 -> 0.32023955 | E18: =D18*'kWh per yr'!C$22 -> 338.23701 | F18: =$E18*F$3*$B18 -> 312.733 | G18: =$E18*G$3*$B18 -> 469.0995 | H18: =$E18*H$3*$B18 -> 625.466 | L18: 2033 | M18: =M17+M$8*(1+input!$B$8)^($L18-2024) -> 14891.187 | N18: =N17+N$8*(1+input!$B$8)^($L18-2024) -> -16055.786 | O18: =O17+O$8*(1+input!$B$8)^($L18-2024) -> -18489.242 | P18: =P17+P$8*(1+input!$B$8)^($L18-2024) -> -20813.098 | Q18: =Q17+Q$8*(1+input!$B$8)^($L18-2024) -> #VALUE! | R18: =R17+R$8*(1+input!$B$8)^($L18-2024) -> #VALUE! | S18: =S17+S$8*(1+input!$B$8)^($L18-2024) -> #VALUE! | T18: =T17+T$8*(1+input!$B$8)^($L18-2024) -> -16213.61 | ... Y18: =Y17+Y$8*(1+input!$B$8)^($L18-2024) -> -23666.061
A19: on-peak winter | B19: ='utility rates'!P23 -> 0.18491944 | C19: 81.867931 | D19: =C19/C$25 -> 0.063034246 | E19: =D19*'kWh per yr'!C$22 -> 66.576771 | F19: =$E19*F$3*$B19 -> 61.556697 | G19: =$E19*G$3*$B19 -> 92.335046 | H19: =$E19*H$3*$B19 -> 123.11339 | L19: 2034 | M19: =M18+M$8*(1+input!$B$8)^($L19-2024) -> 16380.305 | N19: =N18+N$8*(1+input!$B$8)^($L19-2024) -> -15295.445 | O19: =O18+O$8*(1+input!$B$8)^($L19-2024) -> -17348.729 | P19: =P18+P$8*(1+input!$B$8)^($L19-2024) -> -19292.414 | Q19: =Q18+Q$8*(1+input!$B$8)^($L19-2024) -> #VALUE! | R19: =R18+R$8*(1+input!$B$8)^($L19-2024) -> #VALUE! | S19: =S18+S$8*(1+input!$B$8)^($L19-2024) -> #VALUE! | T19: =T18+T$8*(1+input!$B$8)^($L19-2024) -> -15469.051 | ... Y19: =Y18+Y$8*(1+input!$B$8)^($L19-2024) -> -22430.674
A20: mid-peak summer | B20: ='utility rates'!P24 -> 0.1320542 | C20: 223.38303 | D20: =C20/C$25 -> 0.17199386 | E20: =D20*'kWh per yr'!C$22 -> 181.65991 | F20: =$E20*F$3*$B20 -> 119.94477 | G20: =$E20*G$3*$B20 -> 179.91715 | H20: =$E20*H$3*$B20 -> 239.88954 | L20: 2035 | M20: =M19+M$8*(1+input!$B$8)^($L20-2024) -> 17869.424 | N20: =N19+N$8*(1+input!$B$8)^($L20-2024) -> -14535.103 | O20: =O19+O$8*(1+input!$B$8)^($L20-2024) -> -16208.217 | P20: =P19+P$8*(1+input!$B$8)^($L20-2024) -> -17771.731 | Q20: =Q19+Q$8*(1+input!$B$8)^($L20-2024) -> #VALUE! | R20: =R19+R$8*(1+input!$B$8)^($L20-2024) -> #VALUE! | S20: =S19+S$8*(1+input!$B$8)^($L20-2024) -> #VALUE! | T20: =T19+T$8*(1+input!$B$8)^($L20-2024) -> -14724.492 | ... Y20: =Y19+Y$8*(1+input!$B$8)^($L20-2024) -> -21195.287
A21: mid-peak winter | B21: =+'utility rates'!P24 -> 0.1320542 | C21: 226.39482 | D21: =C21/C$25 -> 0.17431278 | E21: =D21*'kWh per yr'!C$22 -> 184.10916 | F21: =$E21*F$3*$B21 -> 121.56194 | G21: =$E21*G$3*$B21 -> 182.34291 | H21: =$E21*H$3*$B21 -> 243.12387 | L21: 2036 | M21: =M20+M$8*(1+input!$B$8)^($L21-2024) -> 19358.543 | N21: =N20+N$8*(1+input!$B$8)^($L21-2024) -> -13774.761 | O21: =O20+O$8*(1+input!$B$8)^($L21-2024) -> -15067.704 | P21: =P20+P$8*(1+input!$B$8)^($L21-2024) -> -16251.047 | Q21: =Q20+Q$8*(1+input!$B$8)^($L21-2024) -> #VALUE! | R21: =R20+R$8*(1+input!$B$8)^($L21-2024) -> #VALUE! | S21: =S20+S$8*(1+input!$B$8)^($L21-2024) -> #VALUE! | T21: =T20+T$8*(1+input!$B$8)^($L21-2024) -> -13979.932 | ... Y21: =Y20+Y$8*(1+input!$B$8)^($L21-2024) -> -19959.9
A22: off-peak weekend | B22: ='utility rates'!P22 -> 0.10121614 | C22: 338.90228 | D22: =C22/C$25 -> 0.26093795 | E22: =D22*'kWh per yr'!C$22 -> 275.60266 | F22: =$E22*F$3*$B22 -> 139.47718 | G22: =$E22*G$3*$B22 -> 209.21578 | H22: =$E22*H$3*$B22 -> 278.95437 | L22: 2037 | M22: =M21+M$8*(1+input!$B$8)^($L22-2024) -> 20847.661 | N22: =N21+N$8*(1+input!$B$8)^($L22-2024) -> -13014.419 | O22: =O21+O$8*(1+input!$B$8)^($L22-2024) -> -13927.192 | P22: =P21+P$8*(1+input!$B$8)^($L22-2024) -> -14730.364 | Q22: =Q21+Q$8*(1+input!$B$8)^($L22-2024) -> #VALUE! | R22: =R21+R$8*(1+input!$B$8)^($L22-2024) -> #VALUE! | S22: =S21+S$8*(1+input!$B$8)^($L22-2024) -> #VALUE! | T22: =T21+T$8*(1+input!$B$8)^($L22-2024) -> -13235.373 | ... Y22: =Y21+Y$8*(1+input!$B$8)^($L22-2024) -> -18724.513
A23: off-peak | B23: ='utility rates'!P22 -> 0.10121614 | C23: 12.314583 | D23: =C23/C$25 -> 0.0094816184 | E23: =D23*'kWh per yr'!C$22 -> 10.014485 | F23: =$E23*F$3*$B23 -> 5.0681376 | G23: =$E23*G$3*$B23 -> 7.6022064 | H23: =$E23*H$3*$B23 -> 10.136275 | L23: 2038 | M23: =M22+M$8*(1+input!$B$8)^($L23-2024) -> 22336.78 | N23: =N22+N$8*(1+input!$B$8)^($L23-2024) -> -12254.078 | O23: =O22+O$8*(1+input!$B$8)^($L23-2024) -> -12786.679 | P23: =P22+P$8*(1+input!$B$8)^($L23-2024) -> -13209.68 | Q23: =Q22+Q$8*(1+input!$B$8)^($L23-2024) -> #VALUE! | R23: =R22+R$8*(1+input!$B$8)^($L23-2024) -> #VALUE! | S23: =S22+S$8*(1+input!$B$8)^($L23-2024) -> #VALUE! | T23: =T22+T$8*(1+input!$B$8)^($L23-2024) -> -12490.814 | ... Y23: =Y22+Y$8*(1+input!$B$8)^($L23-2024) -> -17489.126
L24: 2039 | M24: =M23+M$8*(1+input!$B$8)^($L24-2024) -> 23825.899 | N24: =N23+N$8*(1+input!$B$8)^($L24-2024) -> -11493.736 | O24: =O23+O$8*(1+input!$B$8)^($L24-2024) -> -11646.166 | P24: =P23+P$8*(1+input!$B$8)^($L24-2024) -> -11688.997 | Q24: =Q23+Q$8*(1+input!$B$8)^($L24-2024) -> #VALUE! | R24: =R23+R$8*(1+input!$B$8)^($L24-2024) -> #VALUE! | S24: =S23+S$8*(1+input!$B$8)^($L24-2024) -> #VALUE! | T24: =T23+T$8*(1+input!$B$8)^($L24-2024) -> -11746.254 | ... Y24: =Y23+Y$8*(1+input!$B$8)^($L24-2024) -> -16253.739
A25: total | C25: =SUM(C18:C23) -> 1298.785 | D25: =SUM(D18:D23) -> 1 | E25: =SUM(E18:E23) -> 1056.2 | F25: =SUM(F18:F23) -> 760.34173 | G25: =SUM(G18:G23) -> 1140.5126 | H25: =SUM(H18:H23) -> 1520.6835 | L25: 2040 | M25: =M24+M$8*(1+input!$B$8)^($L25-2024) -> 25315.017 | N25: =N24+N$8*(1+input!$B$8)^($L25-2024) -> -10733.394 | O25: =O24+O$8*(1+input!$B$8)^($L25-2024) -> -10505.654 | P25: =P24+P$8*(1+input!$B$8)^($L25-2024) -> -10168.314 | Q25: =Q24+Q$8*(1+input!$B$8)^($L25-2024) -> #VALUE! | R25: =R24+R$8*(1+input!$B$8)^($L25-2024) -> #VALUE! | S25: =S24+S$8*(1+input!$B$8)^($L25-2024) -> #VALUE! | T25: =T24+T$8*(1+input!$B$8)^($L25-2024) -> -11001.695 | ... Y25: =Y24+Y$8*(1+input!$B$8)^($L25-2024) -> -15018.351
A26: payback (no grant) | F26: =(input!B12+'utility rates'!$L35)/Ottawa!F25 -> 26.583578 | G26: =(input!B13+'utility rates'!$M35)/Ottawa!G25 -> 22.568596 | H26: =(input!B14+'utility rates'!$N35)/Ottawa!H25 -> 20.561105 | L26: 2041 | M26: =M25+M$8*(1+input!$B$8)^($L26-2024) -> 26804.136 | N26: =N25+N$8*(1+input!$B$8)^($L26-2024) -> -9973.0525 | O26: =O25+O$8*(1+input!$B$8)^($L26-2024) -> -9365.1413 | P26: =P25+P$8*(1+input!$B$8)^($L26-2024) -> -8647.6301 | Q26: =Q25+Q$8*(1+input!$B$8)^($L26-2024) -> #VALUE! | R26: =R25+R$8*(1+input!$B$8)^($L26-2024) -> #VALUE! | S26: =S25+S$8*(1+input!$B$8)^($L26-2024) -> #VALUE! | T26: =T25+T$8*(1+input!$B$8)^($L26-2024) -> -10257.136 | ... Y26: =Y25+Y$8*(1+input!$B$8)^($L26-2024) -> -13782.964
A27: payback (with grant) | F27: =(input!B12+'utility rates'!$L35-5000)/Ottawa!F25 -> 20.007587 | G27: =(input!B13+'utility rates'!$M35-5000)/Ottawa!G25 -> 18.184602 | H27: =(input!B14+'utility rates'!$N35-5000)/Ottawa!H25 -> 17.27311 | L27: 2042 | M27: =M26+M$8*(1+input!$B$8)^($L27-2024) -> 28293.255 | N27: =N26+N$8*(1+input!$B$8)^($L27-2024) -> -9212.7108 | O27: =O26+O$8*(1+input!$B$8)^($L27-2024) -> -8224.6287 | P27: =P26+P$8*(1+input!$B$8)^($L27-2024) -> -7126.9466 | Q27: =Q26+Q$8*(1+input!$B$8)^($L27-2024) -> #VALUE! | R27: =R26+R$8*(1+input!$B$8)^($L27-2024) -> #VALUE! | S27: =S26+S$8*(1+input!$B$8)^($L27-2024) -> #VALUE! | T27: =T26+T$8*(1+input!$B$8)^($L27-2024) -> -9512.5763 | ... Y27: =Y26+Y$8*(1+input!$B$8)^($L27-2024) -> -12547.577
L28: 2043 | M28: =M27+M$8*(1+input!$B$8)^($L28-2024) -> 29782.373 | N28: =N27+N$8*(1+input!$B$8)^($L28-2024) -> -8452.3691 | O28: =O27+O$8*(1+input!$B$8)^($L28-2024) -> -7084.1161 | P28: =P27+P$8*(1+input!$B$8)^($L28-2024) -> -5606.2632 | Q28: =Q27+Q$8*(1+input!$B$8)^($L28-2024) -> #VALUE! | R28: =R27+R$8*(1+input!$B$8)^($L28-2024) -> #VALUE! | S28: =S27+S$8*(1+input!$B$8)^($L28-2024) -> #VALUE! | T28: =T27+T$8*(1+input!$B$8)^($L28-2024) -> -8768.0169 | ... Y28: =Y27+Y$8*(1+input!$B$8)^($L28-2024) -> -11312.19
A29: Tiered | L29: 2044 | M29: =M28+M$8*(1+input!$B$8)^($L29-2024) -> 31271.492 | N29: =N28+N$8*(1+input!$B$8)^($L29-2024) -> -7692.0273 | O29: =O28+O$8*(1+input!$B$8)^($L29-2024) -> -5943.6035 | P29: =P28+P$8*(1+input!$B$8)^($L29-2024) -> -4085.5797 | Q29: =Q28+Q$8*(1+input!$B$8)^($L29-2024) -> #VALUE! | R29: =R28+R$8*(1+input!$B$8)^($L29-2024) -> #VALUE! | S29: =S28+S$8*(1+input!$B$8)^($L29-2024) -> #VALUE! | T29: =T28+T$8*(1+input!$B$8)^($L29-2024) -> -8023.4576 | ... Y29: =Y28+Y$8*(1+input!$B$8)^($L29-2024) -> -10076.803
A30: summer average monthly use (kWh) | B30: 750 | L30: 2045 | M30: =M29+M$8*(1+input!$B$8)^($L30-2024) -> 32760.611 | N30: =N29+N$8*(1+input!$B$8)^($L30-2024) -> -6931.6856 | O30: =O29+O$8*(1+input!$B$8)^($L30-2024) -> -4803.0909 | P30: =P29+P$8*(1+input!$B$8)^($L30-2024) -> -2564.8963 | Q30: =Q29+Q$8*(1+input!$B$8)^($L30-2024) -> #VALUE! | R30: =R29+R$8*(1+input!$B$8)^($L30-2024) -> #VALUE! | S30: =S29+S$8*(1+input!$B$8)^($L30-2024) -> #VALUE! | T30: =T29+T$8*(1+input!$B$8)^($L30-2024) -> -7278.8983 | ... Y30: =Y29+Y$8*(1+input!$B$8)^($L30-2024) -> -8841.4159
A31: winter average monthly use | B31: 750 | L31: 2046 | M31: =M30+M$8*(1+input!$B$8)^($L31-2024) -> 34249.729 | N31: =N30+N$8*(1+input!$B$8)^($L31-2024) -> -6171.3439 | O31: =O30+O$8*(1+input!$B$8)^($L31-2024) -> -3662.5784 | P31: =P30+P$8*(1+input!$B$8)^($L31-2024) -> -1044.2128 | Q31: =Q30+Q$8*(1+input!$B$8)^($L31-2024) -> #VALUE! | R31: =R30+R$8*(1+input!$B$8)^($L31-2024) -> #VALUE! | S31: =S30+S$8*(1+input!$B$8)^($L31-2024) -> #VALUE! | T31: =T30+T$8*(1+input!$B$8)^($L31-2024) -> -6534.3389 | ... Y31: =Y30+Y$8*(1+input!$B$8)^($L31-2024) -> -7606.0288
A32: Tiered winter low | B32: ='utility rates'!P29 -> 0.11531354 | C32: 420.68851 | D32: =C32/C$37 -> 0.32390929 | E32: =D32*'kWh per yr'!C$22 -> 342.11299 | F32: =MAX($E32*F$3-F33/B33,0)*($B32) -> 197.25129 | G32: =MAX($E32*G$3-G33/B33,0)*($B32) -> 295.87694 | H32: =MAX($E32*H$3-H33/B33,0)*($B32) -> 394.50259 | L32: 2047 | M32: =M31+M$8*(1+input!$B$8)^($L32-2024) -> 35738.848 | N32: =N31+N$8*(1+input!$B$8)^($L32-2024) -> -5411.0022 | O32: =O31+O$8*(1+input!$B$8)^($L32-2024) -> -2522.0658 | P32: =P31+P$8*(1+input!$B$8)^($L32-2024) -> 476.47062 | Q32: =Q31+Q$8*(1+input!$B$8)^($L32-2024) -> #VALUE! | R32: =R31+R$8*(1+input!$B$8)^($L32-2024) -> #VALUE! | S32: =S31+S$8*(1+input!$B$8)^($L32-2024) -> #VALUE! | T32: =T31+T$8*(1+input!$B$8)^($L32-2024) -> -5789.7796 | ... Y32: =Y31+Y$8*(1+input!$B$8)^($L32-2024) -> -6370.6417
A33: Tiered winter high | B33: ='utility rates'!P30 -> 0.13469746 | C33: 420.68851 | D33: =C33/C$37 -> 0.32390929 | E33: =D33*'kWh per yr'!C$22 -> 342.11299 | F33: =MIN(MAX(($B31-1000)*6,0),$E33*F$3)*($B33) -> 0 | G33: =MIN(MAX(($B31-1000)*6,0),$E33*G$3)*($B33) -> 0 | H33: =MIN(MAX(($B31-1000)*6,0),$E33*H$3)*($B33) -> 0 | L33: 2048 | M33: =M32+M$8*(1+input!$B$8)^($L33-2024) -> 37227.967 | N33: =N32+N$8*(1+input!$B$8)^($L33-2024) -> -4650.6604 | O33: =O32+O$8*(1+input!$B$8)^($L33-2024) -> -1381.5532 | P33: =P32+P$8*(1+input!$B$8)^($L33-2024) -> 1997.1541 | Q33: =Q32+Q$8*(1+input!$B$8)^($L33-2024) -> #VALUE! | R33: =R32+R$8*(1+input!$B$8)^($L33-2024) -> #VALUE! | S33: =S32+S$8*(1+input!$B$8)^($L33-2024) -> #VALUE! | T33: =T32+T$8*(1+input!$B$8)^($L33-2024) -> -5045.2203 | ... Y33: =Y32+Y$8*(1+input!$B$8)^($L33-2024) -> -5135.2546
A34: Tiered summer low | B34: ='utility rates'!P29 -> 0.11531354 | C34: 878.09644 | D34: =C34/C$37 -> 0.67609071 | E34: =D34*'kWh per yr'!C$22 -> 714.08701 | F34: =MAX($E34*F$3-F35/B35,0)*($B34) -> 307.93731 | G34: =MAX($E34*G$3-G35/B35,0)*($B34) -> 513.79705 | H34: =MAX($E34*H$3-H35/B35,0)*($B34) -> 719.6568 | L34: 2049 | M34: =M33+M$8*(1+input!$B$8)^($L34-2024) -> 38717.085 | N34: =N33+N$8*(1+input!$B$8)^($L34-2024) -> -3890.3187 | O34: =O33+O$8*(1+input!$B$8)^($L34-2024) -> -241.04059 | P34: =P33+P$8*(1+input!$B$8)^($L34-2024) -> 3517.8375 | Q34: =Q33+Q$8*(1+input!$B$8)^($L34-2024) -> #VALUE! | R34: =R33+R$8*(1+input!$B$8)^($L34-2024) -> #VALUE! | S34: =S33+S$8*(1+input!$B$8)^($L34-2024) -> #VALUE! | T34: =T33+T$8*(1+input!$B$8)^($L34-2024) -> -4300.6609 | ... Y34: =Y33+Y$8*(1+input!$B$8)^($L34-2024) -> -3899.8675
A35: Tiered summer high | B35: ='utility rates'!P30 -> 0.13469746 | C35: 878.09644 | D35: =C35/C$37 -> 0.67609071 | E35: =D35*'kWh per yr'!C$22 -> 714.08701 | F35: =MIN(MAX(($B30-600)*6,0),$E35*F$3)*($B35) -> 121.22771 | G35: =MIN(MAX(($B30-600)*6,0),$E35*G$3)*($B35) -> 121.22771 | H35: =MIN(MAX(($B30-600)*6,0),$E35*H$3)*($B35) -> 121.22771 | L35: 2050 | M35: =M34+M$8*(1+input!$B$8)^($L35-2024) -> 40206.204 | N35: =N34+N$8*(1+input!$B$8)^($L35-2024) -> -3129.977 | O35: =O34+O$8*(1+input!$B$8)^($L35-2024) -> 899.472 | P35: =P34+P$8*(1+input!$B$8)^($L35-2024) -> 5038.521 | Q35: =Q34+Q$8*(1+input!$B$8)^($L35-2024) -> #VALUE! | R35: =R34+R$8*(1+input!$B$8)^($L35-2024) -> #VALUE! | S35: =S34+S$8*(1+input!$B$8)^($L35-2024) -> #VALUE! | T35: =T34+T$8*(1+input!$B$8)^($L35-2024) -> -3556.1016 | ... Y35: =Y34+Y$8*(1+input!$B$8)^($L35-2024) -> -2664.4804
L36: 2051 | M36: =M35+M$8*(1+input!$B$8)^($L36-2024) -> 41695.323 | N36: =N35+N$8*(1+input!$B$8)^($L36-2024) -> -2369.6353 | O36: =O35+O$8*(1+input!$B$8)^($L36-2024) -> 2039.9846 | P36: =P35+P$8*(1+input!$B$8)^($L36-2024) -> 6559.2044 | Q36: =Q35+Q$8*(1+input!$B$8)^($L36-2024) -> #VALUE! | R36: =R35+R$8*(1+input!$B$8)^($L36-2024) -> #VALUE! | S36: =S35+S$8*(1+input!$B$8)^($L36-2024) -> #VALUE! | T36: =T35+T$8*(1+input!$B$8)^($L36-2024) -> -2811.5423 | ... Y36: =Y35+Y$8*(1+input!$B$8)^($L36-2024) -> -1429.0933
A37: total | C37: =SUM(C32:C35)/2 -> 1298.785 | D37: =SUM(D32:D35)/2 -> 1 | E37: =SUM(E32:E35)/2 -> 1056.2 | F37: =SUM(F32:F35) -> 626.41632 | G37: =SUM(G32:G35) -> 930.90171 | H37: =SUM(H32:H35) -> 1235.3871 | L37: 2052 | M37: =M36+M$8*(1+input!$B$8)^($L37-2024) -> 43184.441 | N37: =N36+N$8*(1+input!$B$8)^($L37-2024) -> -1609.2935 | O37: =O36+O$8*(1+input!$B$8)^($L37-2024) -> 3180.4972 | P37: =P36+P$8*(1+input!$B$8)^($L37-2024) -> 8079.8879 | Q37: =Q36+Q$8*(1+input!$B$8)^($L37-2024) -> #VALUE! | R37: =R36+R$8*(1+input!$B$8)^($L37-2024) -> #VALUE! | S37: =S36+S$8*(1+input!$B$8)^($L37-2024) -> #VALUE! | T37: =T36+T$8*(1+input!$B$8)^($L37-2024) -> -2066.9829 | ... Y37: =Y36+Y$8*(1+input!$B$8)^($L37-2024) -> -193.70621
A38: payback (no grant) | F38: =(input!$B12+'utility rates'!$L35)/Ottawa!F37 -> 32.267045 | G38: =(input!$B13+'utility rates'!$L35)/Ottawa!G37 -> 27.556278 | H38: =(input!$B14+'utility rates'!$L35)/Ottawa!H37 -> 25.167632 | L38: 2053 | M38: =M37+M$8*(1+input!$B$8)^($L38-2024) -> 44673.56 | N38: =N37+N$8*(1+input!$B$8)^($L38-2024) -> -848.9518 | O38: =O37+O$8*(1+input!$B$8)^($L38-2024) -> 4321.0098 | P38: =P37+P$8*(1+input!$B$8)^($L38-2024) -> 9600.5713 | Q38: =Q37+Q$8*(1+input!$B$8)^($L38-2024) -> #VALUE! | R38: =R37+R$8*(1+input!$B$8)^($L38-2024) -> #VALUE! | S38: =S37+S$8*(1+input!$B$8)^($L38-2024) -> #VALUE! | T38: =T37+T$8*(1+input!$B$8)^($L38-2024) -> -1322.4236 | ... Y38: =Y37+Y$8*(1+input!$B$8)^($L38-2024) -> 1041.6809
A39: payback (with grant) | F39: =(input!$B12+'utility rates'!$L35-5000)/F37 -> 24.285133 | G39: =(input!$B13+'utility rates'!$L35-5000)/G37 -> 22.185141 | H39: =(input!$B14+'utility rates'!$L35-5000)/H37 -> 21.120318 | L39: 2054 | M39: =M38+M$8*(1+input!$B$8)^($L39-2024) -> 46162.679 | N39: =N38+N$8*(1+input!$B$8)^($L39-2024) -> -88.610079 | O39: =O38+O$8*(1+input!$B$8)^($L39-2024) -> 5461.5223 | P39: =P38+P$8*(1+input!$B$8)^($L39-2024) -> 11121.255 | Q39: =Q38+Q$8*(1+input!$B$8)^($L39-2024) -> #VALUE! | R39: =R38+R$8*(1+input!$B$8)^($L39-2024) -> #VALUE! | S39: =S38+S$8*(1+input!$B$8)^($L39-2024) -> #VALUE! | T39: =T38+T$8*(1+input!$B$8)^($L39-2024) -> -577.86429 | ... Y39: =Y38+Y$8*(1+input!$B$8)^($L39-2024) -> 2277.068
A40: payback (with 10K grant) | F40: =(input!$B12+'utility rates'!$L35-10000)/F37 -> 16.303221 | G40: =(input!$B13+'utility rates'!$L35-10000)/G37 -> 16.814005 | H40: =(input!$B14+'utility rates'!$L35-10000)/H37 -> 17.073004 | L40: 2055 | M40: =M39+M$8*(1+input!$B$8)^($L40-2024) -> 47651.797 | N40: =N39+N$8*(1+input!$B$8)^($L40-2024) -> 671.73165 | O40: =O39+O$8*(1+input!$B$8)^($L40-2024) -> 6602.0349 | P40: =P39+P$8*(1+input!$B$8)^($L40-2024) -> 12641.938 | Q40: =Q39+Q$8*(1+input!$B$8)^($L40-2024) -> #VALUE! | R40: =R39+R$8*(1+input!$B$8)^($L40-2024) -> #VALUE! | S40: =S39+S$8*(1+input!$B$8)^($L40-2024) -> #VALUE! | T40: =T39+T$8*(1+input!$B$8)^($L40-2024) -> 166.69505 | ... Y40: =Y39+Y$8*(1+input!$B$8)^($L40-2024) -> 3512.4551
L41: 2056 | M41: =M40+M$8*(1+input!$B$8)^($L41-2024) -> 49140.916 | N41: =N40+N$8*(1+input!$B$8)^($L41-2024) -> 1432.0734 | O41: =O40+O$8*(1+input!$B$8)^($L41-2024) -> 7742.5475 | P41: =P40+P$8*(1+input!$B$8)^($L41-2024) -> 14162.622 | Q41: =Q40+Q$8*(1+input!$B$8)^($L41-2024) -> #VALUE! | R41: =R40+R$8*(1+input!$B$8)^($L41-2024) -> #VALUE! | S41: =S40+S$8*(1+input!$B$8)^($L41-2024) -> #VALUE! | T41: =T40+T$8*(1+input!$B$8)^($L41-2024) -> 911.25438 | ... Y41: =Y40+Y$8*(1+input!$B$8)^($L41-2024) -> 4747.8422
L42: 2057 | M42: =M41+M$8*(1+input!$B$8)^($L42-2024) -> 50630.035 | N42: =N41+N$8*(1+input!$B$8)^($L42-2024) -> 2192.4151 | O42: =O41+O$8*(1+input!$B$8)^($L42-2024) -> 8883.0601 | P42: =P41+P$8*(1+input!$B$8)^($L42-2024) -> 15683.305 | Q42: =Q41+Q$8*(1+input!$B$8)^($L42-2024) -> #VALUE! | R42: =R41+R$8*(1+input!$B$8)^($L42-2024) -> #VALUE! | S42: =S41+S$8*(1+input!$B$8)^($L42-2024) -> #VALUE! | T42: =T41+T$8*(1+input!$B$8)^($L42-2024) -> 1655.8137 | ... Y42: =Y41+Y$8*(1+input!$B$8)^($L42-2024) -> 5983.2293
L43: 2058 | M43: =M42+M$8*(1+input!$B$8)^($L43-2024) -> 52119.153 | N43: =N42+N$8*(1+input!$B$8)^($L43-2024) -> 2952.7568 | O43: =O42+O$8*(1+input!$B$8)^($L43-2024) -> 10023.573 | P43: =P42+P$8*(1+input!$B$8)^($L43-2024) -> 17203.989 | Q43: =Q42+Q$8*(1+input!$B$8)^($L43-2024) -> #VALUE! | R43: =R42+R$8*(1+input!$B$8)^($L43-2024) -> #VALUE! | S43: =S42+S$8*(1+input!$B$8)^($L43-2024) -> #VALUE! | T43: =T42+T$8*(1+input!$B$8)^($L43-2024) -> 2400.373 | ... Y43: =Y42+Y$8*(1+input!$B$8)^($L43-2024) -> 7218.6164
L44: 2059 | M44: =M43+M$8*(1+input!$B$8)^($L44-2024) -> 53608.272 | N44: =N43+N$8*(1+input!$B$8)^($L44-2024) -> 3713.0985 | O44: =O43+O$8*(1+input!$B$8)^($L44-2024) -> 11164.085 | P44: =P43+P$8*(1+input!$B$8)^($L44-2024) -> 18724.672 | Q44: =Q43+Q$8*(1+input!$B$8)^($L44-2024) -> #VALUE! | R44: =R43+R$8*(1+input!$B$8)^($L44-2024) -> #VALUE! | S44: =S43+S$8*(1+input!$B$8)^($L44-2024) -> #VALUE! | T44: =T43+T$8*(1+input!$B$8)^($L44-2024) -> 3144.9324 | ... Y44: =Y43+Y$8*(1+input!$B$8)^($L44-2024) -> 8454.0035
L45: 2060 | M45: =M44+M$8*(1+input!$B$8)^($L45-2024) -> 55097.391 | N45: =N44+N$8*(1+input!$B$8)^($L45-2024) -> 4473.4403 | O45: =O44+O$8*(1+input!$B$8)^($L45-2024) -> 12304.598 | P45: =P44+P$8*(1+input!$B$8)^($L45-2024) -> 20245.355 | Q45: =Q44+Q$8*(1+input!$B$8)^($L45-2024) -> #VALUE! | R45: =R44+R$8*(1+input!$B$8)^($L45-2024) -> #VALUE! | S45: =S44+S$8*(1+input!$B$8)^($L45-2024) -> #VALUE! | T45: =T44+T$8*(1+input!$B$8)^($L45-2024) -> 3889.4917 | ... Y45: =Y44+Y$8*(1+input!$B$8)^($L45-2024) -> 9689.3906
L46: 2061 | M46: =M45+M$8*(1+input!$B$8)^($L46-2024) -> 56586.509 | N46: =N45+N$8*(1+input!$B$8)^($L46-2024) -> 5233.782 | O46: =O45+O$8*(1+input!$B$8)^($L46-2024) -> 13445.11 | P46: =P45+P$8*(1+input!$B$8)^($L46-2024) -> 21766.039 | Q46: =Q45+Q$8*(1+input!$B$8)^($L46-2024) -> #VALUE! | R46: =R45+R$8*(1+input!$B$8)^($L46-2024) -> #VALUE! | S46: =S45+S$8*(1+input!$B$8)^($L46-2024) -> #VALUE! | T46: =T45+T$8*(1+input!$B$8)^($L46-2024) -> 4634.051 | ... Y46: =Y45+Y$8*(1+input!$B$8)^($L46-2024) -> 10924.778
L47: 2062 | M47: =M46+M$8*(1+input!$B$8)^($L47-2024) -> 58075.628 | N47: =N46+N$8*(1+input!$B$8)^($L47-2024) -> 5994.1237 | O47: =O46+O$8*(1+input!$B$8)^($L47-2024) -> 14585.623 | P47: =P46+P$8*(1+input!$B$8)^($L47-2024) -> 23286.722 | Q47: =Q46+Q$8*(1+input!$B$8)^($L47-2024) -> #VALUE! | R47: =R46+R$8*(1+input!$B$8)^($L47-2024) -> #VALUE! | S47: =S46+S$8*(1+input!$B$8)^($L47-2024) -> #VALUE! | T47: =T46+T$8*(1+input!$B$8)^($L47-2024) -> 5378.6104 | ... Y47: =Y46+Y$8*(1+input!$B$8)^($L47-2024) -> 12160.165
L48: 2063 | M48: =M47+M$8*(1+input!$B$8)^($L48-2024) -> 59564.747 | N48: =N47+N$8*(1+input!$B$8)^($L48-2024) -> 6754.4654 | O48: =O47+O$8*(1+input!$B$8)^($L48-2024) -> 15726.136 | P48: =P47+P$8*(1+input!$B$8)^($L48-2024) -> 24807.406 | Q48: =Q47+Q$8*(1+input!$B$8)^($L48-2024) -> #VALUE! | R48: =R47+R$8*(1+input!$B$8)^($L48-2024) -> #VALUE! | S48: =S47+S$8*(1+input!$B$8)^($L48-2024) -> #VALUE! | T48: =T47+T$8*(1+input!$B$8)^($L48-2024) -> 6123.1697 | ... Y48: =Y47+Y$8*(1+input!$B$8)^($L48-2024) -> 13395.552
L49: 2064 | M49: =M48+M$8*(1+input!$B$8)^($L49-2024) -> 61053.865 | N49: =N48+N$8*(1+input!$B$8)^($L49-2024) -> 7514.8072 | O49: =O48+O$8*(1+input!$B$8)^($L49-2024) -> 16866.648 | P49: =P48+P$8*(1+input!$B$8)^($L49-2024) -> 26328.089 | Q49: =Q48+Q$8*(1+input!$B$8)^($L49-2024) -> #VALUE! | R49: =R48+R$8*(1+input!$B$8)^($L49-2024) -> #VALUE! | S49: =S48+S$8*(1+input!$B$8)^($L49-2024) -> #VALUE! | T49: =T48+T$8*(1+input!$B$8)^($L49-2024) -> 6867.729 | ... Y49: =Y48+Y$8*(1+input!$B$8)^($L49-2024) -> 14630.939
L50: 2065 | M50: =M49+M$8*(1+input!$B$8)^($L50-2024) -> 62542.984 | N50: =N49+N$8*(1+input!$B$8)^($L50-2024) -> 8275.1489 | O50: =O49+O$8*(1+input!$B$8)^($L50-2024) -> 18007.161 | P50: =P49+P$8*(1+input!$B$8)^($L50-2024) -> 27848.773 | Q50: =Q49+Q$8*(1+input!$B$8)^($L50-2024) -> #VALUE! | R50: =R49+R$8*(1+input!$B$8)^($L50-2024) -> #VALUE! | S50: =S49+S$8*(1+input!$B$8)^($L50-2024) -> #VALUE! | T50: =T49+T$8*(1+input!$B$8)^($L50-2024) -> 7612.2884 | ... Y50: =Y49+Y$8*(1+input!$B$8)^($L50-2024) -> 15866.326
L51: 2066 | M51: =M50+M$8*(1+input!$B$8)^($L51-2024) -> 64032.102 | N51: =N50+N$8*(1+input!$B$8)^($L51-2024) -> 9035.4906 | O51: =O50+O$8*(1+input!$B$8)^($L51-2024) -> 19147.673 | P51: =P50+P$8*(1+input!$B$8)^($L51-2024) -> 29369.456 | Q51: =Q50+Q$8*(1+input!$B$8)^($L51-2024) -> #VALUE! | R51: =R50+R$8*(1+input!$B$8)^($L51-2024) -> #VALUE! | S51: =S50+S$8*(1+input!$B$8)^($L51-2024) -> #VALUE! | T51: =T50+T$8*(1+input!$B$8)^($L51-2024) -> 8356.8477 | ... Y51: =Y50+Y$8*(1+input!$B$8)^($L51-2024) -> 17101.713

Sheet London
N2: TOU | T2: ULO | W2: Tiered
F3: =input!$B$3 -> 5 | G3: =input!$B$4 -> 7.5 | H3: =input!$B$5 -> 10 | N3: 5 | O3: 7.5 | P3: 10 | Q3: 15 | R3: 20 | S3: 25 | T3: 5 | U3: 7.5 | V3: 10 | W3: 5 | X3: 7.5 | Y3: 10
B4: electricity cost/kWh | C4: kW/m2/yr | D4: % of total | E4: kWh/kW | F4: annual savings | G4: annual savings | H4: annual savings | M4: solar array cost | N4: =input!$B12+'utility rates'!$L36-input!$B30*N3 -> 19924.44 | O4: =input!$B13+'utility rates'!$M36-input!$B30*O3 -> 25364.022 | P4: =input!$B14+'utility rates'!$N36-input!$B30*P3 -> 30803.605 | Q4: =input!$B15+'utility rates'!$O36-input!$B30*Q3 -> 42247.769 | R4: =input!$B16+'utility rates'!$P36-input!$B30*R3 -> 53126.934 | S4: =input!$B17+'utility rates'!$Q36-input!$B30*S3 -> 97228.099 | T4: =input!$B12+'utility rates'!$L36-input!$B30*T3 -> 19924.44 | U4: =input!$B13+'utility rates'!$M36-input!$B30*U3 -> 25364.022 | V4: =input!$B14+'utility rates'!$N36-input!$B30*V3 -> 30803.605 | W4: =input!$B12+'utility rates'!$L36-input!$B30*W3 -> 19924.44 | X4: =input!$B13+'utility rates'!$M36-input!$B30*X3 -> 25364.022 | Y4: =input!$B14+'utility rates'!$N36-input!$B30*Y3 -> 30803.605
A5: ULO | C5: from solar cities spreadsheet | M5: replacement inverter cost | N5: =input!$B22 -> 3446.6 | O5: =input!$B23 -> 4154.6 | P5: =input!$B24 -> 4753 | Q5: =input!$B25 -> 6077.6667 | R5: =input!$B26 -> 7384.0667 | S5: =input!$B27 -> 8690.4667 | T5: =input!$B22 -> 3446.6 | U5: =input!$B23 -> 4154.6 | V5: =input!$B24 -> 4753 | W5: =input!$B22 -> 3446.6 | X5: =input!$B23 -> 4154.6 | Y5: =input!$B24 -> 4753
L6: payback | N6: =COUNTIF(N8:N45, "<0")+1 -> 29 | O6: =COUNTIF(O8:O45, "<0")+1 -> 25 | P6: =COUNTIF(P8:P45, "<0")+1 -> 22 | Q6: =COUNTIF(Q8:Q45, "<0")+1 -> 20 | R6: =COUNTIF(R8:R45, "<0")+1 -> 19 | S6: =COUNTIF(S8:S45, "<0")+1 -> 26 | T6: =COUNTIF(T8:T45, "<0")+1 -> 29 | U6: =COUNTIF(U8:U45, "<0")+1 -> 25 | ... Y6: =COUNTIF(Y8:Y45, "<0")+1 -> 27
A7: on-peak | B7: ='utility rates'!Q25 -> 0.28035134 | C7: 191.19607 | D7: =C7/C$12 -> 0.14633048 | E7: =D7*'kWh per yr'!D$22 -> 161.90005 | F7: =$E7*F$3*$B7 -> 226.94447 | G7: =$E7*G$3*$B7 -> 340.41671 | H7: =$E7*H$3*$B7 -> 453.88894 | L7: year | N7: cumulative annual savings (5 kW | O7: cumulative annual savings 7.5 kW | P7: cumulative annual savings 10 kW | T7: cumulative annual savings (5 kW | U7: cumulative annual savings 7.5 kW | V7: cumulative annual savings 10 kW | W7: cumulative annual savings (5 kW | X7: cumulative annual savings 7.5 kW | Y7: cumulative annual savings 10 kW
A8: mid-peak | B8: ='utility rates'!Q26 -> 0.13510523 | C8: 772.38659 | D8: =C8/C$12 -> 0.5911403 | E8: =D8*'kWh per yr'!D$22 -> 654.03763 | F8: =$E8*F$3*$B8 -> 441.81952 | G8: =$E8*G$3*$B8 -> 662.72928 | H8: =$E8*H$3*$B8 -> 883.63904 | L8: 2024 savings | M8: =V8 -> 1639.2907 | N8: =F25 -> 815.41791 | O8: =G25 -> 1223.1269 | P8: =H25 -> 1630.8358 | Q8: =N8*3 -> 2446.2537 | R8: =N8*4 -> 3261.6716 | S8: =N8*5 -> 4077.0895 | T8: =F12 -> 819.64535 | U8: =G12 -> 1229.468 | V8: =H12 -> 1639.2907 | W8: =F37 -> 671.84936 | X8: =G37 -> 999.00613 | Y8: =H37 -> 1326.1629
A9: weekend off-peak | B9: ='utility rates'!Q27 -> 0.10410759 | C9: 341.59668 | D9: =C9/C$12 -> 0.26143847 | E9: =D9*'kWh per yr'!D$22 -> 289.25552 | F9: =$E9*F$3*$B9 -> 150.56847 | G9: =$E9*G$3*$B9 -> 225.8527 | H9: =$E9*H$3*$B9 -> 301.13693 | L9: 2024 | M9: =M8 -> 1639.2907 | N9: =N8-N4-N5 -> -22555.622 | O9: =O8-O4-O5 -> -28295.495 | P9: =P8-P4-P5 -> -33925.769 | Q9: =Q8-Q4-Q5 -> -45879.182 | R9: =R8-R4-R5 -> -57249.329 | S9: =S8-S4-S5 -> -101841.48 | T9: =T8-T4-T5 -> -22551.394 | U9: =U8-U4-U5 -> -28289.154 | ... Y9: =Y8-Y4-Y5 -> -34230.442
A10: ultralow overnight | B10: ='utility rates'!Q28 -> 0.051854413 | C10: 1.4251806 | D10: =C10/C$12 -> 0.0010907513 | E10: =D10*'kWh per yr'!D$22 -> 1.2068072 | F10: =$E10*F$3*$B10 -> 0.3128914 | G10: =$E10*G$3*$B10 -> 0.4693371 | H10: =$E10*H$3*$B10 -> 0.62578279 | L10: 2025 | M10: =M9+M$8*(1+input!$B$8)^($L10-2024) -> 3278.5814 | N10: =N9+N$8*(1+input!$B$8)^($L10-2024) -> -21740.204 | O10: =O9+O$8*(1+input!$B$8)^($L10-2024) -> -27072.368 | P10: =P9+P$8*(1+input!$B$8)^($L10-2024) -> -32294.933 | Q10: =Q9+Q$8*(1+input!$B$8)^($L10-2024) -> -43432.929 | R10: =R9+R$8*(1+input!$B$8)^($L10-2024) -> -53987.658 | S10: =S9+S$8*(1+input!$B$8)^($L10-2024) -> -97764.387 | T10: =T9+T$8*(1+input!$B$8)^($L10-2024) -> -21731.749 | ... Y10: =Y9+Y$8*(1+input!$B$8)^($L10-2024) -> -32904.279
L11: 2026 | M11: =M10+M$8*(1+input!$B$8)^($L11-2024) -> 4917.8721 | N11: =N10+N$8*(1+input!$B$8)^($L11-2024) -> -20924.786 | O11: =O10+O$8*(1+input!$B$8)^($L11-2024) -> -25849.242 | P11: =P10+P$8*(1+input!$B$8)^($L11-2024) -> -30664.097 | Q11: =Q10+Q$8*(1+input!$B$8)^($L11-2024) -> -40986.675 | R11: =R10+R$8*(1+input!$B$8)^($L11-2024) -> -50725.986 | S11: =S10+S$8*(1+input!$B$8)^($L11-2024) -> -93687.297 | T11: =T10+T$8*(1+input!$B$8)^($L11-2024) -> -20912.104 | ... Y11: =Y10+Y$8*(1+input!$B$8)^($L11-2024) -> -31578.116
A12: total | C12: =SUM(C7:C10) -> 1306.6045 | D12: =SUM(D7:D10) -> 1 | E12: =SUM(E7:E10) -> 1106.4 | F12: =SUM(F7:F10) -> 819.64535 | G12: =SUM(G7:G10) -> 1229.468 | H12: =SUM(H7:H10) -> 1639.2907 | L12: 2027 | M12: =M11+M$8*(1+input!$B$8)^($L12-2024) -> 6557.1628 | N12: =N11+N$8*(1+input!$B$8)^($L12-2024) -> -20109.368 | O12: =O11+O$8*(1+input!$B$8)^($L12-2024) -> -24626.115 | P12: =P11+P$8*(1+input!$B$8)^($L12-2024) -> -29033.261 | Q12: =Q11+Q$8*(1+input!$B$8)^($L12-2024) -> -38540.421 | R12: =R11+R$8*(1+input!$B$8)^($L12-2024) -> -47464.314 | S12: =S11+S$8*(1+input!$B$8)^($L12-2024) -> -89610.208 | T12: =T11+T$8*(1+input!$B$8)^($L12-2024) -> -20092.458 | ... Y12: =Y11+Y$8*(1+input!$B$8)^($L12-2024) -> -30251.953
A13: payback (no grant) | F13: =(input!B12+'utility rates'!$L36)/London!F12 -> 24.308611 | G13: =(input!B13+'utility rates'!$M36)/London!G12 -> 20.630079 | H13: =(input!B14+'utility rates'!$N36)/London!H12 -> 18.790813 | L13: 2028 | M13: =M12+M$8*(1+input!$B$8)^($L13-2024) -> 8196.4535 | N13: =N12+N$8*(1+input!$B$8)^($L13-2024) -> -19293.95 | O13: =O12+O$8*(1+input!$B$8)^($L13-2024) -> -23402.988 | P13: =P12+P$8*(1+input!$B$8)^($L13-2024) -> -27402.426 | Q13: =Q12+Q$8*(1+input!$B$8)^($L13-2024) -> -36094.168 | R13: =R12+R$8*(1+input!$B$8)^($L13-2024) -> -44202.643 | S13: =S12+S$8*(1+input!$B$8)^($L13-2024) -> -85533.118 | T13: =T12+T$8*(1+input!$B$8)^($L13-2024) -> -19272.813 | ... Y13: =Y12+Y$8*(1+input!$B$8)^($L13-2024) -> -28925.79
A14: payback (with grant) | F14: =(input!B12+'utility rates'!$L36-5000)/London!F12 -> 18.208411 | G14: =(input!B13+'utility rates'!$M36-5000)/London!G12 -> 16.563279 | H14: =(input!B14+'utility rates'!$N36-5000)/London!H12 -> 15.740713 | L14: 2029 | M14: =M13+M$8*(1+input!$B$8)^($L14-2024) -> 9835.7442 | N14: =N13+N$8*(1+input!$B$8)^($L14-2024) -> -18478.532 | O14: =O13+O$8*(1+input!$B$8)^($L14-2024) -> -22179.861 | P14: =P13+P$8*(1+input!$B$8)^($L14-2024) -> -25771.59 | Q14: =Q13+Q$8*(1+input!$B$8)^($L14-2024) -> -33647.914 | R14: =R13+R$8*(1+input!$B$8)^($L14-2024) -> -40940.971 | S14: =S13+S$8*(1+input!$B$8)^($L14-2024) -> -81456.029 | T14: =T13+T$8*(1+input!$B$8)^($L14-2024) -> -18453.168 | ... Y14: =Y13+Y$8*(1+input!$B$8)^($L14-2024) -> -27599.627
L15: 2030 | M15: =M14+M$8*(1+input!$B$8)^($L15-2024) -> 11475.035 | N15: =N14+N$8*(1+input!$B$8)^($L15-2024) -> -17663.114 | O15: =O14+O$8*(1+input!$B$8)^($L15-2024) -> -20956.734 | P15: =P14+P$8*(1+input!$B$8)^($L15-2024) -> -24140.754 | Q15: =Q14+Q$8*(1+input!$B$8)^($L15-2024) -> -31201.66 | R15: =R14+R$8*(1+input!$B$8)^($L15-2024) -> -37679.3 | S15: =S14+S$8*(1+input!$B$8)^($L15-2024) -> -77378.939 | T15: =T14+T$8*(1+input!$B$8)^($L15-2024) -> -17633.522 | ... Y15: =Y14+Y$8*(1+input!$B$8)^($L15-2024) -> -26273.464
A16: TOU | L16: 2031 | M16: =M15+M$8*(1+input!$B$8)^($L16-2024) -> 13114.326 | N16: =N15+N$8*(1+input!$B$8)^($L16-2024) -> -16847.697 | O16: =O15+O$8*(1+input!$B$8)^($L16-2024) -> -19733.607 | P16: =P15+P$8*(1+input!$B$8)^($L16-2024) -> -22509.918 | Q16: =Q15+Q$8*(1+input!$B$8)^($L16-2024) -> -28755.406 | R16: =R15+R$8*(1+input!$B$8)^($L16-2024) -> -34417.628 | S16: =S15+S$8*(1+input!$B$8)^($L16-2024) -> -73301.85 | T16: =T15+T$8*(1+input!$B$8)^($L16-2024) -> -16813.877 | ... Y16: =Y15+Y$8*(1+input!$B$8)^($L16-2024) -> -24947.301
L17: 2032 | M17: =M16+M$8*(1+input!$B$8)^($L17-2024) -> 14753.616 | N17: =N16+N$8*(1+input!$B$8)^($L17-2024) -> -16032.279 | O17: =O16+O$8*(1+input!$B$8)^($L17-2024) -> -18510.48 | P17: =P16+P$8*(1+input!$B$8)^($L17-2024) -> -20879.082 | Q17: =Q16+Q$8*(1+input!$B$8)^($L17-2024) -> -26309.153 | R17: =R16+R$8*(1+input!$B$8)^($L17-2024) -> -31155.956 | S17: =S16+S$8*(1+input!$B$8)^($L17-2024) -> -69224.76 | T17: =T16+T$8*(1+input!$B$8)^($L17-2024) -> -15994.232 | ... Y17: =Y16+Y$8*(1+input!$B$8)^($L17-2024) -> -23621.138
A18: on-peak summer | B18: ='utility rates'!Q23 -> 0.18824405 | C18: 435.56335 | D18: =C18/C$25 -> 0.33335515 | E18: =D18*'kWh per yr'!D$22 -> 368.82414 | F18: =$E18*F$3*$B18 -> 347.14475 | G18: =$E18*G$3*$B18 -> 520.71712 | H18: =$E18*H$3*$B18 -> 694.2895 | L18: 2033 | M18: =M17+M$8*(1+input!$B$8)^($L18-2024) -> 16392.907 | N18: =N17+N$8*(1+input!$B$8)^($L18-2024) -> -15216.861 | O18: =O17+O$8*(1+input!$B$8)^($L18-2024) -> -17287.354 | P18: =P17+P$8*(1+input!$B$8)^($L18-2024) -> -19248.247 | Q18: =Q17+Q$8*(1+input!$B$8)^($L18-2024) -> -23862.899 | R18: =R17+R$8*(1+input!$B$8)^($L18-2024) -> -27894.285 | S18: =S17+S$8*(1+input!$B$8)^($L18-2024) -> -65147.671 | T18: =T17+T$8*(1+input!$B$8)^($L18-2024) -> -15174.586 | ... Y18: =Y17+Y$8*(1+input!$B$8)^($L18-2024) -> -22294.976
A19: on-peak winter | B19: ='utility rates'!Q23 -> 0.18824405 | C19: 74.468444 | D19: =C19/C$25 -> 0.056993867 | E19: =D19*'kWh per yr'!D$22 -> 63.058015 | F19: =$E19*F$3*$B19 -> 59.35148 | G19: =$E19*G$3*$B19 -> 89.02722 | H19: =$E19*H$3*$B19 -> 118.70296 | L19: 2034 | M19: =M18+M$8*(1+input!$B$8)^($L19-2024) -> 18032.198 | N19: =N18+N$8*(1+input!$B$8)^($L19-2024) -> -14401.443 | O19: =O18+O$8*(1+input!$B$8)^($L19-2024) -> -16064.227 | P19: =P18+P$8*(1+input!$B$8)^($L19-2024) -> -17617.411 | Q19: =Q18+Q$8*(1+input!$B$8)^($L19-2024) -> -21416.645 | R19: =R18+R$8*(1+input!$B$8)^($L19-2024) -> -24632.613 | S19: =S18+S$8*(1+input!$B$8)^($L19-2024) -> -61070.581 | T19: =T18+T$8*(1+input!$B$8)^($L19-2024) -> -14354.941 | ... Y19: =Y18+Y$8*(1+input!$B$8)^($L19-2024) -> -20968.813
A20: mid-peak summer | B20: ='utility rates'!Q24 -> 0.13510523 | C20: 212.28121 | D20: =C20/C$25 -> 0.16246784 | E20: =D20*'kWh per yr'!D$22 -> 179.75441 | F20: =$E20*F$3*$B20 -> 121.42881 | G20: =$E20*G$3*$B20 -> 182.14321 | H20: =$E20*H$3*$B20 -> 242.85761 | L20: 2035 | M20: =M19+M$8*(1+input!$B$8)^($L20-2024) -> 19671.488 | N20: =N19+N$8*(1+input!$B$8)^($L20-2024) -> -13586.025 | O20: =O19+O$8*(1+input!$B$8)^($L20-2024) -> -14841.1 | P20: =P19+P$8*(1+input!$B$8)^($L20-2024) -> -15986.575 | Q20: =Q19+Q$8*(1+input!$B$8)^($L20-2024) -> -18970.392 | R20: =R19+R$8*(1+input!$B$8)^($L20-2024) -> -21370.942 | S20: =S19+S$8*(1+input!$B$8)^($L20-2024) -> -56993.491 | T20: =T19+T$8*(1+input!$B$8)^($L20-2024) -> -13535.296 | ... Y20: =Y19+Y$8*(1+input!$B$8)^($L20-2024) -> -19642.65
A21: mid-peak winter | B21: =+'utility rates'!Q24 -> 0.13510523 | C21: 228.20563 | D21: =C21/C$25 -> 0.17465547 | E21: =D21*'kWh per yr'!D$22 -> 193.23881 | F21: =$E21*F$3*$B21 -> 130.53787 | G21: =$E21*G$3*$B21 -> 195.80681 | H21: =$E21*H$3*$B21 -> 261.07574 | L21: 2036 | M21: =M20+M$8*(1+input!$B$8)^($L21-2024) -> 21310.779 | N21: =N20+N$8*(1+input!$B$8)^($L21-2024) -> -12770.607 | O21: =O20+O$8*(1+input!$B$8)^($L21-2024) -> -13617.973 | P21: =P20+P$8*(1+input!$B$8)^($L21-2024) -> -14355.739 | Q21: =Q20+Q$8*(1+input!$B$8)^($L21-2024) -> -16524.138 | R21: =R20+R$8*(1+input!$B$8)^($L21-2024) -> -18109.27 | S21: =S20+S$8*(1+input!$B$8)^($L21-2024) -> -52916.402 | T21: =T20+T$8*(1+input!$B$8)^($L21-2024) -> -12715.65 | ... Y21: =Y20+Y$8*(1+input!$B$8)^($L21-2024) -> -18316.487
A22: off-peak weekend | B22: ='utility rates'!Q22 -> 0.10410759 | C22: 341.97726 | D22: =C22/C$25 -> 0.26172974 | E22: =D22*'kWh per yr'!D$22 -> 289.57779 | F22: =$E22*F$3*$B22 -> 150.73622 | G22: =$E22*G$3*$B22 -> 226.10433 | H22: =$E22*H$3*$B22 -> 301.47244 | L22: 2037 | M22: =M21+M$8*(1+input!$B$8)^($L22-2024) -> 22950.07 | N22: =N21+N$8*(1+input!$B$8)^($L22-2024) -> -11955.189 | O22: =O21+O$8*(1+input!$B$8)^($L22-2024) -> -12394.846 | P22: =P21+P$8*(1+input!$B$8)^($L22-2024) -> -12724.903 | Q22: =Q21+Q$8*(1+input!$B$8)^($L22-2024) -> -14077.884 | R22: =R21+R$8*(1+input!$B$8)^($L22-2024) -> -14847.598 | S22: =S21+S$8*(1+input!$B$8)^($L22-2024) -> -48839.312 | T22: =T21+T$8*(1+input!$B$8)^($L22-2024) -> -11896.005 | ... Y22: =Y21+Y$8*(1+input!$B$8)^($L22-2024) -> -16990.324
A23: off-peak | B23: ='utility rates'!Q22 -> 0.10410759 | C23: 14.108625 | D23: =C23/C$25 -> 0.010797931 | E23: =D23*'kWh per yr'!D$22 -> 11.94683 | F23: =$E23*F$3*$B23 -> 6.2187784 | G23: =$E23*G$3*$B23 -> 9.3281675 | H23: =$E23*H$3*$B23 -> 12.437557 | L23: 2038 | M23: =M22+M$8*(1+input!$B$8)^($L23-2024) -> 24589.361 | N23: =N22+N$8*(1+input!$B$8)^($L23-2024) -> -11139.771 | O23: =O22+O$8*(1+input!$B$8)^($L23-2024) -> -11171.719 | P23: =P22+P$8*(1+input!$B$8)^($L23-2024) -> -11094.067 | Q23: =Q22+Q$8*(1+input!$B$8)^($L23-2024) -> -11631.63 | R23: =R22+R$8*(1+input!$B$8)^($L23-2024) -> -11585.927 | S23: =S22+S$8*(1+input!$B$8)^($L23-2024) -> -44762.223 | T23: =T22+T$8*(1+input!$B$8)^($L23-2024) -> -11076.36 | ... Y23: =Y22+Y$8*(1+input!$B$8)^($L23-2024) -> -15664.161
L24: 2039 | M24: =M23+M$8*(1+input!$B$8)^($L24-2024) -> 26228.651 | N24: =N23+N$8*(1+input!$B$8)^($L24-2024) -> -10324.353 | O24: =O23+O$8*(1+input!$B$8)^($L24-2024) -> -9948.5925 | P24: =P23+P$8*(1+input!$B$8)^($L24-2024) -> -9463.2316 | Q24: =Q23+Q$8*(1+input!$B$8)^($L24-2024) -> -9185.3767 | R24: =R23+R$8*(1+input!$B$8)^($L24-2024) -> -8324.255 | S24: =S23+S$8*(1+input!$B$8)^($L24-2024) -> -40685.133 | T24: =T23+T$8*(1+input!$B$8)^($L24-2024) -> -10256.714 | ... Y24: =Y23+Y$8*(1+input!$B$8)^($L24-2024) -> -14337.998
A25: total | C25: =SUM(C18:C23) -> 1306.6045 | D25: =SUM(D18:D23) -> 1 | E25: =SUM(E18:E23) -> 1106.4 | F25: =SUM(F18:F23) -> 815.41791 | G25: =SUM(G18:G23) -> 1223.1269 | H25: =SUM(H18:H23) -> 1630.8358 | L25: 2040 | M25: =M24+M$8*(1+input!$B$8)^($L25-2024) -> 27867.942 | N25: =N24+N$8*(1+input!$B$8)^($L25-2024) -> -9508.9354 | O25: =O24+O$8*(1+input!$B$8)^($L25-2024) -> -8725.4656 | P25: =P24+P$8*(1+input!$B$8)^($L25-2024) -> -7832.3958 | Q25: =Q24+Q$8*(1+input!$B$8)^($L25-2024) -> -6739.1229 | R25: =R24+R$8*(1+input!$B$8)^($L25-2024) -> -5062.5834 | S25: =S24+S$8*(1+input!$B$8)^($L25-2024) -> -36608.044 | T25: =T24+T$8*(1+input!$B$8)^($L25-2024) -> -9437.0688 | ... Y25: =Y24+Y$8*(1+input!$B$8)^($L25-2024) -> -13011.835
A26: payback (no grant) | F26: =(input!B12+'utility rates'!$L36)/London!F25 -> 24.434636 | G26: =(input!B13+'utility rates'!$M36)/London!G25 -> 20.737033 | H26: =(input!B14+'utility rates'!$N36)/London!H25 -> 18.888232 | L26: 2041 | M26: =M25+M$8*(1+input!$B$8)^($L26-2024) -> 29507.233 | N26: =N25+N$8*(1+input!$B$8)^($L26-2024) -> -8693.5175 | O26: =O25+O$8*(1+input!$B$8)^($L26-2024) -> -7502.3387 | P26: =P25+P$8*(1+input!$B$8)^($L26-2024) -> -6201.56 | Q26: =Q25+Q$8*(1+input!$B$8)^($L26-2024) -> -4292.8692 | R26: =R25+R$8*(1+input!$B$8)^($L26-2024) -> -1800.9118 | S26: =S25+S$8*(1+input!$B$8)^($L26-2024) -> -32530.954 | T26: =T25+T$8*(1+input!$B$8)^($L26-2024) -> -8617.4235 | ... Y26: =Y25+Y$8*(1+input!$B$8)^($L26-2024) -> -11685.672
A27: payback (with grant) | F27: =(input!B12+'utility rates'!$L36-5000)/London!F25 -> 18.302811 | G27: =(input!B13+'utility rates'!$M36-5000)/London!G25 -> 16.64915 | H27: =(input!B14+'utility rates'!$N36-5000)/London!H25 -> 15.822319 | L27: 2042 | M27: =M26+M$8*(1+input!$B$8)^($L27-2024) -> 31146.523 | N27: =N26+N$8*(1+input!$B$8)^($L27-2024) -> -7878.0996 | O27: =O26+O$8*(1+input!$B$8)^($L27-2024) -> -6279.2119 | P27: =P26+P$8*(1+input!$B$8)^($L27-2024) -> -4570.7242 | Q27: =Q26+Q$8*(1+input!$B$8)^($L27-2024) -> -1846.6155 | R27: =R26+R$8*(1+input!$B$8)^($L27-2024) -> 1460.7599 | S27: =S26+S$8*(1+input!$B$8)^($L27-2024) -> -28453.865 | T27: =T26+T$8*(1+input!$B$8)^($L27-2024) -> -7797.7781 | ... Y27: =Y26+Y$8*(1+input!$B$8)^($L27-2024) -> -10359.509
L28: 2043 | M28: =M27+M$8*(1+input!$B$8)^($L28-2024) -> 32785.814 | N28: =N27+N$8*(1+input!$B$8)^($L28-2024) -> -7062.6817 | O28: =O27+O$8*(1+input!$B$8)^($L28-2024) -> -5056.085 | P28: =P27+P$8*(1+input!$B$8)^($L28-2024) -> -2939.8884 | Q28: =Q27+Q$8*(1+input!$B$8)^($L28-2024) -> 599.63821 | R28: =R27+R$8*(1+input!$B$8)^($L28-2024) -> 4722.4315 | S28: =S27+S$8*(1+input!$B$8)^($L28-2024) -> -24376.775 | T28: =T27+T$8*(1+input!$B$8)^($L28-2024) -> -6978.1328 | ... Y28: =Y27+Y$8*(1+input!$B$8)^($L28-2024) -> -9033.3465
A29: Tiered | L29: 2044 | M29: =M28+M$8*(1+input!$B$8)^($L29-2024) -> 34425.105 | N29: =N28+N$8*(1+input!$B$8)^($L29-2024) -> -6247.2638 | O29: =O28+O$8*(1+input!$B$8)^($L29-2024) -> -3832.9582 | P29: =P28+P$8*(1+input!$B$8)^($L29-2024) -> -1309.0526 | Q29: =Q28+Q$8*(1+input!$B$8)^($L29-2024) -> 3045.8919 | R29: =R28+R$8*(1+input!$B$8)^($L29-2024) -> 7984.1031 | S29: =S28+S$8*(1+input!$B$8)^($L29-2024) -> -20299.686 | T29: =T28+T$8*(1+input!$B$8)^($L29-2024) -> -6158.4874 | ... Y29: =Y28+Y$8*(1+input!$B$8)^($L29-2024) -> -7707.1836
A30: summer average monthly use (kWh) | B30: 750 | L30: 2045 | M30: =M29+M$8*(1+input!$B$8)^($L30-2024) -> 36064.395 | N30: =N29+N$8*(1+input!$B$8)^($L30-2024) -> -5431.8459 | O30: =O29+O$8*(1+input!$B$8)^($L30-2024) -> -2609.8313 | P30: =P29+P$8*(1+input!$B$8)^($L30-2024) -> 321.78323 | Q30: =Q29+Q$8*(1+input!$B$8)^($L30-2024) -> 5492.1456 | R30: =R29+R$8*(1+input!$B$8)^($L30-2024) -> 11245.775 | S30: =S29+S$8*(1+input!$B$8)^($L30-2024) -> -16222.596 | T30: =T29+T$8*(1+input!$B$8)^($L30-2024) -> -5338.8421 | ... Y30: =Y29+Y$8*(1+input!$B$8)^($L30-2024) -> -6381.0207
A31: winter average monthly use | B31: 750 | L31: 2046 | M31: =M30+M$8*(1+input!$B$8)^($L31-2024) -> 37703.686 | N31: =N30+N$8*(1+input!$B$8)^($L31-2024) -> -4616.4279 | O31: =O30+O$8*(1+input!$B$8)^($L31-2024) -> -1386.7045 | P31: =P30+P$8*(1+input!$B$8)^($L31-2024) -> 1952.619 | Q31: =Q30+Q$8*(1+input!$B$8)^($L31-2024) -> 7938.3994 | R31: =R30+R$8*(1+input!$B$8)^($L31-2024) -> 14507.446 | S31: =S30+S$8*(1+input!$B$8)^($L31-2024) -> -12145.507 | T31: =T30+T$8*(1+input!$B$8)^($L31-2024) -> -4519.1967 | ... Y31: =Y30+Y$8*(1+input!$B$8)^($L31-2024) -> -5054.8578
A32: Tiered winter low | B32: ='utility rates'!Q29 -> 0.11827794 | C32: 414.74955 | D32: =C32/C$37 -> 0.31742547 | E32: =D32*'kWh per yr'!D$22 -> 351.19954 | F32: =MAX($E32*F$3-F33/B33,0)*($B32) -> 207.69578 | G32: =MAX($E32*G$3-G33/B33,0)*($B32) -> 311.54368 | H32: =MAX($E32*H$3-H33/B33,0)*($B32) -> 415.39157 | L32: 2047 | M32: =M31+M$8*(1+input!$B$8)^($L32-2024) -> 39342.977 | N32: =N31+N$8*(1+input!$B$8)^($L32-2024) -> -3801.01 | O32: =O31+O$8*(1+input!$B$8)^($L32-2024) -> -163.5776 | P32: =P31+P$8*(1+input!$B$8)^($L32-2024) -> 3583.4548 | Q32: =Q31+Q$8*(1+input!$B$8)^($L32-2024) -> 10384.653 | R32: =R31+R$8*(1+input!$B$8)^($L32-2024) -> 17769.118 | S32: =S31+S$8*(1+input!$B$8)^($L32-2024) -> -8068.4171 | T32: =T31+T$8*(1+input!$B$8)^($L32-2024) -> -3699.5514 | ... Y32: =Y31+Y$8*(1+input!$B$8)^($L32-2024) -> -3728.6949
A33: Tiered winter high | B33: ='utility rates'!Q30 -> 0.13776217 | C33: 414.74955 | D33: =C33/C$37 -> 0.31742547 | E33: =D33*'kWh per yr'!D$22 -> 351.19954 | F33: =MIN(MAX(($B31-1000)*6,0),$E33*F$3)*($B33) -> 0 | G33: =MIN(MAX(($B31-1000)*6,0),$E33*G$3)*($B33) -> 0 | H33: =MIN(MAX(($B31-1000)*6,0),$E33*H$3)*($B33) -> 0 | L33: 2048 | M33: =M32+M$8*(1+input!$B$8)^($L33-2024) -> 40982.268 | N33: =N32+N$8*(1+input!$B$8)^($L33-2024) -> -2985.5921 | O33: =O32+O$8*(1+input!$B$8)^($L33-2024) -> 1059.5493 | P33: =P32+P$8*(1+input!$B$8)^($L33-2024) -> 5214.2907 | Q33: =Q32+Q$8*(1+input!$B$8)^($L33-2024) -> 12830.907 | R33: =R32+R$8*(1+input!$B$8)^($L33-2024) -> 21030.79 | S33: =S32+S$8*(1+input!$B$8)^($L33-2024) -> -3991.3276 | T33: =T32+T$8*(1+input!$B$8)^($L33-2024) -> -2879.906 | ... Y33: =Y32+Y$8*(1+input!$B$8)^($L33-2024) -> -2402.532
A34: Tiered summer low | B34: ='utility rates'!Q29 -> 0.11827794 | C34: 891.85497 | D34: =C34/C$37 -> 0.68257453 | E34: =D34*'kWh per yr'!D$22 -> 755.20046 | F34: =MAX($E34*F$3-F35/B35,0)*($B34) -> 340.16762 | G34: =MAX($E34*G$3-G35/B35,0)*($B34) -> 563.4765 | H34: =MAX($E34*H$3-H35/B35,0)*($B34) -> 786.78538 | L34: 2049 | M34: =M33+M$8*(1+input!$B$8)^($L34-2024) -> 42621.558 | N34: =N33+N$8*(1+input!$B$8)^($L34-2024) -> -2170.1742 | O34: =O33+O$8*(1+input!$B$8)^($L34-2024) -> 2282.6761 | P34: =P33+P$8*(1+input!$B$8)^($L34-2024) -> 6845.1265 | Q34: =Q33+Q$8*(1+input!$B$8)^($L34-2024) -> 15277.161 | R34: =R33+R$8*(1+input!$B$8)^($L34-2024) -> 24292.461 | S34: =S33+S$8*(1+input!$B$8)^($L34-2024) -> 85.761911 | T34: =T33+T$8*(1+input!$B$8)^($L34-2024) -> -2060.2607 | ... Y34: =Y33+Y$8*(1+input!$B$8)^($L34-2024) -> -1076.3691
A35: Tiered summer high | B35: ='utility rates'!Q30 -> 0.13776217 | C35: 891.85497 | D35: =C35/C$37 -> 0.68257453 | E35: =D35*'kWh per yr'!D$22 -> 755.20046 | F35: =MIN(MAX(($B30-600)*6,0),$E35*F$3)*($B35) -> 123.98595 | G35: =MIN(MAX(($B30-600)*6,0),$E35*G$3)*($B35) -> 123.98595 | H35: =MIN(MAX(($B30-600)*6,0),$E35*H$3)*($B35) -> 123.98595 | L35: 2050 | M35: =M34+M$8*(1+input!$B$8)^($L35-2024) -> 44260.849 | N35: =N34+N$8*(1+input!$B$8)^($L35-2024) -> -1354.7563 | O35: =O34+O$8*(1+input!$B$8)^($L35-2024) -> 3505.803 | P35: =P34+P$8*(1+input!$B$8)^($L35-2024) -> 8475.9623 | Q35: =Q34+Q$8*(1+input!$B$8)^($L35-2024) -> 17723.414 | R35: =R34+R$8*(1+input!$B$8)^($L35-2024) -> 27554.133 | S35: =S34+S$8*(1+input!$B$8)^($L35-2024) -> 4162.8514 | T35: =T34+T$8*(1+input!$B$8)^($L35-2024) -> -1240.6153 | ... Y35: =Y34+Y$8*(1+input!$B$8)^($L35-2024) -> 249.79381
L36: 2051 | M36: =M35+M$8*(1+input!$B$8)^($L36-2024) -> 45900.14 | N36: =N35+N$8*(1+input!$B$8)^($L36-2024) -> -539.33842 | O36: =O35+O$8*(1+input!$B$8)^($L36-2024) -> 4728.9298 | P36: =P35+P$8*(1+input!$B$8)^($L36-2024) -> 10106.798 | Q36: =Q35+Q$8*(1+input!$B$8)^($L36-2024) -> 20169.668 | R36: =R35+R$8*(1+input!$B$8)^($L36-2024) -> 30815.804 | S36: =S35+S$8*(1+input!$B$8)^($L36-2024) -> 8239.941 | T36: =T35+T$8*(1+input!$B$8)^($L36-2024) -> -420.96997 | ... Y36: =Y35+Y$8*(1+input!$B$8)^($L36-2024) -> 1575.9567
A37: total | C37: =SUM(C32:C35)/2 -> 1306.6045 | D37: =SUM(D32:D35)/2 -> 1 | E37: =SUM(E32:E35)/2 -> 1106.4 | F37: =SUM(F32:F35) -> 671.84936 | G37: =SUM(G32:G35) -> 999.00613 | H37: =SUM(H32:H35) -> 1326.1629 | L37: 2052 | M37: =M36+M$8*(1+input!$B$8)^($L37-2024) -> 47539.43 | N37: =N36+N$8*(1+input!$B$8)^($L37-2024) -> 276.07949 | O37: =O36+O$8*(1+input!$B$8)^($L37-2024) -> 5952.0567 | P37: =P36+P$8*(1+input!$B$8)^($L37-2024) -> 11737.634 | Q37: =Q36+Q$8*(1+input!$B$8)^($L37-2024) -> 22615.922 | R37: =R36+R$8*(1+input!$B$8)^($L37-2024) -> 34077.476 | S37: =S36+S$8*(1+input!$B$8)^($L37-2024) -> 12317.03 | T37: =T36+T$8*(1+input!$B$8)^($L37-2024) -> 398.67538 | ... Y37: =Y36+Y$8*(1+input!$B$8)^($L37-2024) -> 2902.1196
A38: payback (no grant) | F38: =(input!$B12+'utility rates'!$L36)/London!F37 -> 29.656112 | G38: =(input!$B13+'utility rates'!$L36)/London!G37 -> 25.389256 | H38: =(input!$B14+'utility rates'!$L36)/London!H37 -> 23.227617 | L38: 2053 | M38: =M37+M$8*(1+input!$B$8)^($L38-2024) -> 49178.721 | N38: =N37+N$8*(1+input!$B$8)^($L38-2024) -> 1091.4974 | O38: =O37+O$8*(1+input!$B$8)^($L38-2024) -> 7175.1836 | P38: =P37+P$8*(1+input!$B$8)^($L38-2024) -> 13368.47 | Q38: =Q37+Q$8*(1+input!$B$8)^($L38-2024) -> 25062.175 | R38: =R37+R$8*(1+input!$B$8)^($L38-2024) -> 37339.148 | S38: =S37+S$8*(1+input!$B$8)^($L38-2024) -> 16394.12 | T38: =T37+T$8*(1+input!$B$8)^($L38-2024) -> 1218.3207 | ... Y38: =Y37+Y$8*(1+input!$B$8)^($L38-2024) -> 4228.2825
A39: payback (with grant) | F39: =(input!$B12+'utility rates'!$L36-5000)/F37 -> 22.213967 | G39: =(input!$B13+'utility rates'!$L36-5000)/G37 -> 20.384282 | H39: =(input!$B14+'utility rates'!$L36-5000)/H37 -> 19.457342 | L39: 2054 | M39: =M38+M$8*(1+input!$B$8)^($L39-2024) -> 50818.012 | N39: =N38+N$8*(1+input!$B$8)^($L39-2024) -> 1906.9153 | O39: =O38+O$8*(1+input!$B$8)^($L39-2024) -> 8398.3104 | P39: =P38+P$8*(1+input!$B$8)^($L39-2024) -> 14999.306 | Q39: =Q38+Q$8*(1+input!$B$8)^($L39-2024) -> 27508.429 | R39: =R38+R$8*(1+input!$B$8)^($L39-2024) -> 40600.819 | S39: =S38+S$8*(1+input!$B$8)^($L39-2024) -> 20471.21 | T39: =T38+T$8*(1+input!$B$8)^($L39-2024) -> 2037.9661 | ... Y39: =Y38+Y$8*(1+input!$B$8)^($L39-2024) -> 5554.4454
A40: payback (with 10K grant) | F40: =(input!$B12+'utility rates'!$L36-10000)/F37 -> 14.771823 | G40: =(input!$B13+'utility rates'!$L36-10000)/G37 -> 15.379307 | H40: =(input!$B14+'utility rates'!$L36-10000)/H37 -> 15.687066 | L40: 2055 | M40: =M39+M$8*(1+input!$B$8)^($L40-2024) -> 52457.302 | N40: =N39+N$8*(1+input!$B$8)^($L40-2024) -> 2722.3332 | O40: =O39+O$8*(1+input!$B$8)^($L40-2024) -> 9621.4373 | P40: =P39+P$8*(1+input!$B$8)^($L40-2024) -> 16630.141 | Q40: =Q39+Q$8*(1+input!$B$8)^($L40-2024) -> 29954.683 | R40: =R39+R$8*(1+input!$B$8)^($L40-2024) -> 43862.491 | S40: =S39+S$8*(1+input!$B$8)^($L40-2024) -> 24548.299 | T40: =T39+T$8*(1+input!$B$8)^($L40-2024) -> 2857.6114 | ... Y40: =Y39+Y$8*(1+input!$B$8)^($L40-2024) -> 6880.6083
L41: 2056 | M41: =M40+M$8*(1+input!$B$8)^($L41-2024) -> 54096.593 | N41: =N40+N$8*(1+input!$B$8)^($L41-2024) -> 3537.7511 | O41: =O40+O$8*(1+input!$B$8)^($L41-2024) -> 10844.564 | P41: =P40+P$8*(1+input!$B$8)^($L41-2024) -> 18260.977 | Q41: =Q40+Q$8*(1+input!$B$8)^($L41-2024) -> 32400.937 | R41: =R40+R$8*(1+input!$B$8)^($L41-2024) -> 47124.163 | S41: =S40+S$8*(1+input!$B$8)^($L41-2024) -> 28625.389 | T41: =T40+T$8*(1+input!$B$8)^($L41-2024) -> 3677.2568 | ... Y41: =Y40+Y$8*(1+input!$B$8)^($L41-2024) -> 8206.7712
L42: 2057 | M42: =M41+M$8*(1+input!$B$8)^($L42-2024) -> 55735.884 | N42: =N41+N$8*(1+input!$B$8)^($L42-2024) -> 4353.169 | O42: =O41+O$8*(1+input!$B$8)^($L42-2024) -> 12067.691 | P42: =P41+P$8*(1+input!$B$8)^($L42-2024) -> 19891.813 | Q42: =Q41+Q$8*(1+input!$B$8)^($L42-2024) -> 34847.19 | R42: =R41+R$8*(1+input!$B$8)^($L42-2024) -> 50385.834 | S42: =S41+S$8*(1+input!$B$8)^($L42-2024) -> 32702.478 | T42: =T41+T$8*(1+input!$B$8)^($L42-2024) -> 4496.9021 | ... Y42: =Y41+Y$8*(1+input!$B$8)^($L42-2024) -> 9532.9341
L43: 2058 | M43: =M42+M$8*(1+input!$B$8)^($L43-2024) -> 57375.175 | N43: =N42+N$8*(1+input!$B$8)^($L43-2024) -> 5168.5869 | O43: =O42+O$8*(1+input!$B$8)^($L43-2024) -> 13290.818 | P43: =P42+P$8*(1+input!$B$8)^($L43-2024) -> 21522.649 | Q43: =Q42+Q$8*(1+input!$B$8)^($L43-2024) -> 37293.444 | R43: =R42+R$8*(1+input!$B$8)^($L43-2024) -> 53647.506 | S43: =S42+S$8*(1+input!$B$8)^($L43-2024) -> 36779.568 | T43: =T42+T$8*(1+input!$B$8)^($L43-2024) -> 5316.5475 | ... Y43: =Y42+Y$8*(1+input!$B$8)^($L43-2024) -> 10859.097
L44: 2059 | M44: =M43+M$8*(1+input!$B$8)^($L44-2024) -> 59014.465 | N44: =N43+N$8*(1+input!$B$8)^($L44-2024) -> 5984.0048 | O44: =O43+O$8*(1+input!$B$8)^($L44-2024) -> 14513.945 | P44: =P43+P$8*(1+input!$B$8)^($L44-2024) -> 23153.485 | Q44: =Q43+Q$8*(1+input!$B$8)^($L44-2024) -> 39739.698 | R44: =R43+R$8*(1+input!$B$8)^($L44-2024) -> 56909.177 | S44: =S43+S$8*(1+input!$B$8)^($L44-2024) -> 40856.657 | T44: =T43+T$8*(1+input!$B$8)^($L44-2024) -> 6136.1928 | ... Y44: =Y43+Y$8*(1+input!$B$8)^($L44-2024) -> 12185.26
L45: 2060 | M45: =M44+M$8*(1+input!$B$8)^($L45-2024) -> 60653.756 | N45: =N44+N$8*(1+input!$B$8)^($L45-2024) -> 6799.4227 | O45: =O44+O$8*(1+input!$B$8)^($L45-2024) -> 15737.072 | P45: =P44+P$8*(1+input!$B$8)^($L45-2024) -> 24784.32 | Q45: =Q44+Q$8*(1+input!$B$8)^($L45-2024) -> 42185.951 | R45: =R44+R$8*(1+input!$B$8)^($L45-2024) -> 60170.849 | S45: =S44+S$8*(1+input!$B$8)^($L45-2024) -> 44933.747 | T45: =T44+T$8*(1+input!$B$8)^($L45-2024) -> 6955.8382 | ... Y45: =Y44+Y$8*(1+input!$B$8)^($L45-2024) -> 13511.423
L46: 2061 | M46: =M45+M$8*(1+input!$B$8)^($L46-2024) -> 62293.047 | N46: =N45+N$8*(1+input!$B$8)^($L46-2024) -> 7614.8406 | O46: =O45+O$8*(1+input!$B$8)^($L46-2024) -> 16960.198 | P46: =P45+P$8*(1+input!$B$8)^($L46-2024) -> 26415.156 | Q46: =Q45+Q$8*(1+input!$B$8)^($L46-2024) -> 44632.205 | R46: =R45+R$8*(1+input!$B$8)^($L46-2024) -> 63432.521 | S46: =S45+S$8*(1+input!$B$8)^($L46-2024) -> 49010.836 | T46: =T45+T$8*(1+input!$B$8)^($L46-2024) -> 7775.4835 | ... Y46: =Y45+Y$8*(1+input!$B$8)^($L46-2024) -> 14837.586
L47: 2062 | M47: =M46+M$8*(1+input!$B$8)^($L47-2024) -> 63932.337 | N47: =N46+N$8*(1+input!$B$8)^($L47-2024) -> 8430.2585 | O47: =O46+O$8*(1+input!$B$8)^($L47-2024) -> 18183.325 | P47: =P46+P$8*(1+input!$B$8)^($L47-2024) -> 28045.992 | Q47: =Q46+Q$8*(1+input!$B$8)^($L47-2024) -> 47078.459 | R47: =R46+R$8*(1+input!$B$8)^($L47-2024) -> 66694.192 | S47: =S46+S$8*(1+input!$B$8)^($L47-2024) -> 53087.926 | T47: =T46+T$8*(1+input!$B$8)^($L47-2024) -> 8595.1289 | ... Y47: =Y46+Y$8*(1+input!$B$8)^($L47-2024) -> 16163.749
L48: 2063 | M48: =M47+M$8*(1+input!$B$8)^($L48-2024) -> 65571.628 | N48: =N47+N$8*(1+input!$B$8)^($L48-2024) -> 9245.6764 | O48: =O47+O$8*(1+input!$B$8)^($L48-2024) -> 19406.452 | P48: =P47+P$8*(1+input!$B$8)^($L48-2024) -> 29676.828 | Q48: =Q47+Q$8*(1+input!$B$8)^($L48-2024) -> 49524.713 | R48: =R47+R$8*(1+input!$B$8)^($L48-2024) -> 69955.864 | S48: =S47+S$8*(1+input!$B$8)^($L48-2024) -> 57165.015 | T48: =T47+T$8*(1+input!$B$8)^($L48-2024) -> 9414.7742 | ... Y48: =Y47+Y$8*(1+input!$B$8)^($L48-2024) -> 17489.912
L49: 2064 | M49: =M48+M$8*(1+input!$B$8)^($L49-2024) -> 67210.919 | N49: =N48+N$8*(1+input!$B$8)^($L49-2024) -> 10061.094 | O49: =O48+O$8*(1+input!$B$8)^($L49-2024) -> 20629.579 | P49: =P48+P$8*(1+input!$B$8)^($L49-2024) -> 31307.664 | Q49: =Q48+Q$8*(1+input!$B$8)^($L49-2024) -> 51970.966 | R49: =R48+R$8*(1+input!$B$8)^($L49-2024) -> 73217.536 | S49: =S48+S$8*(1+input!$B$8)^($L49-2024) -> 61242.105 | T49: =T48+T$8*(1+input!$B$8)^($L49-2024) -> 10234.42 | ... Y49: =Y48+Y$8*(1+input!$B$8)^($L49-2024) -> 18816.074
L50: 2065 | M50: =M49+M$8*(1+input!$B$8)^($L50-2024) -> 68850.209 | N50: =N49+N$8*(1+input!$B$8)^($L50-2024) -> 10876.512 | O50: =O49+O$8*(1+input!$B$8)^($L50-2024) -> 21852.706 | P50: =P49+P$8*(1+input!$B$8)^($L50-2024) -> 32938.499 | Q50: =Q49+Q$8*(1+input!$B$8)^($L50-2024) -> 54417.22 | R50: =R49+R$8*(1+input!$B$8)^($L50-2024) -> 76479.207 | S50: =S49+S$8*(1+input!$B$8)^($L50-2024) -> 65319.194 | T50: =T49+T$8*(1+input!$B$8)^($L50-2024) -> 11054.065 | ... Y50: =Y49+Y$8*(1+input!$B$8)^($L50-2024) -> 20142.237
L51: 2066 | M51: =M50+M$8*(1+input!$B$8)^($L51-2024) -> 70489.5 | N51: =N50+N$8*(1+input!$B$8)^($L51-2024) -> 11691.93 | O51: =O50+O$8*(1+input!$B$8)^($L51-2024) -> 23075.833 | P51: =P50+P$8*(1+input!$B$8)^($L51-2024) -> 34569.335 | Q51: =Q50+Q$8*(1+input!$B$8)^($L51-2024) -> 56863.474 | R51: =R50+R$8*(1+input!$B$8)^($L51-2024) -> 79740.879 | S51: =S50+S$8*(1+input!$B$8)^($L51-2024) -> 69396.284 | T51: =T50+T$8*(1+input!$B$8)^($L51-2024) -> 11873.71 | ... Y51: =Y50+Y$8*(1+input!$B$8)^($L51-2024) -> 21468.4

Sheet Sudbury
N2: TOU | T2: ULO | W2: Tiered
F3: =input!$B$3 -> 5 | G3: =input!$B$4 -> 7.5 | H3: =input!$B$5 -> 10 | N3: 5 | O3: 7.5 | P3: 10 | Q3: 15 | R3: 20 | S3: 25 | T3: 5 | U3: 7.5 | V3: 10 | W3: 5 | X3: 7.5 | Y3: 10
B4: electricity cost/kWh | C4: kW/m2/yr | D4: % of total | E4: kWh/kW | F4: annual savings | G4: annual savings | H4: annual savings | M4: solar array cost | N4: =input!$B12+'utility rates'!$L37-input!$B30*N3 -> 19296.826 | O4: =input!$B13+'utility rates'!$M37-input!$B30*O3 -> 24821.602 | P4: =input!$B14+'utility rates'!$N37-input!$B30*P3 -> 30346.378 | Q4: =input!$B15+'utility rates'!$O37-input!$B30*Q3 -> #VALUE! | R4: =input!$B16+'utility rates'!$P37-input!$B30*R3 -> #VALUE! | S4: =input!$B17+'utility rates'!$Q37-input!$B30*S3 -> #VALUE! | T4: =input!$B12+'utility rates'!$L37-input!$B30*T3 -> 19296.826 | U4: =input!$B13+'utility rates'!$M37-input!$B30*U3 -> 24821.602 | V4: =input!$B14+'utility rates'!$N37-input!$B30*V3 -> 30346.378 | W4: =input!$B12+'utility rates'!$L37-input!$B30*W3 -> 19296.826 | X4: =input!$B13+'utility rates'!$M37-input!$B30*X3 -> 24821.602 | Y4: =input!$B14+'utility rates'!$N37-input!$B30*Y3 -> 30346.378
A5: ULO | C5: from solar cities spreadsheet | M5: replacement inverter cost | N5: =input!$B22 -> 3446.6 | O5: =input!$B23 -> 4154.6 | P5: =input!$B24 -> 4753 | Q5: =input!$B25 -> 6077.6667 | R5: =input!$B26 -> 7384.0667 | S5: =input!$B27 -> 8690.4667 | T5: =input!$B22 -> 3446.6 | U5: =input!$B23 -> 4154.6 | V5: =input!$B24 -> 4753 | W5: =input!$B22 -> 3446.6 | X5: =input!$B23 -> 4154.6 | Y5: =input!$B24 -> 4753
L6: payback | N6: =COUNTIF(N8:N45, "<0")+1 -> 31 | O6: =COUNTIF(O8:O45, "<0")+1 -> 26 | P6: =COUNTIF(P8:P45, "<0")+1 -> 24 | Q6: =COUNTIF(Q8:Q45, "<0")+1 -> 1 | R6: =COUNTIF(R8:R45, "<0")+1 -> 1 | S6: =COUNTIF(S8:S45, "<0")+1 -> 1 | T6: =COUNTIF(T8:T45, "<0")+1 -> 30 | U6: =COUNTIF(U8:U45, "<0")+1 -> 26 | ... Y6: =COUNTIF(Y8:Y45, "<0")+1 -> 29
A7: on-peak | B7: ='utility rates'!R25 -> 0.2755297 | C7: 186.72976 | D7: =C7/C$12 -> 0.1481207 | E7: =D7*'kWh per yr'!E$22 -> 156.7117 | F7: =$E7*F$3*$B7 -> 215.89364 | G7: =$E7*G$3*$B7 -> 323.84046 | H7: =$E7*H$3*$B7 -> 431.78727 | L7: year | N7: cumulative annual savings (5 kW | O7: cumulative annual savings 7.5 kW | P7: cumulative annual savings 10 kW | T7: cumulative annual savings (5 kW | U7: cumulative annual savings 7.5 kW | V7: cumulative annual savings 10 kW | W7: cumulative annual savings (5 kW | X7: cumulative annual savings 7.5 kW | Y7: cumulative annual savings 10 kW
A8: mid-peak | B8: ='utility rates'!R26 -> 0.13153984 | C8: 741.75334 | D8: =C8/C$12 -> 0.58838516 | E8: =D8*'kWh per yr'!E$22 -> 622.5115 | F8: =$E8*F$3*$B8 -> 409.42532 | G8: =$E8*G$3*$B8 -> 614.13799 | H8: =$E8*H$3*$B8 -> 818.85065 | L8: 2024 savings | M8: =V8 -> 1530.4589 | N8: =F25 -> 757.30497 | O8: =G25 -> 1135.9575 | P8: =H25 -> 1514.6099 | Q8: =N8*3 -> 2271.9149 | R8: =N8*4 -> 3029.2199 | S8: =N8*5 -> 3786.5249 | T8: =F12 -> 765.22944 | U8: =G12 -> 1147.8442 | V8: =H12 -> 1530.4589 | W8: =F37 -> 624.98345 | X8: =G37 -> 928.7831 | Y8: =H37 -> 1232.5828
A9: weekend off-peak | B9: ='utility rates'!R27 -> 0.1008103 | C9: 329.38214 | D9: =C9/C$12 -> 0.26127764 | E9: =D9*'kWh per yr'!E$22 -> 276.43174 | F9: =$E9*F$3*$B9 -> 139.33583 | G9: =$E9*G$3*$B9 -> 209.00375 | H9: =$E9*H$3*$B9 -> 278.67167 | L9: 2024 | M9: =M8 -> 1530.4589 | N9: =N8-N4-N5 -> -21986.121 | O9: =O8-O4-O5 -> -27840.245 | P9: =P8-P4-P5 -> -33584.768 | Q9: =Q8-Q4-Q5 -> #VALUE! | R9: =R8-R4-R5 -> #VALUE! | S9: =S8-S4-S5 -> #VALUE! | T9: =T8-T4-T5 -> -21978.197 | U9: =U8-U4-U5 -> -27828.358 | ... Y9: =Y8-Y4-Y5 -> -33866.795
A10: ultralow overnight | B10: ='utility rates'!R28 -> 0.049009071 | C10: 2.7942639 | D10: =C10/C$12 -> 0.0022165096 | E10: =D10*'kWh per yr'!E$22 -> 2.3450672 | F10: =$E10*F$3*$B10 -> 0.57464781 | G10: =$E10*G$3*$B10 -> 0.86197172 | H10: =$E10*H$3*$B10 -> 1.1492956 | L10: 2025 | M10: =M9+M$8*(1+input!$B$8)^($L10-2024) -> 3060.9178 | N10: =N9+N$8*(1+input!$B$8)^($L10-2024) -> -21228.816 | O10: =O9+O$8*(1+input!$B$8)^($L10-2024) -> -26704.287 | P10: =P9+P$8*(1+input!$B$8)^($L10-2024) -> -32070.158 | Q10: =Q9+Q$8*(1+input!$B$8)^($L10-2024) -> #VALUE! | R10: =R9+R$8*(1+input!$B$8)^($L10-2024) -> #VALUE! | S10: =S9+S$8*(1+input!$B$8)^($L10-2024) -> #VALUE! | T10: =T9+T$8*(1+input!$B$8)^($L10-2024) -> -21212.967 | ... Y10: =Y9+Y$8*(1+input!$B$8)^($L10-2024) -> -32634.212
L11: 2026 | M11: =M10+M$8*(1+input!$B$8)^($L11-2024) -> 4591.3767 | N11: =N10+N$8*(1+input!$B$8)^($L11-2024) -> -20471.511 | O11: =O10+O$8*(1+input!$B$8)^($L11-2024) -> -25568.33 | P11: =P10+P$8*(1+input!$B$8)^($L11-2024) -> -30555.548 | Q11: =Q10+Q$8*(1+input!$B$8)^($L11-2024) -> #VALUE! | R11: =R10+R$8*(1+input!$B$8)^($L11-2024) -> #VALUE! | S11: =S10+S$8*(1+input!$B$8)^($L11-2024) -> #VALUE! | T11: =T10+T$8*(1+input!$B$8)^($L11-2024) -> -20447.738 | ... Y11: =Y10+Y$8*(1+input!$B$8)^($L11-2024) -> -31401.63
A12: total | C12: =SUM(C7:C10) -> 1260.6595 | D12: =SUM(D7:D10) -> 1 | E12: =SUM(E7:E10) -> 1058 | F12: =SUM(F7:F10) -> 765.22944 | G12: =SUM(G7:G10) -> 1147.8442 | H12: =SUM(H7:H10) -> 1530.4589 | L12: 2027 | M12: =M11+M$8*(1+input!$B$8)^($L12-2024) -> 6121.8356 | N12: =N11+N$8*(1+input!$B$8)^($L12-2024) -> -19714.206 | O12: =O11+O$8*(1+input!$B$8)^($L12-2024) -> -24432.372 | P12: =P11+P$8*(1+input!$B$8)^($L12-2024) -> -29040.938 | Q12: =Q11+Q$8*(1+input!$B$8)^($L12-2024) -> #VALUE! | R12: =R11+R$8*(1+input!$B$8)^($L12-2024) -> #VALUE! | S12: =S11+S$8*(1+input!$B$8)^($L12-2024) -> #VALUE! | T12: =T11+T$8*(1+input!$B$8)^($L12-2024) -> -19682.509 | ... Y12: =Y11+Y$8*(1+input!$B$8)^($L12-2024) -> -30169.047
A13: payback (no grant) | F13: =(input!B12+'utility rates'!$L37)/Sudbury!F12 -> 25.217046 | G13: =(input!B13+'utility rates'!$M37)/Sudbury!G12 -> 21.62454 | H13: =(input!B14+'utility rates'!$N37)/Sudbury!H12 -> 19.828287 | L13: 2028 | M13: =M12+M$8*(1+input!$B$8)^($L13-2024) -> 7652.2944 | N13: =N12+N$8*(1+input!$B$8)^($L13-2024) -> -18956.901 | O13: =O12+O$8*(1+input!$B$8)^($L13-2024) -> -23296.415 | P13: =P12+P$8*(1+input!$B$8)^($L13-2024) -> -27526.328 | Q13: =Q12+Q$8*(1+input!$B$8)^($L13-2024) -> #VALUE! | R13: =R12+R$8*(1+input!$B$8)^($L13-2024) -> #VALUE! | S13: =S12+S$8*(1+input!$B$8)^($L13-2024) -> #VALUE! | T13: =T12+T$8*(1+input!$B$8)^($L13-2024) -> -18917.279 | ... Y13: =Y12+Y$8*(1+input!$B$8)^($L13-2024) -> -28936.464
A14: payback (with grant) | F14: =(input!B12+'utility rates'!$L37-5000)/Sudbury!F12 -> 18.683058 | G14: =(input!B13+'utility rates'!$M37-5000)/Sudbury!G12 -> 17.268548 | H14: =(input!B14+'utility rates'!$N37-5000)/Sudbury!H12 -> 16.561293 | L14: 2029 | M14: =M13+M$8*(1+input!$B$8)^($L14-2024) -> 9182.7533 | N14: =N13+N$8*(1+input!$B$8)^($L14-2024) -> -18199.597 | O14: =O13+O$8*(1+input!$B$8)^($L14-2024) -> -22160.457 | P14: =P13+P$8*(1+input!$B$8)^($L14-2024) -> -26011.718 | Q14: =Q13+Q$8*(1+input!$B$8)^($L14-2024) -> #VALUE! | R14: =R13+R$8*(1+input!$B$8)^($L14-2024) -> #VALUE! | S14: =S13+S$8*(1+input!$B$8)^($L14-2024) -> #VALUE! | T14: =T13+T$8*(1+input!$B$8)^($L14-2024) -> -18152.05 | ... Y14: =Y13+Y$8*(1+input!$B$8)^($L14-2024) -> -27703.881
L15: 2030 | M15: =M14+M$8*(1+input!$B$8)^($L15-2024) -> 10713.212 | N15: =N14+N$8*(1+input!$B$8)^($L15-2024) -> -17442.292 | O15: =O14+O$8*(1+input!$B$8)^($L15-2024) -> -21024.5 | P15: =P14+P$8*(1+input!$B$8)^($L15-2024) -> -24497.108 | Q15: =Q14+Q$8*(1+input!$B$8)^($L15-2024) -> #VALUE! | R15: =R14+R$8*(1+input!$B$8)^($L15-2024) -> #VALUE! | S15: =S14+S$8*(1+input!$B$8)^($L15-2024) -> #VALUE! | T15: =T14+T$8*(1+input!$B$8)^($L15-2024) -> -17386.82 | ... Y15: =Y14+Y$8*(1+input!$B$8)^($L15-2024) -> -26471.299
A16: TOU | L16: 2031 | M16: =M15+M$8*(1+input!$B$8)^($L16-2024) -> 12243.671 | N16: =N15+N$8*(1+input!$B$8)^($L16-2024) -> -16684.987 | O16: =O15+O$8*(1+input!$B$8)^($L16-2024) -> -19888.542 | P16: =P15+P$8*(1+input!$B$8)^($L16-2024) -> -22982.498 | Q16: =Q15+Q$8*(1+input!$B$8)^($L16-2024) -> #VALUE! | R16: =R15+R$8*(1+input!$B$8)^($L16-2024) -> #VALUE! | S16: =S15+S$8*(1+input!$B$8)^($L16-2024) -> #VALUE! | T16: =T15+T$8*(1+input!$B$8)^($L16-2024) -> -16621.591 | ... Y16: =Y15+Y$8*(1+input!$B$8)^($L16-2024) -> -25238.716
L17: 2032 | M17: =M16+M$8*(1+input!$B$8)^($L17-2024) -> 13774.13 | N17: =N16+N$8*(1+input!$B$8)^($L17-2024) -> -15927.682 | O17: =O16+O$8*(1+input!$B$8)^($L17-2024) -> -18752.585 | P17: =P16+P$8*(1+input!$B$8)^($L17-2024) -> -21467.888 | Q17: =Q16+Q$8*(1+input!$B$8)^($L17-2024) -> #VALUE! | R17: =R16+R$8*(1+input!$B$8)^($L17-2024) -> #VALUE! | S17: =S16+S$8*(1+input!$B$8)^($L17-2024) -> #VALUE! | T17: =T16+T$8*(1+input!$B$8)^($L17-2024) -> -15856.361 | ... Y17: =Y16+Y$8*(1+input!$B$8)^($L17-2024) -> -24006.133
A18: on-peak summer | B18: ='utility rates'!R23 -> 0.18421906 | C18: 406.70845 | D18: =C18/C$25 -> 0.32261562 | E18: =D18*'kWh per yr'!E$22 -> 341.32733 | F18: =$E18*F$3*$B18 -> 314.395 | G18: =$E18*G$3*$B18 -> 471.5925 | H18: =$E18*H$3*$B18 -> 628.79 | L18: 2033 | M18: =M17+M$8*(1+input!$B$8)^($L18-2024) -> 15304.589 | N18: =N17+N$8*(1+input!$B$8)^($L18-2024) -> -15170.377 | O18: =O17+O$8*(1+input!$B$8)^($L18-2024) -> -17616.627 | P18: =P17+P$8*(1+input!$B$8)^($L18-2024) -> -19953.278 | Q18: =Q17+Q$8*(1+input!$B$8)^($L18-2024) -> #VALUE! | R18: =R17+R$8*(1+input!$B$8)^($L18-2024) -> #VALUE! | S18: =S17+S$8*(1+input!$B$8)^($L18-2024) -> #VALUE! | T18: =T17+T$8*(1+input!$B$8)^($L18-2024) -> -15091.132 | ... Y18: =Y17+Y$8*(1+input!$B$8)^($L18-2024) -> -22773.55
